Workbook
Name AnticipoM1: POA!$E$3
Name AnticipoM2: POA!#REF!
Name AnticipoM3: POA!#REF!
Name AnticipoM4: POA!#REF!
Name AnticipoM5: POA!#REF!
Name lnkReplyLink_0_7: RESUMEN!$B$11
Name prueba: #REF!
Name SALACTUAL: SMMLV!$B$3
Name SALANTERIOR: SMMLV!$B$2

Sheet POA
B2: Modulo | C2: PO | D2: PLAZO | E2: ANTICIPO | F2: SMMLV | G2: Capital de Trabajo Demandado
B3: 1 | C3: 3031202957 | D3: 5 | E3: =+POA[[#This Row],[PO]]*0.2 -> 6.0624059e+08 | F3: =C3/1300000 -> 2331.6946 | G3: =IF(OR(C3="",D3=""),"",IF(POA[[#This Row],[PLAZO]]>=12,(POA[[#This Row],[PO]]/POA[[#This Row],[PLAZO]])*3,IF(POA[[#This Row],[SMMLV]]<=5000,10%*POA[[#This Row],[PO]],IF(AND(POA[[#This Row],[SMMLV]]>=5001,POA[[#This Row],[SMMLV]]<=10000),POA[[#This Row],[PO]]*20%,POA[[#This Row],[PO]]*30%)))) -> 3.031203e+08
B4: 2 | C4: 1797292893 | D4: 5 | E4: =+POA[[#This Row],[PO]]*0.2 -> 3.5945858e+08 | F4: =C4/1300000 -> 1382.533 | G4: =IF(OR(C4="",D4=""),"",IF(POA[[#This Row],[PLAZO]]>=12,(POA[[#This Row],[PO]]/POA[[#This Row],[PLAZO]])*3,IF(POA[[#This Row],[SMMLV]]<=5000,10%*POA[[#This Row],[PO]],IF(AND(POA[[#This Row],[SMMLV]]>=5001,POA[[#This Row],[SMMLV]]<=10000),POA[[#This Row],[PO]]*20%,POA[[#This Row],[PO]]*30%)))) -> 1.7972929e+08
B5: 3 | C5: 1522205504 | D5: 5 | E5: =+POA[[#This Row],[PO]]*0.2 -> 3.044411e+08 | F5: =C5/1300000 -> 1170.9273 | G5: =IF(OR(C5="",D5=""),"",IF(POA[[#This Row],[PLAZO]]>=12,(POA[[#This Row],[PO]]/POA[[#This Row],[PLAZO]])*3,IF(POA[[#This Row],[SMMLV]]<=5000,10%*POA[[#This Row],[PO]],IF(AND(POA[[#This Row],[SMMLV]]>=5001,POA[[#This Row],[SMMLV]]<=10000),POA[[#This Row],[PO]]*20%,POA[[#This Row],[PO]]*30%)))) -> 1.5222055e+08
B6: 4 | C6: 1378467964 | D6: 5 | E6: =+POA[[#This Row],[PO]]*0.2 -> 2.7569359e+08 | F6: =C6/1300000 -> 1060.36 | G6: =IF(OR(C6="",D6=""),"",IF(POA[[#This Row],[PLAZO]]>=12,(POA[[#This Row],[PO]]/POA[[#This Row],[PLAZO]])*3,IF(POA[[#This Row],[SMMLV]]<=5000,10%*POA[[#This Row],[PO]],IF(AND(POA[[#This Row],[SMMLV]]>=5001,POA[[#This Row],[SMMLV]]<=10000),POA[[#This Row],[PO]]*20%,POA[[#This Row],[PO]]*30%)))) -> 1.378468e+08
B7: 5 | C7: 1348402734 | D7: 5 | E7: =+POA[[#This Row],[PO]]*0.2 -> 2.6968055e+08 | F7: =C7/1300000 -> 1037.2329 | G7: =IF(OR(C7="",D7=""),"",IF(POA[[#This Row],[PLAZO]]>=12,(POA[[#This Row],[PO]]/POA[[#This Row],[PLAZO]])*3,IF(POA[[#This Row],[SMMLV]]<=5000,10%*POA[[#This Row],[PO]],IF(AND(POA[[#This Row],[SMMLV]]>=5001,POA[[#This Row],[SMMLV]]<=10000),POA[[#This Row],[PO]]*20%,POA[[#This Row],[PO]]*30%)))) -> 1.3484027e+08
B8: 6 | C8: 1264100957 | D8: 5 | E8: =+POA[[#This Row],[PO]]*0.2 -> 2.5282019e+08 | F8: =C8/1300000 -> 972.38535 | G8: =IF(OR(C8="",D8=""),"",IF(POA[[#This Row],[PLAZO]]>=12,(POA[[#This Row],[PO]]/POA[[#This Row],[PLAZO]])*3,IF(POA[[#This Row],[SMMLV]]<=5000,10%*POA[[#This Row],[PO]],IF(AND(POA[[#This Row],[SMMLV]]>=5001,POA[[#This Row],[SMMLV]]<=10000),POA[[#This Row],[PO]]*20%,POA[[#This Row],[PO]]*30%)))) -> 1.264101e+08
B9: 7 | C9: 1167015102 | D9: 5 | E9: =+POA[[#This Row],[PO]]*0.2 -> 2.3340302e+08 | F9: =C9/1300000 -> 897.70392 | G9: =IF(OR(C9="",D9=""),"",IF(POA[[#This Row],[PLAZO]]>=12,(POA[[#This Row],[PO]]/POA[[#This Row],[PLAZO]])*3,IF(POA[[#This Row],[SMMLV]]<=5000,10%*POA[[#This Row],[PO]],IF(AND(POA[[#This Row],[SMMLV]]>=5001,POA[[#This Row],[SMMLV]]<=10000),POA[[#This Row],[PO]]*20%,POA[[#This Row],[PO]]*30%)))) -> 1.1670151e+08
B10: 8 | C10: 1146992897 | D10: 5 | E10: =+POA[[#This Row],[PO]]*0.2 -> 2.2939858e+08 | F10: =C10/1300000 -> 882.30223 | G10: =IF(OR(C10="",D10=""),"",IF(POA[[#This Row],[PLAZO]]>=12,(POA[[#This Row],[PO]]/POA[[#This Row],[PLAZO]])*3,IF(POA[[#This Row],[SMMLV]]<=5000,10%*POA[[#This Row],[PO]],IF(AND(POA[[#This Row],[SMMLV]]>=5001,POA[[#This Row],[SMMLV]]<=10000),POA[[#This Row],[PO]]*20%,POA[[#This Row],[PO]]*30%)))) -> 1.1469929e+08
B11: 9 | C11: 1077361989 | D11: 5 | E11: =+POA[[#This Row],[PO]]*0.2 -> 2.154724e+08 | F11: =C11/1300000 -> 828.73999 | G11: =IF(OR(C11="",D11=""),"",IF(POA[[#This Row],[PLAZO]]>=12,(POA[[#This Row],[PO]]/POA[[#This Row],[PLAZO]])*3,IF(POA[[#This Row],[SMMLV]]<=5000,10%*POA[[#This Row],[PO]],IF(AND(POA[[#This Row],[SMMLV]]>=5001,POA[[#This Row],[SMMLV]]<=10000),POA[[#This Row],[PO]]*20%,POA[[#This Row],[PO]]*30%)))) -> 1.077362e+08

Sheet Capacidad Financiera
AI1: 80-180-200
B3: 1 | D3: =IF(SUM(D4:D12)=0,"",SUM(D4:D12)) | E3: =IF(ISERROR(SUM(E4:E12)),"",SUM(E4:E12)) -> 0 | F3: =IF(ISERROR(SUM(F4:F12)),"",SUM(F4:F12)) -> 1 | G3: =IF(ISERROR(SUM(G4:G12)),"",SUM(G4:G12)) -> 0 | H3: =IF(ISERROR(SUM(H4:H12)),"",SUM(H4:H12)) -> 0 | I3: =IF(ISERROR(SUM(I4:I12)),"",SUM(I4:I12)) -> 6.0624059e+08 | J3: =IF(ISERROR(SUM(J4:J12)),"",SUM(J4:J12)) -> 1 | K3: =IF(ISERROR(SUM(K4:K12)),"",SUM(K4:K12)) -> 0 | L3: =IF(ISERROR(SUM(L4:L12)),"",SUM(L4:L12)) -> 0 | M3: 1 | N3: 6 | P3: =+SUM(P4:P12) -> 0 | Q3: =IF(ISERROR(VLOOKUP(M3,POA!$B$3:$G$4,2,0)),"",VLOOKUP(M3,POA!$B$3:$G$4,2,0)) -> 3031202957 | R3: =SUM($I3)+IF(ISERROR(VLOOKUP(M3,POA!$B$3:$G$4,4,0)),"",VLOOKUP(M3,POA!$B$3:$G$4,4,0)) -> 1.2124812e+09 | S3: =IF(OR(R3=0,M3="",Q3=""),"",IF(R3>=VLOOKUP(M3,POA!$B$3:$G$4,7,FALSE),"CUMPLE","NO CUMPLE")) -> #REF! | T3: =IF(COUNTIFS(T4:T12,"SI",D4:D12,">=10%")>0,"SI","NO") -> NO | U3: =IF(ISERROR(SUM(E3/G3)),0,SUM(E3/G3)) -> 0 | V3: =IF(OR(U3=0,M3="",Q3=""),"",IF(AND(T3="SI",U3>=$V$22),"CUMPLE",IF(U3>=$V$23,"CUMPLE","NO CUMPLE"))) | W3: =IF(ISERROR(SUM(H3/F3)),0,SUM(H3/F3)) -> 0 | X3: =IF(OR(W3=0,M3="",Q3=""),"",IF(AND(T3="SI",W3<=$X$22),"CUMPLE",IF(W3>=$X$23,"CUMPLE","NO CUMPLE"))) | Y3: =IF(ISERROR(SUM(K3/L3)),0,SUM(K3/L3)) -> 0 | Z3: =IF(OR(Y3=0,M3="",Q3=""),"",IF(AND(T3="SI",Y3>=$Z$22),"CUMPLE",IF(Y3>=$Z$23,"CUMPLE","NO CUMPLE"))) | AA3: =IF(OR(S3="",V3="",X3="",Z3=""),"",IF(S3="NO CUMPLE","NO CUMPLE",IF(V3="NO CUMPLE","NO CUMPLE",IF(X3="NO CUMPLE","NO CUMPLE",IF(Z3="NO CUMPLE","NO CUMPLE",IF(Z3="NO CUMPLE","NO CUMPLE","CUMPLE")))))) -> #REF! | AB3: 2021 | AC3: =IF(ISERROR(F3/VLOOKUP(AB3,$AC$21:$AD$23,2)),"",F3/VLOOKUP(AB3,$AC$21:$AD$23,2)) -> 1.100684e-06 | AD3: =IF(OR(B3="",C3=""),"",IF(AND(AC3>0,AC3<=30000),"MIPYME","NO CUMPLE")) | AE3: =IF(ISERROR(SUM(K3/J3)),0,SUM(K3/J3)) -> 0 | AF3: =IF(OR(L3="",P3=""),"",IF(AND(T3="SI",AE3>=$AF$22),"CUMPLE",IF(AE3>=$AF$23,"CUMPLE","NO CUMPLE"))) -> NO CUMPLE | AG3: =IF(ISERROR(SUM(K3/F3)),0,SUM(K3/F3)) -> 0 | AH3: =IF(OR(L3="",P3=""),"",IF(AND(T3="SI",AG3>=$AH$22),"CUMPLE",IF(AG3>=$AH$23,"CUMPLE","NO CUMPLE"))) -> NO CUMPLE | AI3: =IF(OR(AF3="",AH3=""),"",IF(AF3="NO CUMPLE","NO CUMPLE",IF(AH3="NO CUMPLE","NO CUMPLE",IF(AH3="NO CUMPLE","NO CUMPLE","CUMPLE")))) -> NO CUMPLE
B4: =IF(C4="","",B3+0.1) | E4: =IF(ISERROR(VLOOKUP(C4,#REF!,2,0)),0,VLOOKUP(C4,#REF!,2,0)) -> 0 | F4: =IF(ISERROR(VLOOKUP(C4,#REF!,3,0)),0,VLOOKUP(C4,#REF!,3,0)) -> 0 | G4: =IF(ISERROR(VLOOKUP(C4,#REF!,4,0)),0,VLOOKUP(C4,#REF!,4,0)) -> 0 | H4: =IF(ISERROR(VLOOKUP(C4,#REF!,5,0)),0,VLOOKUP(C4,#REF!,5,0)) -> 0 | I4: =IF(ISERROR(E4-G4),"",E4-G4)+AnticipoM1 -> 6.0624059e+08 | J4: =IF(ISERROR(F4-H4),"",F4-H4) -> 0 | K4: =IF(ISERROR(VLOOKUP(C4,#REF!,6,0)),0,VLOOKUP(C4,#REF!,6,0)) -> 0 | L4: =IF(ISERROR(VLOOKUP(C4,#REF!,7,0)),0,VLOOKUP(C4,#REF!,7,0)) -> 0 | Q4: =IF(ISERROR(VLOOKUP(M4,POA!$B$3:$G$4,2,0)),"",VLOOKUP(M4,POA!$B$3:$G$4,2,0)) | R4: =IF(M4="","",SUM($I4)+IF(ISERROR(VLOOKUP(M4,POA!$B$3:$G$7,4,0)),"",VLOOKUP(M4,POA!$B$3:$G$7,4,0))) | S4: =IF(OR(R4=0,M4="",Q4=""),"",IF(R4>=VLOOKUP(M4,POA!$B$3:$G$4,8,FALSE),"CUMPLE","NO CUMPLE")) | V4: =IF(OR(U3=0,M4="",Q4=""),"",IF(AND(T4="SI",U3>=$V$22),"CUMPLE",IF(U3>=$V$23,"CUMPLE","NO CUMPLE"))) | X4: =IF(OR(W3=0,M4="",Q4=""),"",IF(AND(T4="SI",W3<=$X$22),"CUMPLE",IF(W3>=$X$23,"CUMPLE","NO CUMPLE"))) | Z4: =IF(OR(Y3=0,M4="",Q4=""),"",IF(AND(T4="SI",Y3>=$Z$22),"CUMPLE",IF(Y3>=$Z$23,"CUMPLE","NO CUMPLE"))) | AB4: 2021 | AC4: =IF(ISERROR(F4/VLOOKUP(AB4,$AC$21:$AD$23,2)),"",F4/VLOOKUP(AB4,$AC$21:$AD$23,2)) -> 0 | AD4: =IF(OR(B4="",C4=""),"",IF(AND(AC4>0,AC4<=30000),"MIPYME","NO CUMPLE")) | AF4: =IF(OR(L4="",P4=""),"",IF(AND(T4="SI",AE3>=$AF$22),"CUMPLE",IF(AE3>=$AF$23,"CUMPLE","NO CUMPLE"))) | AH4: =IF(OR(L4="",P4=""),"",IF(AND(T4="SI",AG3>=$AH$22),"CUMPLE",IF(AG3>=$AH$23,"CUMPLE","NO CUMPLE"))) | AI4: =IF(OR(AF4="",AH4=""),"",IF(AF4="NO CUMPLE","NO CUMPLE",IF(AH4="NO CUMPLE","NO CUMPLE",IF(AH4="NO CUMPLE","NO CUMPLE","CUMPLE"))))
B5: =IF(C5="","",B4+0.1) | E5: =IF(ISERROR(VLOOKUP(C5,#REF!,2,0)),0,VLOOKUP(C5,#REF!,2,0)) -> 0 | F5: 1 | G5: =IF(ISERROR(VLOOKUP(C5,#REF!,4,0)),0,VLOOKUP(C5,#REF!,4,0)) -> 0 | H5: =IF(ISERROR(VLOOKUP(C5,#REF!,5,0)),0,VLOOKUP(C5,#REF!,5,0)) -> 0 | I5: =IF(ISERROR(E5-G5),"",E5-G5) -> 0 | J5: =IF(ISERROR(F5-H5),"",F5-H5) -> 1 | K5: =IF(ISERROR(VLOOKUP(C5,#REF!,6,0)),0,VLOOKUP(C5,#REF!,6,0)) -> 0 | L5: =IF(ISERROR(VLOOKUP(C5,#REF!,7,0)),0,VLOOKUP(C5,#REF!,7,0)) -> 0 | Q5: =IF(ISERROR(VLOOKUP(M5,POA!$B$3:$G$4,2,0)),"",VLOOKUP(M5,POA!$B$3:$G$4,2,0)) | R5: =IF(M5="","",SUM($I5)+IF(ISERROR(VLOOKUP(M5,POA!$B$3:$G$7,4,0)),"",VLOOKUP(M5,POA!$B$3:$G$7,4,0))) | S5: =IF(OR(R5=0,M5="",Q5=""),"",IF(R5>=VLOOKUP(M5,POA!$B$3:$G$4,8,FALSE),"CUMPLE","NO CUMPLE")) | V5: =IF(OR(U3=0,M5="",Q5=""),"",IF(AND(T5="SI",U3>=$V$22),"CUMPLE",IF(U3>=$V$23,"CUMPLE","NO CUMPLE"))) | X5: =IF(OR(W3=0,M5="",Q5=""),"",IF(AND(T5="SI",W3<=$X$22),"CUMPLE",IF(W3>=$X$23,"CUMPLE","NO CUMPLE"))) | Z5: =IF(OR(Y3=0,M5="",Q5=""),"",IF(AND(T5="SI",Y3>=$Z$22),"CUMPLE",IF(Y3>=$Z$23,"CUMPLE","NO CUMPLE"))) | AB5: 2021 | AC5: =IF(ISERROR(F5/VLOOKUP(AB5,$AC$21:$AD$23,2)),"",F5/VLOOKUP(AB5,$AC$21:$AD$23,2)) -> 1.100684e-06 | AD5: =IF(OR(B5="",C5=""),"",IF(AND(AC5>0,AC5<=30000),"MIPYME","NO CUMPLE")) | AF5: =IF(OR(L5="",P5=""),"",IF(AND(T5="SI",AE3>=$AF$22),"CUMPLE",IF(AE3>=$AF$23,"CUMPLE","NO CUMPLE"))) | AH5: =IF(OR(L5="",P5=""),"",IF(AND(T5="SI",AG3>=$AH$22),"CUMPLE",IF(AG3>=$AH$23,"CUMPLE","NO CUMPLE"))) | AI5: =IF(OR(AF5="",AH5=""),"",IF(AF5="NO CUMPLE","NO CUMPLE",IF(AH5="NO CUMPLE","NO CUMPLE",IF(AH5="NO CUMPLE","NO CUMPLE","CUMPLE"))))
B6: =IF(C6="","",B5+0.1) | E6: =IF(ISERROR(VLOOKUP(C6,#REF!,2,0)),0,VLOOKUP(C6,#REF!,2,0)) -> 0 | F6: =IF(ISERROR(VLOOKUP(C6,#REF!,3,0)),0,VLOOKUP(C6,#REF!,3,0)) -> 0 | G6: =IF(ISERROR(VLOOKUP(C6,#REF!,4,0)),0,VLOOKUP(C6,#REF!,4,0)) -> 0 | H6: =IF(ISERROR(VLOOKUP(C6,#REF!,5,0)),0,VLOOKUP(C6,#REF!,5,0)) -> 0 | I6: =IF(ISERROR(E6-G6),"",E6-G6) -> 0 | J6: =IF(ISERROR(F6-H6),"",F6-H6) -> 0 | K6: =IF(ISERROR(VLOOKUP(C6,#REF!,6,0)),0,VLOOKUP(C6,#REF!,6,0)) -> 0 | L6: =IF(ISERROR(VLOOKUP(C6,#REF!,7,0)),0,VLOOKUP(C6,#REF!,7,0)) -> 0 | Q6: =IF(ISERROR(VLOOKUP(M6,POA!$B$3:$G$4,2,0)),"",VLOOKUP(M6,POA!$B$3:$G$4,2,0)) | R6: =IF(M6="","",SUM($I6)+IF(ISERROR(VLOOKUP(M6,POA!$B$3:$G$7,4,0)),"",VLOOKUP(M6,POA!$B$3:$G$7,4,0))) | S6: =IF(OR(R6=0,M6="",Q6=""),"",IF(R6>=VLOOKUP(M6,POA!$B$3:$G$4,8,FALSE),"CUMPLE","NO CUMPLE")) | V6: =IF(OR(U6=0,M6="",Q6=""),"",IF(AND(T6="SI",U6>=$V$22),"CUMPLE",IF(U6>=$V$23,"CUMPLE","NO CUMPLE"))) | X6: =IF(OR(W3=0,M6="",Q6=""),"",IF(AND(T6="SI",W3<=$X$22),"CUMPLE",IF(W3>=$X$23,"CUMPLE","NO CUMPLE"))) | Z6: =IF(OR(Y3=0,M6="",Q6=""),"",IF(AND(T6="SI",Y3>=$Z$22),"CUMPLE",IF(Y3>=$Z$23,"CUMPLE","NO CUMPLE"))) | AB6: 2021 | AC6: =IF(ISERROR(F6/VLOOKUP(AB6,$AC$21:$AD$23,2)),"",F6/VLOOKUP(AB6,$AC$21:$AD$23,2)) -> 0 | AD6: =IF(OR(B6="",C6=""),"",IF(AND(AC6>0,AC6<=30000),"MIPYME","NO CUMPLE")) | AF6: =IF(OR(L6="",P6=""),"",IF(AND(T6="SI",AE3>=$AF$22),"CUMPLE",IF(AE3>=$AF$23,"CUMPLE","NO CUMPLE"))) | AH6: =IF(OR(L6="",P6=""),"",IF(AND(T6="SI",AG3>=$AH$22),"CUMPLE",IF(AG3>=$AH$23,"CUMPLE","NO CUMPLE")))
B7: =IF(C7="","",B6+0.1) | E7: =IF(ISERROR(VLOOKUP(C7,#REF!,2,0)),0,VLOOKUP(C7,#REF!,2,0)) -> 0 | F7: =IF(ISERROR(VLOOKUP(C7,#REF!,3,0)),0,VLOOKUP(C7,#REF!,3,0)) -> 0 | G7: =IF(ISERROR(VLOOKUP(C7,#REF!,4,0)),0,VLOOKUP(C7,#REF!,4,0)) -> 0 | H7: =IF(ISERROR(VLOOKUP(C7,#REF!,5,0)),0,VLOOKUP(C7,#REF!,5,0)) -> 0 | I7: =IF(ISERROR(E7-G7),"",E7-G7) -> 0 | J7: =IF(ISERROR(F7-H7),"",F7-H7) -> 0 | K7: =IF(ISERROR(VLOOKUP(C7,#REF!,6,0)),0,VLOOKUP(C7,#REF!,6,0)) -> 0 | L7: =IF(ISERROR(VLOOKUP(C7,#REF!,7,0)),0,VLOOKUP(C7,#REF!,7,0)) -> 0 | Q7: =IF(ISERROR(VLOOKUP(M7,POA!$B$3:$G$4,2,0)),"",VLOOKUP(M7,POA!$B$3:$G$4,2,0)) | R7: =IF(M7="","",SUM($I7)+IF(ISERROR(VLOOKUP(M7,POA!$B$3:$G$7,4,0)),"",VLOOKUP(M7,POA!$B$3:$G$7,4,0))) | S7: =IF(OR(R7=0,M7="",Q7=""),"",IF(R7>=VLOOKUP(M7,POA!$B$3:$G$4,8,FALSE),"CUMPLE","NO CUMPLE")) | V7: =IF(OR(U4=0,M7="",Q7=""),"",IF(AND(T7="SI",U4>=$V$22),"CUMPLE",IF(U4>=$V$23,"CUMPLE","NO CUMPLE"))) | X7: =IF(OR(W3=0,M7="",Q7=""),"",IF(AND(T7="SI",W3<=$X$22),"CUMPLE",IF(W3>=$X$23,"CUMPLE","NO CUMPLE"))) | Z7: =IF(OR(Y3=0,M7="",Q7=""),"",IF(AND(T7="SI",Y3>=$Z$22),"CUMPLE",IF(Y3>=$Z$23,"CUMPLE","NO CUMPLE"))) | AB7: 2021 | AC7: =IF(ISERROR(F7/VLOOKUP(AB7,$AC$21:$AD$23,2)),"",F7/VLOOKUP(AB7,$AC$21:$AD$23,2)) -> 0 | AD7: =IF(OR(B7="",C7=""),"",IF(AND(AC7>0,AC7<=30000),"MIPYME","NO CUMPLE")) | AF7: =IF(OR(L7="",P7=""),"",IF(AND(T7="SI",AE3>=$AF$22),"CUMPLE",IF(AE3>=$AF$23,"CUMPLE","NO CUMPLE"))) | AH7: =IF(OR(L7="",P7=""),"",IF(AND(T7="SI",AG3>=$AH$22),"CUMPLE",IF(AG3>=$AH$23,"CUMPLE","NO CUMPLE")))
B8: =IF(C8="","",B7+0.1) | E8: =IF(ISERROR(VLOOKUP(C8,#REF!,2,0)),0,VLOOKUP(C8,#REF!,2,0)) -> 0 | F8: =IF(ISERROR(VLOOKUP(C8,#REF!,3,0)),0,VLOOKUP(C8,#REF!,3,0)) -> 0 | G8: =IF(ISERROR(VLOOKUP(C8,#REF!,4,0)),0,VLOOKUP(C8,#REF!,4,0)) -> 0 | H8: =IF(ISERROR(VLOOKUP(C8,#REF!,5,0)),0,VLOOKUP(C8,#REF!,5,0)) -> 0 | I8: =IF(ISERROR(E8-G8),"",E8-G8) -> 0 | J8: =IF(ISERROR(F8-H8),"",F8-H8) -> 0 | K8: =IF(ISERROR(VLOOKUP(C8,#REF!,6,0)),0,VLOOKUP(C8,#REF!,6,0)) -> 0 | L8: =IF(ISERROR(VLOOKUP(C8,#REF!,7,0)),0,VLOOKUP(C8,#REF!,7,0)) -> 0 | Q8: =IF(ISERROR(VLOOKUP(M8,POA!$B$3:$G$4,2,0)),"",VLOOKUP(M8,POA!$B$3:$G$4,2,0)) | R8: =IF(M8="","",SUM($I8)+IF(ISERROR(VLOOKUP(M8,POA!$B$3:$G$7,4,0)),"",VLOOKUP(M8,POA!$B$3:$G$7,4,0))) | S8: =IF(OR(R8=0,M8="",Q8=""),"",IF(R8>=VLOOKUP(M8,POA!$B$3:$G$4,8,FALSE),"CUMPLE","NO CUMPLE")) | V8: =IF(OR(U3=0,M8="",Q8=""),"",IF(AND(T8="SI",U3>=$V$22),"CUMPLE",IF(U3>=$V$23,"CUMPLE","NO CUMPLE"))) | X8: =IF(OR(W3=0,M8="",Q8=""),"",IF(AND(T8="SI",W3<=$X$22),"CUMPLE",IF(W3>=$X$23,"CUMPLE","NO CUMPLE"))) | Z8: =IF(OR(Y3=0,M8="",Q8=""),"",IF(AND(T8="SI",Y3>=$Z$22),"CUMPLE",IF(Y3>=$Z$23,"CUMPLE","NO CUMPLE"))) | AB8: 2021 | AC8: =IF(ISERROR(F8/VLOOKUP(AB8,$AC$21:$AD$23,2)),"",F8/VLOOKUP(AB8,$AC$21:$AD$23,2)) -> 0 | AD8: =IF(OR(B8="",C8=""),"",IF(AND(AC8>0,AC8<=30000),"MIPYME","NO CUMPLE")) | AF8: =IF(OR(L8="",P8=""),"",IF(AND(T8="SI",AE3>=$AF$22),"CUMPLE",IF(AE3>=$AF$23,"CUMPLE","NO CUMPLE"))) | AH8: =IF(OR(L8="",P8=""),"",IF(AND(T8="SI",AG3>=$AH$22),"CUMPLE",IF(AG3>=$AH$23,"CUMPLE","NO CUMPLE")))
B9: =IF(C9="","",B8+0.1) | E9: =IF(ISERROR(VLOOKUP(C9,#REF!,2,0)),0,VLOOKUP(C9,#REF!,2,0)) -> 0 | F9: =IF(ISERROR(VLOOKUP(C9,#REF!,3,0)),0,VLOOKUP(C9,#REF!,3,0)) -> 0 | G9: =IF(ISERROR(VLOOKUP(C9,#REF!,4,0)),0,VLOOKUP(C9,#REF!,4,0)) -> 0 | H9: =IF(ISERROR(VLOOKUP(C9,#REF!,5,0)),0,VLOOKUP(C9,#REF!,5,0)) -> 0 | I9: =IF(ISERROR(E9-G9),"",E9-G9) -> 0 | J9: =IF(ISERROR(F9-H9),"",F9-H9) -> 0 | K9: =IF(ISERROR(VLOOKUP(C9,#REF!,6,0)),0,VLOOKUP(C9,#REF!,6,0)) -> 0 | L9: =IF(ISERROR(VLOOKUP(C9,#REF!,7,0)),0,VLOOKUP(C9,#REF!,7,0)) -> 0 | Q9: =IF(ISERROR(VLOOKUP(M9,POA!$B$3:$G$4,2,0)),"",VLOOKUP(M9,POA!$B$3:$G$4,2,0)) | R9: =IF(M9="","",SUM($I9)+IF(ISERROR(VLOOKUP(M9,POA!$B$3:$G$7,4,0)),"",VLOOKUP(M9,POA!$B$3:$G$7,4,0))) | S9: =IF(OR(R9=0,M9="",Q9=""),"",IF(R9>=VLOOKUP(M9,POA!$B$3:$G$4,8,FALSE),"CUMPLE","NO CUMPLE")) | V9: =IF(OR(U3=0,M9="",Q9=""),"",IF(AND(T9="SI",U3>=$V$22),"CUMPLE",IF(U3>=$V$23,"CUMPLE","NO CUMPLE"))) | X9: =IF(OR(W3=0,M9="",Q9=""),"",IF(AND(T9="SI",W3<=$X$22),"CUMPLE",IF(W3>=$X$23,"CUMPLE","NO CUMPLE"))) | Z9: =IF(OR(Y3=0,M9="",Q9=""),"",IF(AND(T9="SI",Y3>=$Z$22),"CUMPLE",IF(Y3>=$Z$23,"CUMPLE","NO CUMPLE"))) | AB9: 2021 | AC9: =IF(ISERROR(F9/VLOOKUP(AB9,$AC$21:$AD$23,2)),"",F9/VLOOKUP(AB9,$AC$21:$AD$23,2)) -> 0 | AD9: =IF(OR(B9="",C9=""),"",IF(AND(AC9>0,AC9<=30000),"MIPYME","NO CUMPLE")) | AF9: =IF(OR(L9="",P9=""),"",IF(AND(T9="SI",AE3>=$AF$22),"CUMPLE",IF(AE3>=$AF$23,"CUMPLE","NO CUMPLE"))) | AH9: =IF(OR(L9="",P9=""),"",IF(AND(T9="SI",AG3>=$AH$22),"CUMPLE",IF(AG3>=$AH$23,"CUMPLE","NO CUMPLE")))
B10: =IF(C10="","",B9+0.1) | E10: =IF(ISERROR(VLOOKUP(C10,#REF!,2,0)),0,VLOOKUP(C10,#REF!,2,0)) -> 0 | F10: =IF(ISERROR(VLOOKUP(C10,#REF!,3,0)),0,VLOOKUP(C10,#REF!,3,0)) -> 0 | G10: =IF(ISERROR(VLOOKUP(C10,#REF!,4,0)),0,VLOOKUP(C10,#REF!,4,0)) -> 0 | H10: =IF(ISERROR(VLOOKUP(C10,#REF!,5,0)),0,VLOOKUP(C10,#REF!,5,0)) -> 0 | I10: =IF(ISERROR(E10-G10),"",E10-G10) -> 0 | J10: =IF(ISERROR(F10-H10),"",F10-H10) -> 0 | K10: =IF(ISERROR(VLOOKUP(C10,#REF!,6,0)),0,VLOOKUP(C10,#REF!,6,0)) -> 0 | L10: =IF(ISERROR(VLOOKUP(C10,#REF!,7,0)),0,VLOOKUP(C10,#REF!,7,0)) -> 0 | Q10: =IF(ISERROR(VLOOKUP(M10,POA!$B$3:$G$4,2,0)),"",VLOOKUP(M10,POA!$B$3:$G$4,2,0)) | R10: =IF(M10="","",SUM($I10)+IF(ISERROR(VLOOKUP(M10,POA!$B$3:$G$7,4,0)),"",VLOOKUP(M10,POA!$B$3:$G$7,4,0))) | S10: =IF(OR(R10=0,M10="",Q10=""),"",IF(R10>=VLOOKUP(M10,POA!$B$3:$G$4,8,FALSE),"CUMPLE","NO CUMPLE")) | V10: =IF(OR(U3=0,M10="",Q10=""),"",IF(AND(T10="SI",U3>=$V$22),"CUMPLE",IF(U3>=$V$23,"CUMPLE","NO CUMPLE"))) | X10: =IF(OR(W3=0,M10="",Q10=""),"",IF(AND(T10="SI",W3<=$X$22),"CUMPLE",IF(W3>=$X$23,"CUMPLE","NO CUMPLE"))) | Z10: =IF(OR(Y4=0,M10="",Q10=""),"",IF(AND(T10="SI",Y4>=$Z$22),"CUMPLE",IF(Y4>=$Z$23,"CUMPLE","NO CUMPLE"))) | AB10: 2021 | AC10: =IF(ISERROR(F10/VLOOKUP(AB10,$AC$21:$AD$23,2)),"",F10/VLOOKUP(AB10,$AC$21:$AD$23,2)) -> 0 | AD10: =IF(OR(B10="",C10=""),"",IF(AND(AC10>0,AC10<=30000),"MIPYME","NO CUMPLE")) | AF10: =IF(OR(L10="",P10=""),"",IF(AND(T10="SI",AE3>=$AF$22),"CUMPLE",IF(AE3>=$AF$23,"CUMPLE","NO CUMPLE"))) | AH10: =IF(OR(L10="",P10=""),"",IF(AND(T10="SI",AG3>=$AH$22),"CUMPLE",IF(AG3>=$AH$23,"CUMPLE","NO CUMPLE")))
B11: =IF(C11="","",B10+0.1) | E11: =IF(ISERROR(VLOOKUP(C11,#REF!,2,0)),0,VLOOKUP(C11,#REF!,2,0)) -> 0 | F11: =IF(ISERROR(VLOOKUP(C11,#REF!,3,0)),0,VLOOKUP(C11,#REF!,3,0)) -> 0 | G11: =IF(ISERROR(VLOOKUP(C11,#REF!,4,0)),0,VLOOKUP(C11,#REF!,4,0)) -> 0 | H11: =IF(ISERROR(VLOOKUP(C11,#REF!,5,0)),0,VLOOKUP(C11,#REF!,5,0)) -> 0 | I11: =IF(ISERROR(E11-G11),"",E11-G11) -> 0 | J11: =IF(ISERROR(F11-H11),"",F11-H11) -> 0 | K11: =IF(ISERROR(VLOOKUP(C11,#REF!,6,0)),0,VLOOKUP(C11,#REF!,6,0)) -> 0 | L11: =IF(ISERROR(VLOOKUP(C11,#REF!,7,0)),0,VLOOKUP(C11,#REF!,7,0)) -> 0 | Q11: =IF(ISERROR(VLOOKUP(M11,POA!$B$3:$G$4,2,0)),"",VLOOKUP(M11,POA!$B$3:$G$4,2,0)) | R11: =IF(M11="","",SUM($I11)+IF(ISERROR(VLOOKUP(M11,POA!$B$3:$G$7,4,0)),"",VLOOKUP(M11,POA!$B$3:$G$7,4,0))) | S11: =IF(OR(R11=0,M11="",Q11=""),"",IF(R11>=VLOOKUP(M11,POA!$B$3:$G$4,8,FALSE),"CUMPLE","NO CUMPLE")) | V11: =IF(OR(U3=0,M11="",Q11=""),"",IF(AND(T11="SI",U3>=$V$22),"CUMPLE",IF(U3>=$V$23,"CUMPLE","NO CUMPLE"))) | X11: =IF(OR(W3=0,M11="",Q11=""),"",IF(AND(T11="SI",W3<=$X$22),"CUMPLE",IF(W3>=$X$23,"CUMPLE","NO CUMPLE"))) | Z11: =IF(OR(Y3=0,M11="",Q11=""),"",IF(AND(T11="SI",Y3>=$Z$22),"CUMPLE",IF(Y3>=$Z$23,"CUMPLE","NO CUMPLE"))) | AB11: 2021 | AC11: =IF(ISERROR(F11/VLOOKUP(AB11,$AC$21:$AD$23,2)),"",F11/VLOOKUP(AB11,$AC$21:$AD$23,2)) -> 0 | AD11: =IF(OR(B11="",C11=""),"",IF(AND(AC11>0,AC11<=30000),"MIPYME","NO CUMPLE")) | AF11: =IF(OR(L11="",P11=""),"",IF(AND(T11="SI",AE3>=$AF$22),"CUMPLE",IF(AE3>=$AF$23,"CUMPLE","NO CUMPLE"))) | AH11: =IF(OR(L11="",P11=""),"",IF(AND(T11="SI",AG3>=$AH$22),"CUMPLE",IF(AG3>=$AH$23,"CUMPLE","NO CUMPLE")))
B12: =IF(C12="","",B11+0.1) | E12: =IF(ISERROR(VLOOKUP(C12,#REF!,2,0)),0,VLOOKUP(C12,#REF!,2,0)) -> 0 | F12: =IF(ISERROR(VLOOKUP(C12,#REF!,3,0)),0,VLOOKUP(C12,#REF!,3,0)) -> 0 | G12: =IF(ISERROR(VLOOKUP(C12,#REF!,4,0)),0,VLOOKUP(C12,#REF!,4,0)) -> 0 | H12: =IF(ISERROR(VLOOKUP(C12,#REF!,5,0)),0,VLOOKUP(C12,#REF!,5,0)) -> 0 | I12: =IF(ISERROR(E12-G12),"",E12-G12) -> 0 | J12: =IF(ISERROR(F12-H12),"",F12-H12) -> 0 | K12: =IF(ISERROR(VLOOKUP(C12,#REF!,6,0)),0,VLOOKUP(C12,#REF!,6,0)) -> 0 | L12: =IF(ISERROR(VLOOKUP(C12,#REF!,7,0)),0,VLOOKUP(C12,#REF!,7,0)) -> 0 | Q12: =IF(ISERROR(VLOOKUP(M12,POA!$B$3:$G$7,2,0)),"",VLOOKUP(M12,POA!$B$3:$G$7,2,0)) | R12: =IF(M12="","",SUM($I12)+IF(ISERROR(VLOOKUP(M12,POA!$B$3:$G$7,4,0)),"",VLOOKUP(M12,POA!$B$3:$G$7,4,0))) | S12: =IF(OR(R12=0,M12="",Q12=""),"",IF(R12>=VLOOKUP(M12,POA!$B$3:$G$7,8,FALSE),"CUMPLE","NO CUMPLE")) | V12: =IF(OR(U3=0,M12="",Q12=""),"",IF(AND(T12="SI",U3>=$V$22),"CUMPLE",IF(U3>=$V$23,"CUMPLE","NO CUMPLE"))) | X12: =IF(OR(W3=0,M12="",Q12=""),"",IF(AND(T12="SI",W3<=$X$22),"CUMPLE",IF(W12>=$X$23,"CUMPLE","NO CUMPLE"))) | Z12: =IF(OR(Y3=0,M12="",Q12=""),"",IF(AND(T12="SI",Y3>=$Z$22),"CUMPLE",IF(Y3>=$Z$23,"CUMPLE","NO CUMPLE"))) | AB12: 2021 | AC12: =IF(ISERROR(F12/VLOOKUP(AB12,$AC$21:$AD$23,2)),"",F12/VLOOKUP(AB12,$AC$21:$AD$23,2)) -> 0 | AD12: =IF(OR(B12="",C12=""),"",IF(AND(AC12>0,AC12<=30000),"MIPYME","NO CUMPLE")) | AF12: =IF(OR(L12="",P12=""),"",IF(AND(T12="SI",AE3>=$AF$22),"CUMPLE",IF(AE3>=$AF$23,"CUMPLE","NO CUMPLE"))) | AH12: =IF(OR(L12="",P12=""),"",IF(AND(T12="SI",AG3>=$AH$22),"CUMPLE",IF(AG3>=$AH$23,"CUMPLE","NO CUMPLE")))
B14: 1 | C14: 2 | D14: 3 | E14: 4 | F14: 5 | G14: 6 | H14: 7 | I14: 8 | J14: 9 | K14: 10 | L14: 11 | M14: 12 | N14: 13 | O14: 14 | P14: 15 | Q14: 16 | R14: 17 | S14: 18 | T14: 19 | U14: 19 | V14: 20 | W14: 21 | X14: 22 | Y14: 23 | Z14: 24 | AA14: 25 | AB14: 26 | AC14: 26 | AD14: 27 | AE14: 28 | AF14: 29 | AG14: 30 | AH14: 31 | AI14: 32
AI15: 225-235-250
B16: INSTITUTO NACIONAL DE VIAS | AI16: 220-220-130
B17: SUBDIRECCION DE PROCESO DE SELECCION CONTRACTUALES | AI17: 150-200-100
B18: CMA-DEO-SVR-CCPT-046-2024
B19: EVALUACION FINANCIERA (CONCURSO)
B20: NUMERO DE PROPUSTAS | C20: DATOS DEL INTERESADO | E20: CUMPLIMIENTO | R20: INDICE-CAPITAL DE TRABAJO DEMANDADO | T20: CORRESPONDE A UNA MIPYME O EMPRENDIMIENTOS Y EMPRESAS DE MUJERES | U20: INDICE-LIQUIDEZ | W20: INDICE-ENDEUDAMIENTO | Y20: RAZON DE COBERTURA DE INTERESES | AA20: EVALUACIÓN CAPACIDAD FINANCIERA | AB20: CALIDAD DE MIPYME | AE20: RENTABILIDAD DEL PATRIMONIO (ROE) | AG20: RENTABILIDAD DEL ACTIVO (ROA) | AI20: EVALUACIÓN CAPACIDAD ORGANIZACIÓN
B21: OFERTA | C21: PROPONENTE | D21: PORCENTAJE DE PARTICIPACION | E21: ACTIVO CORRIENTE | F21: ACTIVO TOTAL | G21: PASIVO CORRIENTE | H21: PASIVO TOTAL | I21: CAPITAL DE TRABAJO (Activo Corriente - Pasivo Corriente) | J21: PATRIMONIO (Activo Total - Pasivo Total) | K21: UTILIDAD OPERACIONAL | L21: GASTOS DE INTERESES | M21: MÓDULO | N21: PLAZO (N) | O21: MODULOS ADJUDICADOS | P21: VALOR CAPITAL DE TRABAJO DEMANDADO MODULOS ADJUDICADOS | Q21: VALOR PRESUPUESTO OFICIAL (PO) | R21: Fórmula: CT = AC - PC >= % x PO | U21: Fórmula: Liquidez=AC/PC>=X | W21: Fórmula: Endeudamiento = Pas.T/Act.Tot. <= X% | Y21: Fórmula: Razón Cobertura Intereses = UO/GI >=X | AA21: CUMPLE/NO CUMPLE | AB21: AÑO DE EVALUACION DE LOS ACTIVOS | AC21: 2019 | AD21: 828211 | AE21: Fórmula: ROE=UO/Pat.ROE>=X% | AG21: Fórmula: ROE=UO/Act.Tot.>=X | AI21: CUMPLE/NO CUMPLE
O22: MODULOS ADJUDICADOS | P22: VALOR CAPITAL DE TRABAJO DEMANDADO MODULOS ADJUDICADOS | R22: Req. Min. CTd: > = | S22: (PO/N)*3 | U22: MIPYME →Req. Min. Solvencia: > = | V22: 1.11 | W22: MIPYME →Req. Min. Endeudamiento: < = | X22: 0.75 | Y22: MIPYME →Req.Min.Cobertura Interes: > = | Z22: 0 | AC22: 2020 | AD22: 877803 | AE22: MIPYME Req. Min. ROE: > = | AF22: 0 | AG22: MIPYME Req. Min. ROA: > = | AH22: 0
U23: OTRO →Req. Min. Solvencia: > = | V23: 1.21 | W23: OTRO →Req. Min. Endeudamiento: < = | X23: 0.7 | Y23: OTRO →Req. Min. Cobertura Intereses: > = | Z23: 1 | AC23: 2021 | AD23: 908526 | AE23: OTRO Req. Min. ROE: > = | AF23: 0.04 | AG23: OTRO Req. Min. ROA: > = | AH23: 0.02
R24: INDICADOR | S24: RESULTADO | U24: INDICADOR | V24: RESULTADO | W24: INDICADOR | X24: RESULTADO | Y24: INDICADOR | Z24: RESULTADO | AC24: CALIDAD DE MIPYME EN SMMLV | AD24: 0 < ACTIVOS <= 30000 | AE24: INDICADOR | AF24: RESULTADO | AG24: INDICADOR | AH24: RESULTADO
A26: CLAUDIA MILENA TRUJILLO | B26: 1 | C26: INGEVAL SAS | D26: =IF(SUM(D27:D36)=0,"",SUM(D27:D36)) -> 1 | E26: =IF(ISERROR(SUM(E27:E36)),"",SUM(E27:E36)) -> 0 | F26: =IF(ISERROR(SUM(F27:F36)),"",SUM(F27:F36)) -> 0 | G26: =IF(ISERROR(SUM(G27:G36)),"",SUM(G27:G36)) -> 0 | H26: =IF(ISERROR(SUM(H27:H36)),"",SUM(H27:H36)) -> 0 | I26: =IF(ISERROR(SUM(I27:I36)),"",SUM(I27:I36)) -> 0 | J26: =IF(ISERROR(SUM(J27:J36)),"",SUM(J27:J36)) -> 0 | K26: =IF(ISERROR(SUM(K27:K36)),"",SUM(K27:K36)) -> 0 | L26: =IF(ISERROR(SUM(L27:L35)),"",SUM(L27:L35)) -> 0 | M26: 4 | N26: =IF(M26="","",VLOOKUP(M26,POA!$B$3:$G7,3,0)) -> 5 | P26: =+SUM(P27:P35) -> 0 | S26: =IF(OR($R$26=0,M26="",Q26=""),"",IF($R$26>=VLOOKUP(M26,POA!$B$3:$G$21,6,FALSE),"CUMPLE","NO CUMPLE")) | T26: =IF(M26="","",IF(COUNTIFS(T27:T36,"SI",D27:D36,">=10%")>0,"SI","NO")) -> SI | U26: =IF(ISERROR(SUM(E26/G26)),0,SUM(E26/G26)) -> 0 | V26: =IF(OR($U26=0,M26="",Q26=""),"",IF(AND(T26="SI",$U26>=$V$22),"CUMPLE",IF($U26>=$V$23,"CUMPLE","NO CUMPLE"))) | W26: =IF(M26="","",IF(ISERROR(SUM(H26/F26)),0,SUM(H26/F26))) -> 0 | X26: =IF(OR(W26=0,M26="",Q26=""),"",IF(AND(T26="SI",W26<=$X$22),"CUMPLE",IF(W26<=$X$23,"CUMPLE","NO CUMPLE"))) | Y26: =IF(ISERROR(SUM(K26/L26)),0,SUM(K26/L26)) -> 0 | Z26: =IF(OR(Y26=0,M26="",Q26=""),"",IF(AND(T26="SI",Y26>=$Z$22),"CUMPLE",IF(Y26>=$Z$23,"CUMPLE","NO CUMPLE"))) | AA26: =IF(OR(S26="",V26="",X26="",Z26=""),"",IF(S26="NO CUMPLE","NO CUMPLE",IF(V26="NO CUMPLE","NO CUMPLE",IF(X26="NO CUMPLE","NO CUMPLE",IF(Z26="NO CUMPLE","NO CUMPLE",IF(Z26="NO CUMPLE","NO CUMPLE","CUMPLE")))))) | AB26: 2021 | AC26: =IF(ISERROR(F26/VLOOKUP(AB26,$AC$21:$AD$23,2)),"",F26/VLOOKUP(AB26,$AC$21:$AD$23,2)) -> 0 | AD26: =IF(OR(B26="",C26=""),"",IF(AND(AC26>0,AC26<=30000),"MIPYME","NO CUMPLE")) -> NO CUMPLE | AE26: =IF(M26="","",IF(ISERROR(SUM(K26/J26)),0,SUM(K26/J26))) -> 0 | AF26: =IF(OR(M26="",L26="",P26=""),"",IF(AND(T26="SI",AE26>=$AF$22),"CUMPLE",IF(AE26>=$AF$23,"CUMPLE","NO CUMPLE"))) -> CUMPLE | AG26: =IF(M26="","",IF(ISERROR(SUM(K26/F26)),0,SUM(K26/F26))) -> 0 | AH26: =IF(OR(M26="",L26="",P26=""),"",IF(AND(T26="SI",AG26>=$AH$22),"CUMPLE",IF(AG26>=$AH$23,"CUMPLE","NO CUMPLE"))) -> CUMPLE | AI26: =IF(OR(AF26="",AH26=""),"",IF(AF26="NO CUMPLE","NO CUMPLE",IF(AH26="NO CUMPLE","NO CUMPLE",IF(AH26="NO CUMPLE","NO CUMPLE","CUMPLE")))) -> CUMPLE
A27: 45455 | B27: =IF(C27="","",B26+0.1) -> 1.1 | C27: INGEVAL SAS | D27: 1 | I27: =IF(ISERROR(E27-G27),"",E27-G27) -> 0 | J27: =IF(ISERROR(F27-H27),"",F27-H27) -> 0 | M27: 6 | N27: =IF(M27="","",VLOOKUP(M27,POA!$B$3:$G7,3,0)) -> #N/A | P27: =+SUM(P28:P36) -> 0 | S27: =IF(OR($R$26=0,M27="",Q27=""),"",IF($R$26>=VLOOKUP(M27,POA!$B$3:$G$21,6,FALSE),"CUMPLE","NO CUMPLE")) | T27: SI | V27: =IF(OR($U26=0,M27="",Q27=""),"",IF(AND(T27="SI",$U26>=$V$22),"CUMPLE",IF($U26>=$V$23,"CUMPLE","NO CUMPLE"))) | X27: =IF(OR(W26=0,M27="",Q27=""),"",IF(AND(T27="SI",W26<=$X$22),"CUMPLE",IF(W26<=$X$23,"CUMPLE","NO CUMPLE"))) | Z27: =IF(OR(Y26=0,M27="",Q27=""),"",IF(AND(T27="SI",Y26>=$Z$22),"CUMPLE",IF(Y26>=$Z$23,"CUMPLE","NO CUMPLE"))) | AA27: NO CUMPLE | AB27: 2021 | AC27: =IF(ISERROR(F27/VLOOKUP(AB27,$AC$21:$AD$23,2)),"",F27/VLOOKUP(AB27,$AC$21:$AD$23,2)) -> 0 | AD27: =IF(OR(B27="",C27=""),"",IF(AND(AC27>0,AC27<=30000),"MIPYME","NO CUMPLE")) -> NO CUMPLE | AI27: NO CUMPLE
B28: =IF(C28="","",B27+0.1) | I28: =IF(ISERROR(E28-G28),"",E28-G28) -> 0 | J28: =IF(ISERROR(F28-H28),"",F28-H28) -> 0 | M28: 7 | N28: =IF(M28="","",VLOOKUP(M28,POA!$B$3:$G7,3,0)) -> #N/A | P28: =+SUM(P29:P37) -> 0 | S28: =IF(OR($R$26=0,M28="",Q28=""),"",IF($R$26>=VLOOKUP(M28,POA!$B$3:$G$21,6,FALSE),"CUMPLE","NO CUMPLE")) | T28: SI | V28: =IF(OR($U26=0,M28="",Q28=""),"",IF(AND(T28="SI",$U26>=$V$22),"CUMPLE",IF($U26>=$V$23,"CUMPLE","NO CUMPLE"))) | X28: =IF(OR(W26=0,M28="",Q28=""),"",IF(AND(T28="SI",W26<=$X$22),"CUMPLE",IF(W26<=$X$23,"CUMPLE","NO CUMPLE"))) | Z28: =IF(OR(Y26=0,M28="",Q28=""),"",IF(AND(T28="SI",Y26>=$Z$22),"CUMPLE",IF(Y26>=$Z$23,"CUMPLE","NO CUMPLE"))) | AA28: =IF(OR(S28="",V28="",X28="",Z28=""),"",IF(S28="NO CUMPLE","NO CUMPLE",IF(V28="NO CUMPLE","NO CUMPLE",IF(X28="NO CUMPLE","NO CUMPLE",IF(Z28="NO CUMPLE","NO CUMPLE",IF(Z28="NO CUMPLE","NO CUMPLE","CUMPLE")))))) | AB28: 2021 | AC28: =IF(ISERROR(F28/VLOOKUP(AB28,$AC$21:$AD$23,2)),"",F28/VLOOKUP(AB28,$AC$21:$AD$23,2)) -> 0 | AD28: =IF(OR(B28="",C28=""),"",IF(AND(AC28>0,AC28<=30000),"MIPYME","NO CUMPLE"))
B29: =IF(C29="","",B28+0.1) | I29: =IF(ISERROR(E29-G29),"",E29-G29) -> 0 | J29: =IF(ISERROR(F29-H29),"",F29-H29) -> 0 | N29: =IF(M29="","",VLOOKUP(M29,POA!$B$3:$G7,3,0)) | P29: =+SUM(P30:P37) -> 0 | Q29: =IF(ISERROR(VLOOKUP(M29,POA!$B$3:$G11,2,0)),"",VLOOKUP(M29,POA!$B$3:$G11,2,0)) | S29: =IF(OR($R$26=0,M29="",Q29=""),"",IF($R$26>=VLOOKUP(M29,POA!$B$3:$G$21,6,FALSE),"CUMPLE","NO CUMPLE")) | V29: =IF(OR($U26=0,M29="",Q29=""),"",IF(AND(T29="SI",$U26>=$V$22),"CUMPLE",IF($U26>=$V$23,"CUMPLE","NO CUMPLE"))) | X29: =IF(OR(W26=0,M29="",Q29=""),"",IF(AND(T29="SI",W26<=$X$22),"CUMPLE",IF(W26<=$X$23,"CUMPLE","NO CUMPLE"))) | Z29: =IF(OR(Y26=0,M29="",Q29=""),"",IF(AND(T29="SI",Y26>=$Z$22),"CUMPLE",IF(Y26>=$Z$23,"CUMPLE","NO CUMPLE"))) | AA29: =IF(OR(S29="",V29="",X29="",Z29=""),"",IF(S29="NO CUMPLE","NO CUMPLE",IF(V29="NO CUMPLE","NO CUMPLE",IF(X29="NO CUMPLE","NO CUMPLE",IF(Z29="NO CUMPLE","NO CUMPLE",IF(Z29="NO CUMPLE","NO CUMPLE","CUMPLE")))))) | AB29: 2021 | AC29: =IF(ISERROR(F29/VLOOKUP(AB29,$AC$21:$AD$23,2)),"",F29/VLOOKUP(AB29,$AC$21:$AD$23,2)) -> 0 | AD29: =IF(OR(B29="",C29=""),"",IF(AND(AC29>0,AC29<=30000),"MIPYME","NO CUMPLE")) | AF29: =IF(OR(M29="",L26="",P29=""),"",IF(AND(T26="SI",AE26>=$AF$22),"CUMPLE",IF(AE26>=$AF$23,"CUMPLE","NO CUMPLE"))) | AH29: =IF(OR(M29="",L26="",P26=""),"",IF(AND(T26="SI",AG26>=$AH$22),"CUMPLE",IF(AG26>=$AH$23,"CUMPLE","NO CUMPLE"))) | AI29: =IF(OR(AF29="",AH29=""),"",IF(AF29="NO CUMPLE","NO CUMPLE",IF(AH29="NO CUMPLE","NO CUMPLE",IF(AH29="NO CUMPLE","NO CUMPLE","CUMPLE"))))
B30: =IF(C30="","",B29+0.1) | I30: =IF(ISERROR(E30-G30),"",E30-G30) -> 0 | J30: =IF(ISERROR(F30-H30),"",F30-H30) -> 0 | N30: =IF(M30="","",VLOOKUP(M30,POA!$B$3:$G11,3,0)) | P30: =+SUM(P31:P37) -> 0 | Q30: =IF(ISERROR(VLOOKUP(M30,POA!$B$3:$G12,2,0)),"",VLOOKUP(M30,POA!$B$3:$G12,2,0)) | S30: =IF(OR($R$26=0,M30="",Q30=""),"",IF($R$26>=VLOOKUP(M30,POA!$B$3:$G$21,6,FALSE),"CUMPLE","NO CUMPLE")) | V30: =IF(OR($U26=0,M30="",Q30=""),"",IF(AND(T30="SI",$U26>=$V$22),"CUMPLE",IF($U26>=$V$23,"CUMPLE","NO CUMPLE"))) | X30: =IF(OR(W26=0,M30="",Q30=""),"",IF(AND(T30="SI",W26<=$X$22),"CUMPLE",IF(W26<=$X$23,"CUMPLE","NO CUMPLE"))) | Z30: =IF(OR(Y26=0,M30="",Q30=""),"",IF(AND(T30="SI",Y26>=$Z$22),"CUMPLE",IF(Y26>=$Z$23,"CUMPLE","NO CUMPLE"))) | AA30: =IF(OR(S30="",V30="",X30="",Z30=""),"",IF(S30="NO CUMPLE","NO CUMPLE",IF(V30="NO CUMPLE","NO CUMPLE",IF(X30="NO CUMPLE","NO CUMPLE",IF(Z30="NO CUMPLE","NO CUMPLE",IF(Z30="NO CUMPLE","NO CUMPLE","CUMPLE")))))) | AB30: 2021 | AC30: =IF(ISERROR(F30/VLOOKUP(AB30,$AC$21:$AD$23,2)),"",F30/VLOOKUP(AB30,$AC$21:$AD$23,2)) -> 0 | AD30: =IF(OR(B30="",C30=""),"",IF(AND(AC30>0,AC30<=30000),"MIPYME","NO CUMPLE")) | AF30: =IF(OR(M30="",L26="",P30=""),"",IF(AND(T26="SI",AE26>=$AF$22),"CUMPLE",IF(AE26>=$AF$23,"CUMPLE","NO CUMPLE"))) | AH30: =IF(OR(M29="",L26="",P26=""),"",IF(AND(T26="SI",AG26>=$AH$22),"CUMPLE",IF(AG26>=$AH$23,"CUMPLE","NO CUMPLE"))) | AI30: =IF(OR(AF30="",AH30=""),"",IF(AF30="NO CUMPLE","NO CUMPLE",IF(AH30="NO CUMPLE","NO CUMPLE",IF(AH30="NO CUMPLE","NO CUMPLE","CUMPLE"))))
B31: =IF(C31="","",B30+0.1) | I31: =IF(ISERROR(E31-G31),"",E31-G31) -> 0 | J31: =IF(ISERROR(F31-H31),"",F31-H31) -> 0 | N31: =IF(M31="","",VLOOKUP(M31,POA!$B$3:$G7,3,0)) | P31: =+SUM(P32:P37) -> 0 | Q31: =IF(ISERROR(VLOOKUP(M31,POA!$B$3:$G13,2,0)),"",VLOOKUP(M31,POA!$B$3:$G13,2,0)) | S31: =IF(OR($R$26=0,M31="",Q31=""),"",IF($R$26>=VLOOKUP(M31,POA!$B$3:$G$21,6,FALSE),"CUMPLE","NO CUMPLE")) | V31: =IF(OR($U26=0,M31="",Q31=""),"",IF(AND(T31="SI",$U26>=$V$22),"CUMPLE",IF($U26>=$V$23,"CUMPLE","NO CUMPLE"))) | X31: =IF(OR(W26=0,M31="",Q31=""),"",IF(AND(T31="SI",W26<=$X$22),"CUMPLE",IF(W26<=$X$23,"CUMPLE","NO CUMPLE"))) | Z31: =IF(OR(Y26=0,M31="",Q31=""),"",IF(AND(T31="SI",Y26>=$Z$22),"CUMPLE",IF(Y26>=$Z$23,"CUMPLE","NO CUMPLE"))) | AA31: =IF(OR(S31="",V31="",X31="",Z31=""),"",IF(S31="NO CUMPLE","NO CUMPLE",IF(V31="NO CUMPLE","NO CUMPLE",IF(X31="NO CUMPLE","NO CUMPLE",IF(Z31="NO CUMPLE","NO CUMPLE",IF(Z31="NO CUMPLE","NO CUMPLE","CUMPLE")))))) | AB31: 2021 | AC31: =IF(ISERROR(F31/VLOOKUP(AB31,$AC$21:$AD$23,2)),"",F31/VLOOKUP(AB31,$AC$21:$AD$23,2)) -> 0 | AD31: =IF(OR(B31="",C31=""),"",IF(AND(AC31>0,AC31<=30000),"MIPYME","NO CUMPLE")) | AF31: =IF(OR(M31="",L26="",P31=""),"",IF(AND(T26="SI",AE26>=$AF$22),"CUMPLE",IF(AE26>=$AF$23,"CUMPLE","NO CUMPLE"))) | AH31: =IF(OR(M31="",L26="",P26=""),"",IF(AND(T26="SI",AG26>=$AH$22),"CUMPLE",IF(AG26>=$AH$23,"CUMPLE","NO CUMPLE"))) | AI31: =IF(OR(AF31="",AH31=""),"",IF(AF31="NO CUMPLE","NO CUMPLE",IF(AH31="NO CUMPLE","NO CUMPLE",IF(AH31="NO CUMPLE","NO CUMPLE","CUMPLE"))))
B32: =IF(C32="","",B31+0.1) | I32: =IF(ISERROR(E32-G32),"",E32-G32) -> 0 | J32: =IF(ISERROR(F32-H32),"",F32-H32) -> 0 | N32: =IF(M32="","",VLOOKUP(M32,POA!$B$3:$G7,3,0)) | P32: =+SUM(P33:P37) -> 0 | Q32: =IF(ISERROR(VLOOKUP(M32,POA!$B$3:$G14,2,0)),"",VLOOKUP(M32,POA!$B$3:$G14,2,0)) | S32: =IF(OR($R$26=0,M32="",Q32=""),"",IF($R$26>=VLOOKUP(M32,POA!$B$3:$G$21,6,FALSE),"CUMPLE","NO CUMPLE")) | V32: =IF(OR($U26=0,M32="",Q32=""),"",IF(AND(T32="SI",$U26>=$V$22),"CUMPLE",IF($U26>=$V$23,"CUMPLE","NO CUMPLE"))) | X32: =IF(OR(W26=0,M32="",Q32=""),"",IF(AND(T32="SI",W26<=$X$22),"CUMPLE",IF(W26<=$X$23,"CUMPLE","NO CUMPLE"))) | Z32: =IF(OR(Y26=0,M32="",Q32=""),"",IF(AND(T32="SI",Y26>=$Z$22),"CUMPLE",IF(Y26>=$Z$23,"CUMPLE","NO CUMPLE"))) | AA32: =IF(OR(S32="",V32="",X32="",Z32=""),"",IF(S32="NO CUMPLE","NO CUMPLE",IF(V32="NO CUMPLE","NO CUMPLE",IF(X32="NO CUMPLE","NO CUMPLE",IF(Z32="NO CUMPLE","NO CUMPLE",IF(Z32="NO CUMPLE","NO CUMPLE","CUMPLE")))))) | AB32: 2021 | AC32: =IF(ISERROR(F32/VLOOKUP(AB32,$AC$21:$AD$23,2)),"",F32/VLOOKUP(AB32,$AC$21:$AD$23,2)) -> 0 | AD32: =IF(OR(B32="",C32=""),"",IF(AND(AC32>0,AC32<=30000),"MIPYME","NO CUMPLE")) | AF32: =IF(OR(M32="",L26="",P32=""),"",IF(AND(T30="SI",AE26>=$AF$22),"CUMPLE",IF(AE26>=$AF$23,"CUMPLE","NO CUMPLE"))) | AH32: =IF(OR(M32="",L26="",P26=""),"",IF(AND(T26="SI",AG26>=$AH$22),"CUMPLE",IF(AG26>=$AH$23,"CUMPLE","NO CUMPLE"))) | AI32: =IF(OR(AF32="",AH32=""),"",IF(AF32="NO CUMPLE","NO CUMPLE",IF(AH32="NO CUMPLE","NO CUMPLE",IF(AH32="NO CUMPLE","NO CUMPLE","CUMPLE"))))
B33: =IF(C33="","",B32+0.1) | I33: =IF(ISERROR(E33-G33),"",E33-G33) -> 0 | J33: =IF(ISERROR(F33-H33),"",F33-H33) -> 0 | N33: =IF(M33="","",VLOOKUP(M33,POA!$B$3:$G7,3,0)) | P33: =+SUM(P34:P37) -> 0 | Q33: =IF(ISERROR(VLOOKUP(M33,POA!$B$3:$G15,2,0)),"",VLOOKUP(M33,POA!$B$3:$G15,2,0)) | S33: =IF(OR($R$26=0,M33="",Q33=""),"",IF($R$26>=VLOOKUP(M33,POA!$B$3:$G$21,6,FALSE),"CUMPLE","NO CUMPLE")) | V33: =IF(OR($U26=0,M33="",Q33=""),"",IF(AND(T33="SI",$U26>=$V$22),"CUMPLE",IF($U26>=$V$23,"CUMPLE","NO CUMPLE"))) | X33: =IF(OR(W26=0,M33="",Q33=""),"",IF(AND(T33="SI",W26<=$X$22),"CUMPLE",IF(W26<=$X$23,"CUMPLE","NO CUMPLE"))) | Z33: =IF(OR(Y26=0,M33="",Q33=""),"",IF(AND(T33="SI",Y26>=$Z$22),"CUMPLE",IF(Y26>=$Z$23,"CUMPLE","NO CUMPLE"))) | AA33: =IF(OR(S33="",V33="",X33="",Z33=""),"",IF(S33="NO CUMPLE","NO CUMPLE",IF(V33="NO CUMPLE","NO CUMPLE",IF(X33="NO CUMPLE","NO CUMPLE",IF(Z33="NO CUMPLE","NO CUMPLE",IF(Z33="NO CUMPLE","NO CUMPLE","CUMPLE")))))) | AB33: 2021 | AC33: =IF(ISERROR(F33/VLOOKUP(AB33,$AC$21:$AD$23,2)),"",F33/VLOOKUP(AB33,$AC$21:$AD$23,2)) -> 0 | AD33: =IF(OR(B33="",C33=""),"",IF(AND(AC33>0,AC33<=30000),"MIPYME","NO CUMPLE")) | AF33: =IF(OR(M33="",L26="",P33=""),"",IF(AND(T26="SI",AE26>=$AF$22),"CUMPLE",IF(AE26>=$AF$23,"CUMPLE","NO CUMPLE"))) | AH33: =IF(OR(M33="",L26="",P26=""),"",IF(AND(T26="SI",AG26>=$AH$22),"CUMPLE",IF(AG26>=$AH$23,"CUMPLE","NO CUMPLE"))) | AI33: =IF(OR(AF33="",AH33=""),"",IF(AF33="NO CUMPLE","NO CUMPLE",IF(AH33="NO CUMPLE","NO CUMPLE",IF(AH33="NO CUMPLE","NO CUMPLE","CUMPLE"))))
B34: =IF(C34="","",B33+0.1) | I34: =IF(ISERROR(E34-G34),"",E34-G34) -> 0 | J34: =IF(ISERROR(F34-H34),"",F34-H34) -> 0 | N34: =IF(M34="","",VLOOKUP(M34,POA!$B$3:$G7,3,0)) | P34: =+SUM(P35:P37) -> 0 | Q34: =IF(ISERROR(VLOOKUP(M34,POA!$B$3:$G16,2,0)),"",VLOOKUP(M34,POA!$B$3:$G16,2,0)) | S34: =IF(OR($R$26=0,M34="",Q34=""),"",IF($R$26>=VLOOKUP(M34,POA!$B$3:$G$21,6,FALSE),"CUMPLE","NO CUMPLE")) | V34: =IF(OR($U26=0,M34="",Q34=""),"",IF(AND(T34="SI",$U26>=$V$22),"CUMPLE",IF($U26>=$V$23,"CUMPLE","NO CUMPLE"))) | X34: =IF(OR(W26=0,M34="",Q34=""),"",IF(AND(T34="SI",W26<=$X$22),"CUMPLE",IF(W26<=$X$23,"CUMPLE","NO CUMPLE"))) | Z34: =IF(OR(Y26=0,M34="",Q34=""),"",IF(AND(T34="SI",Y26>=$Z$22),"CUMPLE",IF(Y26>=$Z$23,"CUMPLE","NO CUMPLE"))) | AA34: =IF(OR(S34="",V34="",X34="",Z34=""),"",IF(S34="NO CUMPLE","NO CUMPLE",IF(V34="NO CUMPLE","NO CUMPLE",IF(X34="NO CUMPLE","NO CUMPLE",IF(Z34="NO CUMPLE","NO CUMPLE",IF(Z34="NO CUMPLE","NO CUMPLE","CUMPLE")))))) | AB34: 2021 | AC34: =IF(ISERROR(F34/VLOOKUP(AB34,$AC$21:$AD$23,2)),"",F34/VLOOKUP(AB34,$AC$21:$AD$23,2)) -> 0 | AD34: =IF(OR(B34="",C34=""),"",IF(AND(AC34>0,AC34<=30000),"MIPYME","NO CUMPLE")) | AF34: =IF(OR(M34="",L26="",P26=""),"",IF(AND(T26="SI",AE26>=$AF$22),"CUMPLE",IF(AE26>=$AF$23,"CUMPLE","NO CUMPLE"))) | AH34: =IF(OR(M34="",L26="",P26=""),"",IF(AND(T26="SI",AG26>=$AH$22),"CUMPLE",IF(AG26>=$AH$23,"CUMPLE","NO CUMPLE"))) | AI34: =IF(OR(AF34="",AH34=""),"",IF(AF34="NO CUMPLE","NO CUMPLE",IF(AH34="NO CUMPLE","NO CUMPLE",IF(AH34="NO CUMPLE","NO CUMPLE","CUMPLE"))))
B35: =IF(C35="","",B34+0.1) | I35: =IF(ISERROR(E35-G35),"",E35-G35) -> 0 | J35: =IF(ISERROR(F35-H35),"",F35-H35) -> 0 | N35: =IF(M35="","",VLOOKUP(M35,POA!$B$3:$G7,3,0)) | P35: =+SUM(P36:P37) -> 0 | Q35: =IF(ISERROR(VLOOKUP(M35,POA!$B$3:$G11,2,0)),"",VLOOKUP(M35,POA!$B$3:$G11,2,0)) | V35: =IF(OR($U26=0,M35="",Q35=""),"",IF(AND(T35="SI",$U26>=$V$22),"CUMPLE",IF($U26>=$V$23,"CUMPLE","NO CUMPLE"))) | X35: =IF(OR(W26=0,M35="",Q35=""),"",IF(AND(T35="SI",W26<=$X$22),"CUMPLE",IF(W26<=$X$23,"CUMPLE","NO CUMPLE"))) | Z35: =IF(OR(Y26=0,M35="",Q35=""),"",IF(AND(T35="SI",Y26>=$Z$22),"CUMPLE",IF(Y26>=$Z$23,"CUMPLE","NO CUMPLE"))) | AA35: =IF(OR(S35="",V35="",X35="",Z35=""),"",IF(S35="NO CUMPLE","NO CUMPLE",IF(V35="NO CUMPLE","NO CUMPLE",IF(X35="NO CUMPLE","NO CUMPLE",IF(Z35="NO CUMPLE","NO CUMPLE",IF(Z35="NO CUMPLE","NO CUMPLE","CUMPLE")))))) | AB35: 2021 | AC35: =IF(ISERROR(F35/VLOOKUP(AB35,$AC$21:$AD$23,2)),"",F35/VLOOKUP(AB35,$AC$21:$AD$23,2)) -> 0 | AD35: =IF(OR(B35="",C35=""),"",IF(AND(AC35>0,AC35<=30000),"MIPYME","NO CUMPLE")) | AF35: =IF(OR(M35="",L26="",P35=""),"",IF(AND(T26="SI",AE26>=$AF$22),"CUMPLE",IF(AE26>=$AF$23,"CUMPLE","NO CUMPLE"))) | AH35: =IF(OR(M35="",L26="",P26=""),"",IF(AND(T26="SI",AG26>=$AH$22),"CUMPLE",IF(AG26>=$AH$23,"CUMPLE","NO CUMPLE"))) | AI35: =IF(OR(AF35="",AH35=""),"",IF(AF35="NO CUMPLE","NO CUMPLE",IF(AH35="NO CUMPLE","NO CUMPLE",IF(AH35="NO CUMPLE","NO CUMPLE","CUMPLE"))))
B36: =IF(C36="","",B35+0.1) | I36: =IF(ISERROR(E36-G36),"",E36-G36) -> 0 | J36: =IF(ISERROR(F36-H36),"",F36-H36) -> 0 | N36: =IF(M36="","",VLOOKUP(M36,POA!$B$3:$G7,3,0)) | P36: =+SUM(P37:P37) -> 0 | Q36: =IF(ISERROR(VLOOKUP(M36,POA!$B$3:$G11,2,0)),"",VLOOKUP(M36,POA!$B$3:$G11,2,0)) | V36: =IF(OR($U27=0,M36="",Q36=""),"",IF(AND(T36="SI",$U27>=$V$22),"CUMPLE",IF($U27>=$V$23,"CUMPLE","NO CUMPLE"))) | X36: =IF(OR(W27=0,M36="",Q36=""),"",IF(AND(T36="SI",W27<=$X$22),"CUMPLE",IF(W27<=$X$23,"CUMPLE","NO CUMPLE"))) | Z36: =IF(OR(Y27=0,M36="",Q36=""),"",IF(AND(T36="SI",Y27>=$Z$22),"CUMPLE",IF(Y27>=$Z$23,"CUMPLE","NO CUMPLE"))) | AA36: =IF(OR(S36="",V36="",X36="",Z36=""),"",IF(S36="NO CUMPLE","NO CUMPLE",IF(V36="NO CUMPLE","NO CUMPLE",IF(X36="NO CUMPLE","NO CUMPLE",IF(Z36="NO CUMPLE","NO CUMPLE",IF(Z36="NO CUMPLE","NO CUMPLE","CUMPLE")))))) | AF36: =IF(OR(M36="",L26="",P36=""),"",IF(AND(T26="SI",AE26>=$AF$22),"CUMPLE",IF(AE26>=$AF$23,"CUMPLE","NO CUMPLE"))) | AH36: =IF(OR(M36="",L26="",P26=""),"",IF(AND(T26="SI",AG26>=$AH$22),"CUMPLE",IF(AG26>=$AH$23,"CUMPLE","NO CUMPLE"))) | AI36: =IF(OR(AF36="",AH36=""),"",IF(AF36="NO CUMPLE","NO CUMPLE",IF(AH36="NO CUMPLE","NO CUMPLE",IF(AH36="NO CUMPLE","NO CUMPLE","CUMPLE"))))
B37: B
A38: HENRY ALBERTO CASTRO REINA | B38: 2 | C38: CONSTRUCTODO INGENIEROS CONTRATISTAS LTDA | D38: =IF(SUM(D39:D48)=0,"",SUM(D39:D48)) -> 1 | E38: =IF(ISERROR(SUM(E39:E48)),"",SUM(E39:E48)) -> 659604459 | F38: =IF(ISERROR(SUM(F39:F48)),"",SUM(F39:F48)) -> 877856586 | G38: =IF(ISERROR(SUM(G39:G48)),"",SUM(G39:G48)) -> 24995572 | H38: =IF(ISERROR(SUM(H39:H48)),"",SUM(H39:H48)) -> 24995572 | I38: =IF(ISERROR(SUM(I39:I48)),"",SUM(I39:I48)) -> 634608887 | J38: =IF(ISERROR(SUM(J39:J48)),"",SUM(J39:J48)) -> 852861014 | K38: =IF(ISERROR(SUM(K39:K48)),"",SUM(K39:K48)) -> 22451619 | L38: =IF(ISERROR(SUM(L39:L47)),"",SUM(L39:L47)) -> 2458951 | M38: 1 | N38: =IF(M38="","",VLOOKUP(M38,POA!$B$3:$G11,3,0)) -> 5 | P38: =+SUM(P39:P47) -> 0 | Q38: =IF(ISERROR(VLOOKUP(M38,POA!$B$3:$G23,2,0)),"",VLOOKUP(M38,POA!$B$3:$G23,2,0)) -> 3031202957 | R38: =IF(M38="","",SUM($I$38)+IF(ISERROR(VLOOKUP(M38,POA!$B$3:$G11,4,0)),"",VLOOKUP(M38,POA!$B$3:$G11,4,0))) -> 1.2408495e+09 | S38: =IF(OR($R$26=0,M38="",Q38=""),"",IF($R$26>=VLOOKUP(M38,POA!$B$3:$G$21,6,FALSE),"CUMPLE","NO CUMPLE")) | T38: =IF(M38="","",IF(COUNTIFS(T39:T48,"SI",D39:D48,">=10%")>0,"SI","NO")) -> SI | U38: =IF(ISERROR(SUM(E38/G38)),0,SUM(E38/G38)) -> 26.388852 | V38: =IF(OR($U38=0,M38="",Q38=""),"",IF(AND(T38="SI",$U38>=$V$22),"CUMPLE",IF($U38>=$V$23,"CUMPLE","NO CUMPLE"))) -> CUMPLE | W38: =IF(M38="","",IF(ISERROR(SUM(H38/F38)),0,SUM(H38/F38))) -> 0.028473412 | X38: =IF(OR(W38=0,M38="",Q38=""),"",IF(AND(T38="SI",W38<=$X$22),"CUMPLE",IF(W38<=$X$23,"CUMPLE","NO CUMPLE"))) -> CUMPLE | Y38: =IF(ISERROR(SUM(K38/L38)),0,SUM(K38/L38)) -> 9.1305679 | Z38: =IF(OR(Y38=0,M38="",Q38=""),"",IF(AND(T38="SI",Y38>=$Z$22),"CUMPLE",IF(Y38>=$Z$23,"CUMPLE","NO CUMPLE"))) -> CUMPLE | AA38: =IF(OR(S38="",V38="",X38="",Z38=""),"",IF(S38="NO CUMPLE","NO CUMPLE",IF(V38="NO CUMPLE","NO CUMPLE",IF(X38="NO CUMPLE","NO CUMPLE",IF(Z38="NO CUMPLE","NO CUMPLE",IF(Z38="NO CUMPLE","NO CUMPLE","CUMPLE")))))) | AB38: 2021 | AC38: =IF(ISERROR(F38/VLOOKUP(AB38,$AC$21:$AD$23,2)),"",F38/VLOOKUP(AB38,$AC$21:$AD$23,2)) -> 966.24267 | AD38: =IF(OR(B38="",C38=""),"",IF(AND(AC38>0,AC38<=30000),"MIPYME","NO CUMPLE")) -> MIPYME | AE38: =IF(M38="","",IF(ISERROR(SUM(K38/J38)),0,SUM(K38/J38))) -> 0.026325062 | AF38: =IF(OR(M38="",L38="",P38=""),"",IF(AND(T38="SI",AE38>=$AF$22),"CUMPLE",IF(AE38>=$AF$23,"CUMPLE","NO CUMPLE"))) -> CUMPLE | AG38: =IF(M38="","",IF(ISERROR(SUM(K38/F38)),0,SUM(K38/F38))) -> 0.025575498 | AH38: =IF(OR(M38="",L38="",P38=""),"",IF(AND(T38="SI",AG38>=$AH$22),"CUMPLE",IF(AG38>=$AH$23,"CUMPLE","NO CUMPLE"))) -> CUMPLE | AI38: =IF(OR(AF38="",AH38=""),"",IF(AF38="NO CUMPLE","NO CUMPLE",IF(AH38="NO CUMPLE","NO CUMPLE",IF(AH38="NO CUMPLE","NO CUMPLE","CUMPLE")))) -> CUMPLE
A39: 45483 | B39: =IF(C39="","",B38+0.1) -> 2.1 | C39: CONSTRUCTODO INGENIEROS CONTRATISTAS LTDA | D39: 1 | E39: 659604459 | F39: 877856586 | G39: 24995572 | H39: 24995572 | I39: =IF(ISERROR(E39-G39),"",E39-G39) -> 634608887 | J39: =IF(ISERROR(F39-H39),"",F39-H39) -> 852861014 | K39: 22451619 | L39: 2458951 | M39: 2 | N39: =IF(M39="","",VLOOKUP(M39,POA!$B$3:$G11,3,0)) -> 5 | P39: =+SUM(P40:P48) -> 0 | Q39: =IF(ISERROR(VLOOKUP(M39,POA!$B$3:$G23,2,0)),"",VLOOKUP(M39,POA!$B$3:$G23,2,0)) -> 1797292893 | R39: =IF(M39="","",SUM($I$38)+IF(ISERROR(VLOOKUP(M39,POA!$B$3:$G12,4,0)),"",VLOOKUP(M39,POA!$B$3:$G12,4,0))) -> 9.9406747e+08 | S39: =IF(OR($R$26=0,M39="",Q39=""),"",IF($R$26>=VLOOKUP(M39,POA!$B$3:$G$21,6,FALSE),"CUMPLE","NO CUMPLE")) | T39: SI | V39: =IF(OR($U38=0,M39="",Q39=""),"",IF(AND(T39="SI",$U38>=$V$22),"CUMPLE",IF($U38>=$V$23,"CUMPLE","NO CUMPLE"))) -> CUMPLE | X39: =IF(OR(W38=0,M39="",Q39=""),"",IF(AND(T39="SI",W38<=$X$22),"CUMPLE",IF(W38<=$X$23,"CUMPLE","NO CUMPLE"))) -> CUMPLE | Z39: =IF(OR(Y38=0,M39="",Q39=""),"",IF(AND(T39="SI",Y38>=$Z$22),"CUMPLE",IF(Y38>=$Z$23,"CUMPLE","NO CUMPLE"))) -> CUMPLE | AA39: =IF(OR(S39="",V39="",X39="",Z39=""),"",IF(S39="NO CUMPLE","NO CUMPLE",IF(V39="NO CUMPLE","NO CUMPLE",IF(X39="NO CUMPLE","NO CUMPLE",IF(Z39="NO CUMPLE","NO CUMPLE",IF(Z39="NO CUMPLE","NO CUMPLE","CUMPLE")))))) | AB39: 2021 | AC39: =IF(ISERROR(F39/VLOOKUP(AB39,$AC$21:$AD$23,2)),"",F39/VLOOKUP(AB39,$AC$21:$AD$23,2)) -> 966.24267 | AD39: =IF(OR(B39="",C39=""),"",IF(AND(AC39>0,AC39<=30000),"MIPYME","NO CUMPLE")) -> MIPYME | AF39: =IF(OR(M39="",L38="",P39=""),"",IF(AND(T38="SI",AE38>=$AF$22),"CUMPLE",IF(AE38>=$AF$23,"CUMPLE","NO CUMPLE"))) -> CUMPLE | AH39: =IF(OR(M39="",L38="",P39=""),"",IF(AND(T38="SI",AG38>=$AH$22),"CUMPLE",IF(AG38>=$AH$23,"CUMPLE","NO CUMPLE"))) -> CUMPLE | AI39: =IF(OR(AF39="",AH39=""),"",IF(AF39="NO CUMPLE","NO CUMPLE",IF(AH39="NO CUMPLE","NO CUMPLE",IF(AH39="NO CUMPLE","NO CUMPLE","CUMPLE")))) -> CUMPLE
B40: =IF(C40="","",B39+0.1) | I40: =IF(ISERROR(E40-G40),"",E40-G40) -> 0 | J40: =IF(ISERROR(F40-H40),"",F40-H40) -> 0 | M40: 3 | N40: =IF(M40="","",VLOOKUP(M40,POA!$B$3:$G11,3,0)) -> 5 | P40: =+SUM(P41:P49) -> 0 | Q40: =IF(ISERROR(VLOOKUP(M40,POA!$B$3:$G23,2,0)),"",VLOOKUP(M40,POA!$B$3:$G23,2,0)) -> 1522205504 | R40: =IF(M40="","",SUM($I$38)+IF(ISERROR(VLOOKUP(M40,POA!$B$3:$G13,4,0)),"",VLOOKUP(M40,POA!$B$3:$G13,4,0))) -> 9.3904999e+08 | S40: =IF(OR($R$26=0,M40="",Q40=""),"",IF($R$26>=VLOOKUP(M40,POA!$B$3:$G$21,6,FALSE),"CUMPLE","NO CUMPLE")) | V40: =IF(OR($U38=0,M40="",Q40=""),"",IF(AND(T40="SI",$U38>=$V$22),"CUMPLE",IF($U38>=$V$23,"CUMPLE","NO CUMPLE"))) -> CUMPLE | X40: =IF(OR(W38=0,M40="",Q40=""),"",IF(AND(T40="SI",W38<=$X$22),"CUMPLE",IF(W38<=$X$23,"CUMPLE","NO CUMPLE"))) -> CUMPLE | Z40: =IF(OR(Y38=0,M40="",Q40=""),"",IF(AND(T40="SI",Y38>=$Z$22),"CUMPLE",IF(Y38>=$Z$23,"CUMPLE","NO CUMPLE"))) -> CUMPLE | AA40: =IF(OR(S40="",V40="",X40="",Z40=""),"",IF(S40="NO CUMPLE","NO CUMPLE",IF(V40="NO CUMPLE","NO CUMPLE",IF(X40="NO CUMPLE","NO CUMPLE",IF(Z40="NO CUMPLE","NO CUMPLE",IF(Z40="NO CUMPLE","NO CUMPLE","CUMPLE")))))) | AB40: 2021 | AC40: =IF(ISERROR(F40/VLOOKUP(AB40,$AC$21:$AD$23,2)),"",F40/VLOOKUP(AB40,$AC$21:$AD$23,2)) -> 0 | AD40: =IF(OR(B40="",C40=""),"",IF(AND(AC40>0,AC40<=30000),"MIPYME","NO CUMPLE")) | AF40: =IF(OR(M40="",L38="",P40=""),"",IF(AND(T38="SI",AE38>=$AF$22),"CUMPLE",IF(AE38>=$AF$23,"CUMPLE","NO CUMPLE"))) -> CUMPLE | AH40: =IF(OR(M40="",L38="",P38=""),"",IF(AND(T38="SI",AG38>=$AH$22),"CUMPLE",IF(AG38>=$AH$23,"CUMPLE","NO CUMPLE"))) -> CUMPLE | AI40: =IF(OR(AF40="",AH40=""),"",IF(AF40="NO CUMPLE","NO CUMPLE",IF(AH40="NO CUMPLE","NO CUMPLE",IF(AH40="NO CUMPLE","NO CUMPLE","CUMPLE")))) -> CUMPLE
B41: =IF(C41="","",B40+0.1) | I41: =IF(ISERROR(E41-G41),"",E41-G41) -> 0 | J41: =IF(ISERROR(F41-H41),"",F41-H41) -> 0 | M41: 4 | N41: =IF(M41="","",VLOOKUP(M41,POA!$B$3:$G11,3,0)) -> 5 | P41: =+SUM(P42:P49) -> 0 | Q41: =IF(ISERROR(VLOOKUP(M41,POA!$B$3:$G23,2,0)),"",VLOOKUP(M41,POA!$B$3:$G23,2,0)) -> 1378467964 | R41: =IF(M41="","",SUM($I$38)+IF(ISERROR(VLOOKUP(M41,POA!$B$3:$G14,4,0)),"",VLOOKUP(M41,POA!$B$3:$G14,4,0))) -> 9.1030248e+08 | S41: =IF(OR($R$26=0,M41="",Q41=""),"",IF($R$26>=VLOOKUP(M41,POA!$B$3:$G$21,6,FALSE),"CUMPLE","NO CUMPLE")) | V41: =IF(OR($U38=0,M41="",Q41=""),"",IF(AND(T41="SI",$U38>=$V$22),"CUMPLE",IF($U38>=$V$23,"CUMPLE","NO CUMPLE"))) -> CUMPLE | X41: =IF(OR(W38=0,M41="",Q41=""),"",IF(AND(T41="SI",W38<=$X$22),"CUMPLE",IF(W38<=$X$23,"CUMPLE","NO CUMPLE"))) -> CUMPLE | Z41: =IF(OR(Y38=0,M41="",Q41=""),"",IF(AND(T41="SI",Y38>=$Z$22),"CUMPLE",IF(Y38>=$Z$23,"CUMPLE","NO CUMPLE"))) -> CUMPLE | AA41: =IF(OR(S41="",V41="",X41="",Z41=""),"",IF(S41="NO CUMPLE","NO CUMPLE",IF(V41="NO CUMPLE","NO CUMPLE",IF(X41="NO CUMPLE","NO CUMPLE",IF(Z41="NO CUMPLE","NO CUMPLE",IF(Z41="NO CUMPLE","NO CUMPLE","CUMPLE")))))) | AB41: 2021 | AC41: =IF(ISERROR(F41/VLOOKUP(AB41,$AC$21:$AD$23,2)),"",F41/VLOOKUP(AB41,$AC$21:$AD$23,2)) -> 0 | AD41: =IF(OR(B41="",C41=""),"",IF(AND(AC41>0,AC41<=30000),"MIPYME","NO CUMPLE")) | AF41: =IF(OR(M41="",L38="",P41=""),"",IF(AND(T38="SI",AE38>=$AF$22),"CUMPLE",IF(AE38>=$AF$23,"CUMPLE","NO CUMPLE"))) -> CUMPLE | AH41: =IF(OR(M41="",L38="",P38=""),"",IF(AND(T38="SI",AG38>=$AH$22),"CUMPLE",IF(AG38>=$AH$23,"CUMPLE","NO CUMPLE"))) -> CUMPLE | AI41: =IF(OR(AF41="",AH41=""),"",IF(AF41="NO CUMPLE","NO CUMPLE",IF(AH41="NO CUMPLE","NO CUMPLE",IF(AH41="NO CUMPLE","NO CUMPLE","CUMPLE")))) -> CUMPLE
B42: =IF(C42="","",B41+0.1) | I42: =IF(ISERROR(E42-G42),"",E42-G42) -> 0 | J42: =IF(ISERROR(F42-H42),"",F42-H42) -> 0 | M42: 5 | N42: =IF(M42="","",VLOOKUP(M42,POA!$B$3:$G23,3,0)) -> 5 | P42: =+SUM(P43:P49) -> 0 | Q42: =IF(ISERROR(VLOOKUP(M42,POA!$B$3:$G12,2,0)),"",VLOOKUP(M42,POA!$B$3:$G12,2,0)) -> 1348402734 | R42: =IF(M42="","",SUM($I$38)+IF(ISERROR(VLOOKUP(M42,POA!$B$3:$G15,4,0)),"",VLOOKUP(M42,POA!$B$3:$G15,4,0))) -> 9.0428943e+08 | S42: =IF(OR($R$26=0,M42="",Q42=""),"",IF($R$26>=VLOOKUP(M42,POA!$B$3:$G$21,6,FALSE),"CUMPLE","NO CUMPLE")) | V42: =IF(OR($U38=0,M42="",Q42=""),"",IF(AND(T42="SI",$U38>=$V$22),"CUMPLE",IF($U38>=$V$23,"CUMPLE","NO CUMPLE"))) -> CUMPLE | X42: =IF(OR(W38=0,M42="",Q42=""),"",IF(AND(T42="SI",W38<=$X$22),"CUMPLE",IF(W38<=$X$23,"CUMPLE","NO CUMPLE"))) -> CUMPLE | Z42: =IF(OR(Y38=0,M42="",Q42=""),"",IF(AND(T42="SI",Y38>=$Z$22),"CUMPLE",IF(Y38>=$Z$23,"CUMPLE","NO CUMPLE"))) -> CUMPLE | AA42: =IF(OR(S42="",V42="",X42="",Z42=""),"",IF(S42="NO CUMPLE","NO CUMPLE",IF(V42="NO CUMPLE","NO CUMPLE",IF(X42="NO CUMPLE","NO CUMPLE",IF(Z42="NO CUMPLE","NO CUMPLE",IF(Z42="NO CUMPLE","NO CUMPLE","CUMPLE")))))) | AB42: 2021 | AC42: =IF(ISERROR(F42/VLOOKUP(AB42,$AC$21:$AD$23,2)),"",F42/VLOOKUP(AB42,$AC$21:$AD$23,2)) -> 0 | AD42: =IF(OR(B42="",C42=""),"",IF(AND(AC42>0,AC42<=30000),"MIPYME","NO CUMPLE")) | AF42: =IF(OR(M42="",L38="",P42=""),"",IF(AND(T38="SI",AE38>=$AF$22),"CUMPLE",IF(AE38>=$AF$23,"CUMPLE","NO CUMPLE"))) -> CUMPLE | AH42: =IF(OR(M41="",L38="",P38=""),"",IF(AND(T38="SI",AG38>=$AH$22),"CUMPLE",IF(AG38>=$AH$23,"CUMPLE","NO CUMPLE"))) -> CUMPLE | AI42: =IF(OR(AF42="",AH42=""),"",IF(AF42="NO CUMPLE","NO CUMPLE",IF(AH42="NO CUMPLE","NO CUMPLE",IF(AH42="NO CUMPLE","NO CUMPLE","CUMPLE")))) -> CUMPLE
B43: =IF(C43="","",B42+0.1) | I43: =IF(ISERROR(E43-G43),"",E43-G43) -> 0 | J43: =IF(ISERROR(F43-H43),"",F43-H43) -> 0 | M43: 6 | N43: =IF(M43="","",VLOOKUP(M43,POA!$B$3:$G11,3,0)) -> 5 | P43: =+SUM(P44:P49) -> 0 | Q43: =IF(ISERROR(VLOOKUP(M43,POA!$B$3:$G23,2,0)),"",VLOOKUP(M43,POA!$B$3:$G23,2,0)) -> 1264100957 | R43: =IF(M43="","",SUM($I$38)+IF(ISERROR(VLOOKUP(M43,POA!$B$3:$G16,4,0)),"",VLOOKUP(M43,POA!$B$3:$G16,4,0))) -> 8.8742908e+08 | S43: =IF(OR($R$26=0,M43="",Q43=""),"",IF($R$26>=VLOOKUP(M43,POA!$B$3:$G$21,6,FALSE),"CUMPLE","NO CUMPLE")) | V43: =IF(OR($U38=0,M43="",Q43=""),"",IF(AND(T43="SI",$U38>=$V$22),"CUMPLE",IF($U38>=$V$23,"CUMPLE","NO CUMPLE"))) -> CUMPLE | X43: =IF(OR(W38=0,M43="",Q43=""),"",IF(AND(T43="SI",W38<=$X$22),"CUMPLE",IF(W38<=$X$23,"CUMPLE","NO CUMPLE"))) -> CUMPLE | Z43: =IF(OR(Y38=0,M43="",Q43=""),"",IF(AND(T43="SI",Y38>=$Z$22),"CUMPLE",IF(Y38>=$Z$23,"CUMPLE","NO CUMPLE"))) -> CUMPLE | AA43: =IF(OR(S43="",V43="",X43="",Z43=""),"",IF(S43="NO CUMPLE","NO CUMPLE",IF(V43="NO CUMPLE","NO CUMPLE",IF(X43="NO CUMPLE","NO CUMPLE",IF(Z43="NO CUMPLE","NO CUMPLE",IF(Z43="NO CUMPLE","NO CUMPLE","CUMPLE")))))) | AB43: 2021 | AC43: =IF(ISERROR(F43/VLOOKUP(AB43,$AC$21:$AD$23,2)),"",F43/VLOOKUP(AB43,$AC$21:$AD$23,2)) -> 0 | AD43: =IF(OR(B43="",C43=""),"",IF(AND(AC43>0,AC43<=30000),"MIPYME","NO CUMPLE")) | AF43: =IF(OR(M43="",L38="",P43=""),"",IF(AND(T38="SI",AE38>=$AF$22),"CUMPLE",IF(AE38>=$AF$23,"CUMPLE","NO CUMPLE"))) -> CUMPLE | AH43: =IF(OR(M43="",L38="",P38=""),"",IF(AND(T38="SI",AG38>=$AH$22),"CUMPLE",IF(AG38>=$AH$23,"CUMPLE","NO CUMPLE"))) -> CUMPLE | AI43: =IF(OR(AF43="",AH43=""),"",IF(AF43="NO CUMPLE","NO CUMPLE",IF(AH43="NO CUMPLE","NO CUMPLE",IF(AH43="NO CUMPLE","NO CUMPLE","CUMPLE")))) -> CUMPLE
B44: =IF(C44="","",B43+0.1) | I44: =IF(ISERROR(E44-G44),"",E44-G44) -> 0 | J44: =IF(ISERROR(F44-H44),"",F44-H44) -> 0 | M44: 7 | N44: =IF(M44="","",VLOOKUP(M44,POA!$B$3:$G11,3,0)) -> 5 | P44: =+SUM(P45:P49) -> 0 | Q44: =IF(ISERROR(VLOOKUP(M44,POA!$B$3:$G23,2,0)),"",VLOOKUP(M44,POA!$B$3:$G23,2,0)) -> 1167015102 | R44: =IF(M44="","",SUM($I$38)+IF(ISERROR(VLOOKUP(M44,POA!$B$3:$G17,4,0)),"",VLOOKUP(M44,POA!$B$3:$G17,4,0))) -> 8.6801191e+08 | S44: =IF(OR($R$26=0,M44="",Q44=""),"",IF($R$26>=VLOOKUP(M44,POA!$B$3:$G$21,6,FALSE),"CUMPLE","NO CUMPLE")) | V44: =IF(OR($U38=0,M44="",Q44=""),"",IF(AND(T44="SI",$U38>=$V$22),"CUMPLE",IF($U38>=$V$23,"CUMPLE","NO CUMPLE"))) -> CUMPLE | X44: =IF(OR(W38=0,M44="",Q44=""),"",IF(AND(T44="SI",W38<=$X$22),"CUMPLE",IF(W38<=$X$23,"CUMPLE","NO CUMPLE"))) -> CUMPLE | Z44: =IF(OR(Y38=0,M44="",Q44=""),"",IF(AND(T44="SI",Y38>=$Z$22),"CUMPLE",IF(Y38>=$Z$23,"CUMPLE","NO CUMPLE"))) -> CUMPLE | AA44: =IF(OR(S44="",V44="",X44="",Z44=""),"",IF(S44="NO CUMPLE","NO CUMPLE",IF(V44="NO CUMPLE","NO CUMPLE",IF(X44="NO CUMPLE","NO CUMPLE",IF(Z44="NO CUMPLE","NO CUMPLE",IF(Z44="NO CUMPLE","NO CUMPLE","CUMPLE")))))) | AB44: 2021 | AC44: =IF(ISERROR(F44/VLOOKUP(AB44,$AC$21:$AD$23,2)),"",F44/VLOOKUP(AB44,$AC$21:$AD$23,2)) -> 0 | AD44: =IF(OR(B44="",C44=""),"",IF(AND(AC44>0,AC44<=30000),"MIPYME","NO CUMPLE")) | AF44: =IF(OR(M44="",L38="",P44=""),"",IF(AND(T42="SI",AE38>=$AF$22),"CUMPLE",IF(AE38>=$AF$23,"CUMPLE","NO CUMPLE"))) -> NO CUMPLE | AH44: =IF(OR(M44="",L38="",P38=""),"",IF(AND(T38="SI",AG38>=$AH$22),"CUMPLE",IF(AG38>=$AH$23,"CUMPLE","NO CUMPLE"))) -> CUMPLE | AI44: =IF(OR(AF44="",AH44=""),"",IF(AF44="NO CUMPLE","NO CUMPLE",IF(AH44="NO CUMPLE","NO CUMPLE",IF(AH44="NO CUMPLE","NO CUMPLE","CUMPLE")))) -> NO CUMPLE
B45: =IF(C45="","",B44+0.1) | I45: =IF(ISERROR(E45-G45),"",E45-G45) -> 0 | J45: =IF(ISERROR(F45-H45),"",F45-H45) -> 0 | M45: 8 | N45: =IF(M45="","",VLOOKUP(M45,POA!$B$3:$G11,3,0)) -> 5 | P45: =+SUM(P46:P49) -> 0 | Q45: =IF(ISERROR(VLOOKUP(M45,POA!$B$3:$G23,2,0)),"",VLOOKUP(M45,POA!$B$3:$G23,2,0)) -> 1146992897 | R45: =IF(M45="","",SUM($I$38)+IF(ISERROR(VLOOKUP(M45,POA!$B$3:$G18,4,0)),"",VLOOKUP(M45,POA!$B$3:$G18,4,0))) -> 8.6400747e+08 | S45: =IF(OR($R$26=0,M45="",Q45=""),"",IF($R$26>=VLOOKUP(M45,POA!$B$3:$G$21,6,FALSE),"CUMPLE","NO CUMPLE")) | V45: =IF(OR($U38=0,M45="",Q45=""),"",IF(AND(T45="SI",$U38>=$V$22),"CUMPLE",IF($U38>=$V$23,"CUMPLE","NO CUMPLE"))) -> CUMPLE | X45: =IF(OR(W38=0,M45="",Q45=""),"",IF(AND(T45="SI",W38<=$X$22),"CUMPLE",IF(W38<=$X$23,"CUMPLE","NO CUMPLE"))) -> CUMPLE | Z45: =IF(OR(Y38=0,M45="",Q45=""),"",IF(AND(T45="SI",Y38>=$Z$22),"CUMPLE",IF(Y38>=$Z$23,"CUMPLE","NO CUMPLE"))) -> CUMPLE | AA45: =IF(OR(S45="",V45="",X45="",Z45=""),"",IF(S45="NO CUMPLE","NO CUMPLE",IF(V45="NO CUMPLE","NO CUMPLE",IF(X45="NO CUMPLE","NO CUMPLE",IF(Z45="NO CUMPLE","NO CUMPLE",IF(Z45="NO CUMPLE","NO CUMPLE","CUMPLE")))))) | AB45: 2021 | AC45: =IF(ISERROR(F45/VLOOKUP(AB45,$AC$21:$AD$23,2)),"",F45/VLOOKUP(AB45,$AC$21:$AD$23,2)) -> 0 | AD45: =IF(OR(B45="",C45=""),"",IF(AND(AC45>0,AC45<=30000),"MIPYME","NO CUMPLE")) | AF45: =IF(OR(M45="",L38="",P45=""),"",IF(AND(T38="SI",AE38>=$AF$22),"CUMPLE",IF(AE38>=$AF$23,"CUMPLE","NO CUMPLE"))) -> CUMPLE | AH45: =IF(OR(M45="",L38="",P38=""),"",IF(AND(T38="SI",AG38>=$AH$22),"CUMPLE",IF(AG38>=$AH$23,"CUMPLE","NO CUMPLE"))) -> CUMPLE | AI45: =IF(OR(AF45="",AH45=""),"",IF(AF45="NO CUMPLE","NO CUMPLE",IF(AH45="NO CUMPLE","NO CUMPLE",IF(AH45="NO CUMPLE","NO CUMPLE","CUMPLE")))) -> CUMPLE
B46: =IF(C46="","",B45+0.1) | I46: =IF(ISERROR(E46-G46),"",E46-G46) -> 0 | J46: =IF(ISERROR(F46-H46),"",F46-H46) -> 0 | M46: 9 | N46: =IF(M46="","",VLOOKUP(M46,POA!$B$3:$G11,3,0)) -> 5 | P46: =+SUM(P47:P49) -> 0 | Q46: =IF(ISERROR(VLOOKUP(M46,POA!$B$3:$G16,2,0)),"",VLOOKUP(M46,POA!$B$3:$G16,2,0)) -> 1077361989 | R46: =IF(M46="","",SUM($I$38)+IF(ISERROR(VLOOKUP(M46,POA!$B$3:$G19,4,0)),"",VLOOKUP(M46,POA!$B$3:$G19,4,0))) -> 8.5008128e+08 | S46: =IF(OR($R$26=0,M46="",Q46=""),"",IF($R$26>=VLOOKUP(M46,POA!$B$3:$G$21,6,FALSE),"CUMPLE","NO CUMPLE")) | V46: =IF(OR($U38=0,M46="",Q46=""),"",IF(AND(T46="SI",$U38>=$V$22),"CUMPLE",IF($U38>=$V$23,"CUMPLE","NO CUMPLE"))) -> CUMPLE | X46: =IF(OR(W38=0,M46="",Q46=""),"",IF(AND(T46="SI",W38<=$X$22),"CUMPLE",IF(W38<=$X$23,"CUMPLE","NO CUMPLE"))) -> CUMPLE | Z46: =IF(OR(Y38=0,M46="",Q46=""),"",IF(AND(T46="SI",Y38>=$Z$22),"CUMPLE",IF(Y38>=$Z$23,"CUMPLE","NO CUMPLE"))) -> CUMPLE | AA46: =IF(OR(S46="",V46="",X46="",Z46=""),"",IF(S46="NO CUMPLE","NO CUMPLE",IF(V46="NO CUMPLE","NO CUMPLE",IF(X46="NO CUMPLE","NO CUMPLE",IF(Z46="NO CUMPLE","NO CUMPLE",IF(Z46="NO CUMPLE","NO CUMPLE","CUMPLE")))))) | AB46: 2021 | AC46: =IF(ISERROR(F46/VLOOKUP(AB46,$AC$21:$AD$23,2)),"",F46/VLOOKUP(AB46,$AC$21:$AD$23,2)) -> 0 | AD46: =IF(OR(B46="",C46=""),"",IF(AND(AC46>0,AC46<=30000),"MIPYME","NO CUMPLE")) | AF46: =IF(OR(M46="",L38="",P38=""),"",IF(AND(T38="SI",AE38>=$AF$22),"CUMPLE",IF(AE38>=$AF$23,"CUMPLE","NO CUMPLE"))) -> CUMPLE | AH46: =IF(OR(M46="",L38="",P38=""),"",IF(AND(T38="SI",AG38>=$AH$22),"CUMPLE",IF(AG38>=$AH$23,"CUMPLE","NO CUMPLE"))) -> CUMPLE | AI46: =IF(OR(AF46="",AH46=""),"",IF(AF46="NO CUMPLE","NO CUMPLE",IF(AH46="NO CUMPLE","NO CUMPLE",IF(AH46="NO CUMPLE","NO CUMPLE","CUMPLE")))) -> CUMPLE
B47: =IF(C47="","",B46+0.1) | I47: =IF(ISERROR(E47-G47),"",E47-G47) -> 0 | J47: =IF(ISERROR(F47-H47),"",F47-H47) -> 0 | N47: =IF(M47="","",VLOOKUP(M47,POA!$B$3:$G11,3,0)) | P47: =+SUM(P48:P49) -> 0 | Q47: =IF(ISERROR(VLOOKUP(M47,POA!$B$3:$G17,2,0)),"",VLOOKUP(M47,POA!$B$3:$G17,2,0)) | V47: =IF(OR($U38=0,M47="",Q47=""),"",IF(AND(T47="SI",$U38>=$V$22),"CUMPLE",IF($U38>=$V$23,"CUMPLE","NO CUMPLE"))) | X47: =IF(OR(W38=0,M47="",Q47=""),"",IF(AND(T47="SI",W38<=$X$22),"CUMPLE",IF(W38<=$X$23,"CUMPLE","NO CUMPLE"))) | Z47: =IF(OR(Y38=0,M47="",Q47=""),"",IF(AND(T47="SI",Y38>=$Z$22),"CUMPLE",IF(Y38>=$Z$23,"CUMPLE","NO CUMPLE"))) | AA47: =IF(OR(S47="",V47="",X47="",Z47=""),"",IF(S47="NO CUMPLE","NO CUMPLE",IF(V47="NO CUMPLE","NO CUMPLE",IF(X47="NO CUMPLE","NO CUMPLE",IF(Z47="NO CUMPLE","NO CUMPLE",IF(Z47="NO CUMPLE","NO CUMPLE","CUMPLE")))))) | AB47: 2021 | AC47: =IF(ISERROR(F47/VLOOKUP(AB47,$AC$21:$AD$23,2)),"",F47/VLOOKUP(AB47,$AC$21:$AD$23,2)) -> 0 | AD47: =IF(OR(B47="",C47=""),"",IF(AND(AC47>0,AC47<=30000),"MIPYME","NO CUMPLE")) | AF47: =IF(OR(M47="",L38="",P47=""),"",IF(AND(T38="SI",AE38>=$AF$22),"CUMPLE",IF(AE38>=$AF$23,"CUMPLE","NO CUMPLE"))) | AH47: =IF(OR(M47="",L38="",P38=""),"",IF(AND(T38="SI",AG38>=$AH$22),"CUMPLE",IF(AG38>=$AH$23,"CUMPLE","NO CUMPLE"))) | AI47: =IF(OR(AF47="",AH47=""),"",IF(AF47="NO CUMPLE","NO CUMPLE",IF(AH47="NO CUMPLE","NO CUMPLE",IF(AH47="NO CUMPLE","NO CUMPLE","CUMPLE"))))
B48: =IF(C48="","",B47+0.1) | I48: =IF(ISERROR(E48-G48),"",E48-G48) -> 0 | J48: =IF(ISERROR(F48-H48),"",F48-H48) -> 0 | N48: =IF(M48="","",VLOOKUP(M48,POA!$B$3:$G11,3,0)) | P48: =+SUM(P49:P49) -> 0 | Q48: =IF(ISERROR(VLOOKUP(M48,POA!$B$3:$G18,2,0)),"",VLOOKUP(M48,POA!$B$3:$G18,2,0)) | V48: =IF(OR($U39=0,M48="",Q48=""),"",IF(AND(T48="SI",$U39>=$V$22),"CUMPLE",IF($U39>=$V$23,"CUMPLE","NO CUMPLE"))) | X48: =IF(OR(W39=0,M48="",Q48=""),"",IF(AND(T48="SI",W39<=$X$22),"CUMPLE",IF(W39<=$X$23,"CUMPLE","NO CUMPLE"))) | Z48: =IF(OR(Y39=0,M48="",Q48=""),"",IF(AND(T48="SI",Y39>=$Z$22),"CUMPLE",IF(Y39>=$Z$23,"CUMPLE","NO CUMPLE"))) | AA48: =IF(OR(S48="",V48="",X48="",Z48=""),"",IF(S48="NO CUMPLE","NO CUMPLE",IF(V48="NO CUMPLE","NO CUMPLE",IF(X48="NO CUMPLE","NO CUMPLE",IF(Z48="NO CUMPLE","NO CUMPLE",IF(Z48="NO CUMPLE","NO CUMPLE","CUMPLE")))))) | AF48: =IF(OR(M48="",L38="",P48=""),"",IF(AND(T38="SI",AE38>=$AF$22),"CUMPLE",IF(AE38>=$AF$23,"CUMPLE","NO CUMPLE"))) | AH48: =IF(OR(M48="",L38="",P38=""),"",IF(AND(T38="SI",AG38>=$AH$22),"CUMPLE",IF(AG38>=$AH$23,"CUMPLE","NO CUMPLE"))) | AI48: =IF(OR(AF48="",AH48=""),"",IF(AF48="NO CUMPLE","NO CUMPLE",IF(AH48="NO CUMPLE","NO CUMPLE",IF(AH48="NO CUMPLE","NO CUMPLE","CUMPLE"))))
B49: B
A50: CLAUDIA ALICIA ALFARO DE LOS RIOS | B50: 3 | C50: ALDEIC SAS BIC | D50: =IF(SUM(D51:D60)=0,"",SUM(D51:D60)) -> 1 | E50: =IF(ISERROR(SUM(E51:E60)),"",SUM(E51:E60)) -> 1497049088 | F50: =IF(ISERROR(SUM(F51:F60)),"",SUM(F51:F60)) -> 1497049088 | G50: =IF(ISERROR(SUM(G51:G60)),"",SUM(G51:G60)) -> 72523300 | H50: =IF(ISERROR(SUM(H51:H60)),"",SUM(H51:H60)) -> 277523300 | I50: =IF(ISERROR(SUM(I51:I60)),"",SUM(I51:I60)) -> 1424525788 | J50: =IF(ISERROR(SUM(J51:J60)),"",SUM(J51:J60)) -> 1219525788 | K50: =IF(ISERROR(SUM(K51:K60)),"",SUM(K51:K60)) -> 177585959 | L50: =IF(ISERROR(SUM(L51:L59)),"",SUM(L51:L59)) -> 0.0001 | M50: 4 | N50: =IF(M50="","",VLOOKUP(M50,POA!$B$3:$G22,3,0)) -> 5 | P50: =+SUM(P51:P59) -> 0 | Q50: =IF(ISERROR(VLOOKUP(M50,POA!$B$3:$G35,2,0)),"",VLOOKUP(M50,POA!$B$3:$G35,2,0)) -> 1378467964 | R50: =IF(M50="","",SUM($I$50)+IF(ISERROR(VLOOKUP(M50,POA!$B$3:$G23,4,0)),"",VLOOKUP(M50,POA!$B$3:$G23,4,0))) -> 1.7002194e+09 | S50: =IF(OR($R$26=0,M50="",Q50=""),"",IF($R$26>=VLOOKUP(M50,POA!$B$3:$G$21,6,FALSE),"CUMPLE","NO CUMPLE")) | T50: =IF(M50="","",IF(COUNTIFS(T51:T60,"SI",D51:D60,">=10%")>0,"SI","NO")) -> SI | U50: =IF(ISERROR(SUM(E50/G50)),0,SUM(E50/G50)) -> 20.642319 | V50: =IF(OR($U50=0,M50="",Q50=""),"",IF(AND(T50="SI",$U50>=$V$22),"CUMPLE",IF($U50>=$V$23,"CUMPLE","NO CUMPLE"))) -> CUMPLE | W50: =IF(M50="","",IF(ISERROR(SUM(H50/F50)),0,SUM(H50/F50))) -> 0.18538023 | X50: =IF(OR(W50=0,M50="",Q50=""),"",IF(AND(T50="SI",W50<=$X$22),"CUMPLE",IF(W50<=$X$23,"CUMPLE","NO CUMPLE"))) -> CUMPLE | Y50: =IF(ISERROR(SUM(K50/L50)),0,SUM(K50/L50)) -> 1775859590000 | Z50: =IF(OR(Y50=0,M50="",Q50=""),"",IF(AND(T50="SI",Y50>=$Z$22),"CUMPLE",IF(Y50>=$Z$23,"CUMPLE","NO CUMPLE"))) -> CUMPLE | AA50: =IF(OR(S50="",V50="",X50="",Z50=""),"",IF(S50="NO CUMPLE","NO CUMPLE",IF(V50="NO CUMPLE","NO CUMPLE",IF(X50="NO CUMPLE","NO CUMPLE",IF(Z50="NO CUMPLE","NO CUMPLE",IF(Z50="NO CUMPLE","NO CUMPLE","CUMPLE")))))) | AB50: 2021 | AC50: =IF(ISERROR(F50/VLOOKUP(AB50,$AC$21:$AD$23,2)),"",F50/VLOOKUP(AB50,$AC$21:$AD$23,2)) -> 1647.7779 | AD50: =IF(OR(B50="",C50=""),"",IF(AND(AC50>0,AC50<=30000),"MIPYME","NO CUMPLE")) -> MIPYME | AE50: =IF(M50="","",IF(ISERROR(SUM(K50/J50)),0,SUM(K50/J50))) -> 0.14561886 | AF50: =IF(OR(M50="",L50="",P50=""),"",IF(AND(T50="SI",AE50>=$AF$22),"CUMPLE",IF(AE50>=$AF$23,"CUMPLE","NO CUMPLE"))) -> CUMPLE | AG50: =IF(M50="","",IF(ISERROR(SUM(K50/F50)),0,SUM(K50/F50))) -> 0.11862401 | AH50: =IF(OR(M50="",L50="",P50=""),"",IF(AND(T50="SI",AG50>=$AH$22),"CUMPLE",IF(AG50>=$AH$23,"CUMPLE","NO CUMPLE"))) -> CUMPLE | AI50: =IF(OR(AF50="",AH50=""),"",IF(AF50="NO CUMPLE","NO CUMPLE",IF(AH50="NO CUMPLE","NO CUMPLE",IF(AH50="NO CUMPLE","NO CUMPLE","CUMPLE")))) -> CUMPLE
A51: 45481 | B51: =IF(C51="","",B50+0.1) -> 3.1 | C51: ALDEIC SAS BIC | D51: 1 | E51: 1497049088 | F51: 1497049088 | G51: 72523300 | H51: 277523300 | I51: =IF(ISERROR(E51-G51),"",E51-G51) -> 1424525788 | J51: =IF(ISERROR(F51-H51),"",F51-H51) -> 1219525788 | K51: 177585959 | L51: 0.0001 | M51: 6 | N51: =IF(M51="","",VLOOKUP(M51,POA!$B$3:$G22,3,0)) -> 5 | P51: =+SUM(P52:P60) -> 0 | Q51: =IF(ISERROR(VLOOKUP(M51,POA!$B$3:$G35,2,0)),"",VLOOKUP(M51,POA!$B$3:$G35,2,0)) -> 1264100957 | R51: =IF(M51="","",SUM($I$50)+IF(ISERROR(VLOOKUP(M51,POA!$B$3:$G24,4,0)),"",VLOOKUP(M51,POA!$B$3:$G24,4,0))) -> 1.677346e+09 | S51: =IF(OR($R$26=0,M51="",Q51=""),"",IF($R$26>=VLOOKUP(M51,POA!$B$3:$G$21,6,FALSE),"CUMPLE","NO CUMPLE")) | T51: SI | V51: =IF(OR($U50=0,M51="",Q51=""),"",IF(AND(T51="SI",$U50>=$V$22),"CUMPLE",IF($U50>=$V$23,"CUMPLE","NO CUMPLE"))) -> CUMPLE | X51: =IF(OR(W50=0,M51="",Q51=""),"",IF(AND(T51="SI",W50<=$X$22),"CUMPLE",IF(W50<=$X$23,"CUMPLE","NO CUMPLE"))) -> CUMPLE | Z51: =IF(OR(Y50=0,M51="",Q51=""),"",IF(AND(T51="SI",Y50>=$Z$22),"CUMPLE",IF(Y50>=$Z$23,"CUMPLE","NO CUMPLE"))) -> CUMPLE | AA51: =IF(OR(S51="",V51="",X51="",Z51=""),"",IF(S51="NO CUMPLE","NO CUMPLE",IF(V51="NO CUMPLE","NO CUMPLE",IF(X51="NO CUMPLE","NO CUMPLE",IF(Z51="NO CUMPLE","NO CUMPLE",IF(Z51="NO CUMPLE","NO CUMPLE","CUMPLE")))))) | AB51: 2021 | AC51: =IF(ISERROR(F51/VLOOKUP(AB51,$AC$21:$AD$23,2)),"",F51/VLOOKUP(AB51,$AC$21:$AD$23,2)) -> 1647.7779 | AD51: =IF(OR(B51="",C51=""),"",IF(AND(AC51>0,AC51<=30000),"MIPYME","NO CUMPLE")) -> MIPYME | AF51: =IF(OR(M51="",L50="",P51=""),"",IF(AND(T50="SI",AE50>=$AF$22),"CUMPLE",IF(AE50>=$AF$23,"CUMPLE","NO CUMPLE"))) -> CUMPLE | AH51: =IF(OR(M51="",L50="",P51=""),"",IF(AND(T50="SI",AG50>=$AH$22),"CUMPLE",IF(AG50>=$AH$23,"CUMPLE","NO CUMPLE"))) -> CUMPLE | AI51: =IF(OR(AF51="",AH51=""),"",IF(AF51="NO CUMPLE","NO CUMPLE",IF(AH51="NO CUMPLE","NO CUMPLE",IF(AH51="NO CUMPLE","NO CUMPLE","CUMPLE")))) -> CUMPLE
B52: =IF(C52="","",B51+0.1) | I52: =IF(ISERROR(E52-G52),"",E52-G52) -> 0 | J52: =IF(ISERROR(F52-H52),"",F52-H52) -> 0 | M52: 7 | N52: =IF(M52="","",VLOOKUP(M52,POA!$B$3:$G22,3,0)) -> 5 | P52: =+SUM(P53:P61) -> 0 | Q52: =IF(ISERROR(VLOOKUP(M52,POA!$B$3:$G35,2,0)),"",VLOOKUP(M52,POA!$B$3:$G35,2,0)) -> 1167015102 | R52: =IF(M52="","",SUM($I$50)+IF(ISERROR(VLOOKUP(M52,POA!$B$3:$G25,4,0)),"",VLOOKUP(M52,POA!$B$3:$G25,4,0))) -> 1.6579288e+09 | S52: =IF(OR($R$26=0,M52="",Q52=""),"",IF($R$26>=VLOOKUP(M52,POA!$B$3:$G$21,6,FALSE),"CUMPLE","NO CUMPLE")) | V52: =IF(OR($U50=0,M52="",Q52=""),"",IF(AND(T52="SI",$U50>=$V$22),"CUMPLE",IF($U50>=$V$23,"CUMPLE","NO CUMPLE"))) -> CUMPLE | X52: =IF(OR(W50=0,M52="",Q52=""),"",IF(AND(T52="SI",W50<=$X$22),"CUMPLE",IF(W50<=$X$23,"CUMPLE","NO CUMPLE"))) -> CUMPLE | Z52: =IF(OR(Y50=0,M52="",Q52=""),"",IF(AND(T52="SI",Y50>=$Z$22),"CUMPLE",IF(Y50>=$Z$23,"CUMPLE","NO CUMPLE"))) -> CUMPLE | AA52: =IF(OR(S52="",V52="",X52="",Z52=""),"",IF(S52="NO CUMPLE","NO CUMPLE",IF(V52="NO CUMPLE","NO CUMPLE",IF(X52="NO CUMPLE","NO CUMPLE",IF(Z52="NO CUMPLE","NO CUMPLE",IF(Z52="NO CUMPLE","NO CUMPLE","CUMPLE")))))) | AB52: 2021 | AC52: =IF(ISERROR(F52/VLOOKUP(AB52,$AC$21:$AD$23,2)),"",F52/VLOOKUP(AB52,$AC$21:$AD$23,2)) -> 0 | AD52: =IF(OR(B52="",C52=""),"",IF(AND(AC52>0,AC52<=30000),"MIPYME","NO CUMPLE")) | AF52: =IF(OR(M52="",L50="",P52=""),"",IF(AND(T50="SI",AE50>=$AF$22),"CUMPLE",IF(AE50>=$AF$23,"CUMPLE","NO CUMPLE"))) -> CUMPLE | AH52: =IF(OR(M52="",L50="",P50=""),"",IF(AND(T50="SI",AG50>=$AH$22),"CUMPLE",IF(AG50>=$AH$23,"CUMPLE","NO CUMPLE"))) -> CUMPLE | AI52: =IF(OR(AF52="",AH52=""),"",IF(AF52="NO CUMPLE","NO CUMPLE",IF(AH52="NO CUMPLE","NO CUMPLE",IF(AH52="NO CUMPLE","NO CUMPLE","CUMPLE")))) -> CUMPLE
B53: =IF(C53="","",B52+0.1) | I53: =IF(ISERROR(E53-G53),"",E53-G53) -> 0 | J53: =IF(ISERROR(F53-H53),"",F53-H53) -> 0 | M53: 8 | N53: =IF(M53="","",VLOOKUP(M53,POA!$B$3:$G22,3,0)) -> 5 | P53: =+SUM(P54:P61) -> 0 | Q53: =IF(ISERROR(VLOOKUP(M53,POA!$B$3:$G35,2,0)),"",VLOOKUP(M53,POA!$B$3:$G35,2,0)) -> 1146992897 | R53: =IF(M53="","",SUM($I$50)+IF(ISERROR(VLOOKUP(M53,POA!$B$3:$G26,4,0)),"",VLOOKUP(M53,POA!$B$3:$G26,4,0))) -> 1.6539244e+09 | S53: =IF(OR($R$26=0,M53="",Q53=""),"",IF($R$26>=VLOOKUP(M53,POA!$B$3:$G$21,6,FALSE),"CUMPLE","NO CUMPLE")) | V53: =IF(OR($U50=0,M53="",Q53=""),"",IF(AND(T53="SI",$U50>=$V$22),"CUMPLE",IF($U50>=$V$23,"CUMPLE","NO CUMPLE"))) -> CUMPLE | X53: =IF(OR(W50=0,M53="",Q53=""),"",IF(AND(T53="SI",W50<=$X$22),"CUMPLE",IF(W50<=$X$23,"CUMPLE","NO CUMPLE"))) -> CUMPLE | Z53: =IF(OR(Y50=0,M53="",Q53=""),"",IF(AND(T53="SI",Y50>=$Z$22),"CUMPLE",IF(Y50>=$Z$23,"CUMPLE","NO CUMPLE"))) -> CUMPLE | AA53: =IF(OR(S53="",V53="",X53="",Z53=""),"",IF(S53="NO CUMPLE","NO CUMPLE",IF(V53="NO CUMPLE","NO CUMPLE",IF(X53="NO CUMPLE","NO CUMPLE",IF(Z53="NO CUMPLE","NO CUMPLE",IF(Z53="NO CUMPLE","NO CUMPLE","CUMPLE")))))) | AB53: 2021 | AC53: =IF(ISERROR(F53/VLOOKUP(AB53,$AC$21:$AD$23,2)),"",F53/VLOOKUP(AB53,$AC$21:$AD$23,2)) -> 0 | AD53: =IF(OR(B53="",C53=""),"",IF(AND(AC53>0,AC53<=30000),"MIPYME","NO CUMPLE")) | AF53: =IF(OR(M53="",L50="",P53=""),"",IF(AND(T50="SI",AE50>=$AF$22),"CUMPLE",IF(AE50>=$AF$23,"CUMPLE","NO CUMPLE"))) -> CUMPLE | AH53: =IF(OR(M53="",L50="",P50=""),"",IF(AND(T50="SI",AG50>=$AH$22),"CUMPLE",IF(AG50>=$AH$23,"CUMPLE","NO CUMPLE"))) -> CUMPLE | AI53: =IF(OR(AF53="",AH53=""),"",IF(AF53="NO CUMPLE","NO CUMPLE",IF(AH53="NO CUMPLE","NO CUMPLE",IF(AH53="NO CUMPLE","NO CUMPLE","CUMPLE")))) -> CUMPLE
B54: =IF(C54="","",B53+0.1) | I54: =IF(ISERROR(E54-G54),"",E54-G54) -> 0 | J54: =IF(ISERROR(F54-H54),"",F54-H54) -> 0 | R54: =IF(M54="","",SUM($I54)+IF(ISERROR(VLOOKUP(M54,POA!$B$3:$G27,4,0)),"",VLOOKUP(M54,POA!$B$3:$G27,4,0))) | S54: =IF(OR($R$26=0,M54="",Q54=""),"",IF($R$26>=VLOOKUP(M54,POA!$B$3:$G$21,6,FALSE),"CUMPLE","NO CUMPLE")) | V54: =IF(OR($U50=0,M54="",Q54=""),"",IF(AND(T54="SI",$U50>=$V$22),"CUMPLE",IF($U50>=$V$23,"CUMPLE","NO CUMPLE"))) | X54: =IF(OR(W50=0,M54="",Q54=""),"",IF(AND(T54="SI",W50<=$X$22),"CUMPLE",IF(W50<=$X$23,"CUMPLE","NO CUMPLE"))) | Z54: =IF(OR(Y50=0,M54="",Q54=""),"",IF(AND(T54="SI",Y50>=$Z$22),"CUMPLE",IF(Y50>=$Z$23,"CUMPLE","NO CUMPLE"))) | AA54: =IF(OR(S54="",V54="",X54="",Z54=""),"",IF(S54="NO CUMPLE","NO CUMPLE",IF(V54="NO CUMPLE","NO CUMPLE",IF(X54="NO CUMPLE","NO CUMPLE",IF(Z54="NO CUMPLE","NO CUMPLE",IF(Z54="NO CUMPLE","NO CUMPLE","CUMPLE")))))) | AB54: 2021 | AC54: =IF(ISERROR(F54/VLOOKUP(AB54,$AC$21:$AD$23,2)),"",F54/VLOOKUP(AB54,$AC$21:$AD$23,2)) -> 0 | AD54: =IF(OR(B54="",C54=""),"",IF(AND(AC54>0,AC54<=30000),"MIPYME","NO CUMPLE")) | AF54: =IF(OR(M54="",L50="",P54=""),"",IF(AND(T50="SI",AE50>=$AF$22),"CUMPLE",IF(AE50>=$AF$23,"CUMPLE","NO CUMPLE"))) | AH54: =IF(OR(M53="",L50="",P50=""),"",IF(AND(T50="SI",AG50>=$AH$22),"CUMPLE",IF(AG50>=$AH$23,"CUMPLE","NO CUMPLE"))) -> CUMPLE | AI54: =IF(OR(AF54="",AH54=""),"",IF(AF54="NO CUMPLE","NO CUMPLE",IF(AH54="NO CUMPLE","NO CUMPLE",IF(AH54="NO CUMPLE","NO CUMPLE","CUMPLE"))))
B55: =IF(C55="","",B54+0.1) | I55: =IF(ISERROR(E55-G55),"",E55-G55) -> 0 | J55: =IF(ISERROR(F55-H55),"",F55-H55) -> 0 | R55: =IF(M55="","",SUM($I55)+IF(ISERROR(VLOOKUP(M55,POA!$B$3:$G28,4,0)),"",VLOOKUP(M55,POA!$B$3:$G28,4,0))) | S55: =IF(OR($R$26=0,M55="",Q55=""),"",IF($R$26>=VLOOKUP(M55,POA!$B$3:$G$21,6,FALSE),"CUMPLE","NO CUMPLE")) | V55: =IF(OR($U50=0,M55="",Q55=""),"",IF(AND(T55="SI",$U50>=$V$22),"CUMPLE",IF($U50>=$V$23,"CUMPLE","NO CUMPLE"))) | X55: =IF(OR(W50=0,M55="",Q55=""),"",IF(AND(T55="SI",W50<=$X$22),"CUMPLE",IF(W50<=$X$23,"CUMPLE","NO CUMPLE"))) | Z55: =IF(OR(Y50=0,M55="",Q55=""),"",IF(AND(T55="SI",Y50>=$Z$22),"CUMPLE",IF(Y50>=$Z$23,"CUMPLE","NO CUMPLE"))) | AA55: =IF(OR(S55="",V55="",X55="",Z55=""),"",IF(S55="NO CUMPLE","NO CUMPLE",IF(V55="NO CUMPLE","NO CUMPLE",IF(X55="NO CUMPLE","NO CUMPLE",IF(Z55="NO CUMPLE","NO CUMPLE",IF(Z55="NO CUMPLE","NO CUMPLE","CUMPLE")))))) | AB55: 2021 | AC55: =IF(ISERROR(F55/VLOOKUP(AB55,$AC$21:$AD$23,2)),"",F55/VLOOKUP(AB55,$AC$21:$AD$23,2)) -> 0 | AD55: =IF(OR(B55="",C55=""),"",IF(AND(AC55>0,AC55<=30000),"MIPYME","NO CUMPLE")) | AF55: =IF(OR(M55="",L50="",P55=""),"",IF(AND(T50="SI",AE50>=$AF$22),"CUMPLE",IF(AE50>=$AF$23,"CUMPLE","NO CUMPLE"))) | AH55: =IF(OR(M55="",L50="",P50=""),"",IF(AND(T50="SI",AG50>=$AH$22),"CUMPLE",IF(AG50>=$AH$23,"CUMPLE","NO CUMPLE"))) | AI55: =IF(OR(AF55="",AH55=""),"",IF(AF55="NO CUMPLE","NO CUMPLE",IF(AH55="NO CUMPLE","NO CUMPLE",IF(AH55="NO CUMPLE","NO CUMPLE","CUMPLE"))))
B56: =IF(C56="","",B55+0.1) | I56: =IF(ISERROR(E56-G56),"",E56-G56) -> 0 | J56: =IF(ISERROR(F56-H56),"",F56-H56) -> 0 | R56: =IF(M56="","",SUM($I56)+IF(ISERROR(VLOOKUP(M56,POA!$B$3:$G29,4,0)),"",VLOOKUP(M56,POA!$B$3:$G29,4,0))) | S56: =IF(OR($R$26=0,M56="",Q56=""),"",IF($R$26>=VLOOKUP(M56,POA!$B$3:$G$21,6,FALSE),"CUMPLE","NO CUMPLE")) | V56: =IF(OR($U50=0,M56="",Q56=""),"",IF(AND(T56="SI",$U50>=$V$22),"CUMPLE",IF($U50>=$V$23,"CUMPLE","NO CUMPLE"))) | X56: =IF(OR(W50=0,M56="",Q56=""),"",IF(AND(T56="SI",W50<=$X$22),"CUMPLE",IF(W50<=$X$23,"CUMPLE","NO CUMPLE"))) | Z56: =IF(OR(Y50=0,M56="",Q56=""),"",IF(AND(T56="SI",Y50>=$Z$22),"CUMPLE",IF(Y50>=$Z$23,"CUMPLE","NO CUMPLE"))) | AA56: =IF(OR(S56="",V56="",X56="",Z56=""),"",IF(S56="NO CUMPLE","NO CUMPLE",IF(V56="NO CUMPLE","NO CUMPLE",IF(X56="NO CUMPLE","NO CUMPLE",IF(Z56="NO CUMPLE","NO CUMPLE",IF(Z56="NO CUMPLE","NO CUMPLE","CUMPLE")))))) | AB56: 2021 | AC56: =IF(ISERROR(F56/VLOOKUP(AB56,$AC$21:$AD$23,2)),"",F56/VLOOKUP(AB56,$AC$21:$AD$23,2)) -> 0 | AD56: =IF(OR(B56="",C56=""),"",IF(AND(AC56>0,AC56<=30000),"MIPYME","NO CUMPLE")) | AF56: =IF(OR(M56="",L50="",P56=""),"",IF(AND(T54="SI",AE50>=$AF$22),"CUMPLE",IF(AE50>=$AF$23,"CUMPLE","NO CUMPLE"))) | AH56: =IF(OR(M56="",L50="",P50=""),"",IF(AND(T50="SI",AG50>=$AH$22),"CUMPLE",IF(AG50>=$AH$23,"CUMPLE","NO CUMPLE"))) | AI56: =IF(OR(AF56="",AH56=""),"",IF(AF56="NO CUMPLE","NO CUMPLE",IF(AH56="NO CUMPLE","NO CUMPLE",IF(AH56="NO CUMPLE","NO CUMPLE","CUMPLE"))))
B57: =IF(C57="","",B56+0.1) | I57: =IF(ISERROR(E57-G57),"",E57-G57) -> 0 | J57: =IF(ISERROR(F57-H57),"",F57-H57) -> 0 | R57: =IF(M57="","",SUM($I57)+IF(ISERROR(VLOOKUP(M57,POA!$B$3:$G30,4,0)),"",VLOOKUP(M57,POA!$B$3:$G30,4,0))) | S57: =IF(OR($R$26=0,M57="",Q57=""),"",IF($R$26>=VLOOKUP(M57,POA!$B$3:$G$21,6,FALSE),"CUMPLE","NO CUMPLE")) | V57: =IF(OR($U50=0,M57="",Q57=""),"",IF(AND(T57="SI",$U50>=$V$22),"CUMPLE",IF($U50>=$V$23,"CUMPLE","NO CUMPLE"))) | X57: =IF(OR(W50=0,M57="",Q57=""),"",IF(AND(T57="SI",W50<=$X$22),"CUMPLE",IF(W50<=$X$23,"CUMPLE","NO CUMPLE"))) | Z57: =IF(OR(Y50=0,M57="",Q57=""),"",IF(AND(T57="SI",Y50>=$Z$22),"CUMPLE",IF(Y50>=$Z$23,"CUMPLE","NO CUMPLE"))) | AA57: =IF(OR(S57="",V57="",X57="",Z57=""),"",IF(S57="NO CUMPLE","NO CUMPLE",IF(V57="NO CUMPLE","NO CUMPLE",IF(X57="NO CUMPLE","NO CUMPLE",IF(Z57="NO CUMPLE","NO CUMPLE",IF(Z57="NO CUMPLE","NO CUMPLE","CUMPLE")))))) | AB57: 2021 | AC57: =IF(ISERROR(F57/VLOOKUP(AB57,$AC$21:$AD$23,2)),"",F57/VLOOKUP(AB57,$AC$21:$AD$23,2)) -> 0 | AD57: =IF(OR(B57="",C57=""),"",IF(AND(AC57>0,AC57<=30000),"MIPYME","NO CUMPLE")) | AF57: =IF(OR(M57="",L50="",P57=""),"",IF(AND(T50="SI",AE50>=$AF$22),"CUMPLE",IF(AE50>=$AF$23,"CUMPLE","NO CUMPLE"))) | AH57: =IF(OR(M57="",L50="",P50=""),"",IF(AND(T50="SI",AG50>=$AH$22),"CUMPLE",IF(AG50>=$AH$23,"CUMPLE","NO CUMPLE"))) | AI57: =IF(OR(AF57="",AH57=""),"",IF(AF57="NO CUMPLE","NO CUMPLE",IF(AH57="NO CUMPLE","NO CUMPLE",IF(AH57="NO CUMPLE","NO CUMPLE","CUMPLE"))))
B58: =IF(C58="","",B57+0.1) | I58: =IF(ISERROR(E58-G58),"",E58-G58) -> 0 | J58: =IF(ISERROR(F58-H58),"",F58-H58) -> 0 | R58: =IF(M58="","",SUM($I58)+IF(ISERROR(VLOOKUP(M58,POA!$B$3:$G31,4,0)),"",VLOOKUP(M58,POA!$B$3:$G31,4,0))) | S58: =IF(OR($R$26=0,M58="",Q58=""),"",IF($R$26>=VLOOKUP(M58,POA!$B$3:$G$21,6,FALSE),"CUMPLE","NO CUMPLE")) | V58: =IF(OR($U50=0,M58="",Q58=""),"",IF(AND(T58="SI",$U50>=$V$22),"CUMPLE",IF($U50>=$V$23,"CUMPLE","NO CUMPLE"))) | X58: =IF(OR(W50=0,M58="",Q58=""),"",IF(AND(T58="SI",W50<=$X$22),"CUMPLE",IF(W50<=$X$23,"CUMPLE","NO CUMPLE"))) | Z58: =IF(OR(Y50=0,M58="",Q58=""),"",IF(AND(T58="SI",Y50>=$Z$22),"CUMPLE",IF(Y50>=$Z$23,"CUMPLE","NO CUMPLE"))) | AA58: =IF(OR(S58="",V58="",X58="",Z58=""),"",IF(S58="NO CUMPLE","NO CUMPLE",IF(V58="NO CUMPLE","NO CUMPLE",IF(X58="NO CUMPLE","NO CUMPLE",IF(Z58="NO CUMPLE","NO CUMPLE",IF(Z58="NO CUMPLE","NO CUMPLE","CUMPLE")))))) | AB58: 2021 | AC58: =IF(ISERROR(F58/VLOOKUP(AB58,$AC$21:$AD$23,2)),"",F58/VLOOKUP(AB58,$AC$21:$AD$23,2)) -> 0 | AD58: =IF(OR(B58="",C58=""),"",IF(AND(AC58>0,AC58<=30000),"MIPYME","NO CUMPLE")) | AF58: =IF(OR(M58="",L50="",P50=""),"",IF(AND(T50="SI",AE50>=$AF$22),"CUMPLE",IF(AE50>=$AF$23,"CUMPLE","NO CUMPLE"))) | AH58: =IF(OR(M58="",L50="",P50=""),"",IF(AND(T50="SI",AG50>=$AH$22),"CUMPLE",IF(AG50>=$AH$23,"CUMPLE","NO CUMPLE"))) | AI58: =IF(OR(AF58="",AH58=""),"",IF(AF58="NO CUMPLE","NO CUMPLE",IF(AH58="NO CUMPLE","NO CUMPLE",IF(AH58="NO CUMPLE","NO CUMPLE","CUMPLE"))))
B59: =IF(C59="","",B58+0.1) | I59: =IF(ISERROR(E59-G59),"",E59-G59) -> 0 | J59: =IF(ISERROR(F59-H59),"",F59-H59) -> 0 | V59: =IF(OR($U50=0,M59="",Q59=""),"",IF(AND(T59="SI",$U50>=$V$22),"CUMPLE",IF($U50>=$V$23,"CUMPLE","NO CUMPLE"))) | X59: =IF(OR(W50=0,M59="",Q59=""),"",IF(AND(T59="SI",W50<=$X$22),"CUMPLE",IF(W50<=$X$23,"CUMPLE","NO CUMPLE"))) | Z59: =IF(OR(Y50=0,M59="",Q59=""),"",IF(AND(T59="SI",Y50>=$Z$22),"CUMPLE",IF(Y50>=$Z$23,"CUMPLE","NO CUMPLE"))) | AA59: =IF(OR(S59="",V59="",X59="",Z59=""),"",IF(S59="NO CUMPLE","NO CUMPLE",IF(V59="NO CUMPLE","NO CUMPLE",IF(X59="NO CUMPLE","NO CUMPLE",IF(Z59="NO CUMPLE","NO CUMPLE",IF(Z59="NO CUMPLE","NO CUMPLE","CUMPLE")))))) | AB59: 2021 | AC59: =IF(ISERROR(F59/VLOOKUP(AB59,$AC$21:$AD$23,2)),"",F59/VLOOKUP(AB59,$AC$21:$AD$23,2)) -> 0 | AD59: =IF(OR(B59="",C59=""),"",IF(AND(AC59>0,AC59<=30000),"MIPYME","NO CUMPLE")) | AF59: =IF(OR(M59="",L50="",P59=""),"",IF(AND(T50="SI",AE50>=$AF$22),"CUMPLE",IF(AE50>=$AF$23,"CUMPLE","NO CUMPLE"))) | AH59: =IF(OR(M59="",L50="",P50=""),"",IF(AND(T50="SI",AG50>=$AH$22),"CUMPLE",IF(AG50>=$AH$23,"CUMPLE","NO CUMPLE"))) | AI59: =IF(OR(AF59="",AH59=""),"",IF(AF59="NO CUMPLE","NO CUMPLE",IF(AH59="NO CUMPLE","NO CUMPLE",IF(AH59="NO CUMPLE","NO CUMPLE","CUMPLE"))))
B60: =IF(C60="","",B59+0.1) | I60: =IF(ISERROR(E60-G60),"",E60-G60) -> 0 | J60: =IF(ISERROR(F60-H60),"",F60-H60) -> 0 | V60: =IF(OR($U51=0,M60="",Q60=""),"",IF(AND(T60="SI",$U51>=$V$22),"CUMPLE",IF($U51>=$V$23,"CUMPLE","NO CUMPLE"))) | X60: =IF(OR(W51=0,M60="",Q60=""),"",IF(AND(T60="SI",W51<=$X$22),"CUMPLE",IF(W51<=$X$23,"CUMPLE","NO CUMPLE"))) | Z60: =IF(OR(Y51=0,M60="",Q60=""),"",IF(AND(T60="SI",Y51>=$Z$22),"CUMPLE",IF(Y51>=$Z$23,"CUMPLE","NO CUMPLE"))) | AA60: =IF(OR(S60="",V60="",X60="",Z60=""),"",IF(S60="NO CUMPLE","NO CUMPLE",IF(V60="NO CUMPLE","NO CUMPLE",IF(X60="NO CUMPLE","NO CUMPLE",IF(Z60="NO CUMPLE","NO CUMPLE",IF(Z60="NO CUMPLE","NO CUMPLE","CUMPLE")))))) | AF60: =IF(OR(M60="",L50="",P60=""),"",IF(AND(T50="SI",AE50>=$AF$22),"CUMPLE",IF(AE50>=$AF$23,"CUMPLE","NO CUMPLE"))) | AH60: =IF(OR(M60="",L50="",P50=""),"",IF(AND(T50="SI",AG50>=$AH$22),"CUMPLE",IF(AG50>=$AH$23,"CUMPLE","NO CUMPLE"))) | AI60: =IF(OR(AF60="",AH60=""),"",IF(AF60="NO CUMPLE","NO CUMPLE",IF(AH60="NO CUMPLE","NO CUMPLE",IF(AH60="NO CUMPLE","NO CUMPLE","CUMPLE"))))
B61: B
A62: MARIA YESSICA SARMIENTO MEZA | B62: 4 | C62: GS VIAS Y ESTRUCTURAS SAS | D62: =IF(SUM(D63:D72)=0,"",SUM(D63:D72)) -> 1 | E62: =IF(ISERROR(SUM(E63:E72)),"",SUM(E63:E72)) -> 24998393000 | F62: =IF(ISERROR(SUM(F63:F72)),"",SUM(F63:F72)) -> 31071661000 | G62: =IF(ISERROR(SUM(G63:G72)),"",SUM(G63:G72)) -> 2517784000 | H62: =IF(ISERROR(SUM(H63:H72)),"",SUM(H63:H72)) -> 2917665000 | I62: =IF(ISERROR(SUM(I63:I72)),"",SUM(I63:I72)) -> 22480609000 | J62: =IF(ISERROR(SUM(J63:J72)),"",SUM(J63:J72)) -> 28153996000 | K62: =IF(ISERROR(SUM(K63:K72)),"",SUM(K63:K72)) -> 2858832000 | L62: =IF(ISERROR(SUM(L63:L71)),"",SUM(L63:L71)) -> 15698000 | M62: 1 | N62: =IF(M62="","",VLOOKUP(M62,POA!$B$3:$G34,3,0)) -> 5 | P62: =+SUM(P63:P71) -> 0 | Q62: =IF(ISERROR(VLOOKUP(M62,POA!$B$3:$G47,2,0)),"",VLOOKUP(M62,POA!$B$3:$G47,2,0)) -> 3031202957 | R62: =IF(M62="","",SUM($I$62)+IF(ISERROR(VLOOKUP(M62,POA!$B$3:$G31,4,0)),"",VLOOKUP(M62,POA!$B$3:$G31,4,0))) -> 2.308685e+10 | S62: =IF(OR($R$26=0,M62="",Q62=""),"",IF($R$26>=VLOOKUP(M62,POA!$B$3:$G$21,6,FALSE),"CUMPLE","NO CUMPLE")) | T62: =IF(M62="","",IF(COUNTIFS(T63:T72,"SI",D63:D72,">=10%")>0,"SI","NO")) -> SI | U62: =IF(ISERROR(SUM(E62/G62)),0,SUM(E62/G62)) -> 9.9287282 | V62: =IF(OR($U62=0,M62="",Q62=""),"",IF(AND(T62="SI",$U62>=$V$22),"CUMPLE",IF($U62>=$V$23,"CUMPLE","NO CUMPLE"))) -> CUMPLE | W62: =IF(M62="","",IF(ISERROR(SUM(H62/F62)),0,SUM(H62/F62))) -> 0.09390116 | X62: =IF(OR(W62=0,M62="",Q62=""),"",IF(AND(T62="SI",W62<=$X$22),"CUMPLE",IF(W62<=$X$23,"CUMPLE","NO CUMPLE"))) -> CUMPLE | Y62: =IF(ISERROR(SUM(K62/L62)),0,SUM(K62/L62)) -> 182.11441 | Z62: =IF(OR(Y62=0,M62="",Q62=""),"",IF(AND(T62="SI",Y62>=$Z$22),"CUMPLE",IF(Y62>=$Z$23,"CUMPLE","NO CUMPLE"))) -> CUMPLE | AA62: =IF(OR(S62="",V62="",X62="",Z62=""),"",IF(S62="NO CUMPLE","NO CUMPLE",IF(V62="NO CUMPLE","NO CUMPLE",IF(X62="NO CUMPLE","NO CUMPLE",IF(Z62="NO CUMPLE","NO CUMPLE",IF(Z62="NO CUMPLE","NO CUMPLE","CUMPLE")))))) | AB62: 2021 | AC62: =IF(ISERROR(F62/VLOOKUP(AB62,$AC$21:$AD$23,2)),"",F62/VLOOKUP(AB62,$AC$21:$AD$23,2)) -> 34200.079 | AD62: =IF(OR(B62="",C62=""),"",IF(AND(AC62>0,AC62<=30000),"MIPYME","NO CUMPLE")) -> NO CUMPLE | AE62: =IF(M62="","",IF(ISERROR(SUM(K62/J62)),0,SUM(K62/J62))) -> 0.10154267 | AF62: =IF(OR(M62="",L62="",P62=""),"",IF(AND(T62="SI",AE62>=$AF$22),"CUMPLE",IF(AE62>=$AF$23,"CUMPLE","NO CUMPLE"))) -> CUMPLE | AG62: =IF(M62="","",IF(ISERROR(SUM(K62/F62)),0,SUM(K62/F62))) -> 0.092007698 | AH62: =IF(OR(M62="",L62="",P62=""),"",IF(AND(T62="SI",AG62>=$AH$22),"CUMPLE",IF(AG62>=$AH$23,"CUMPLE","NO CUMPLE"))) -> CUMPLE | AI62: =IF(OR(AF62="",AH62=""),"",IF(AF62="NO CUMPLE","NO CUMPLE",IF(AH62="NO CUMPLE","NO CUMPLE",IF(AH62="NO CUMPLE","NO CUMPLE","CUMPLE")))) -> CUMPLE
A63: 45477 | B63: =IF(C63="","",B62+0.1) -> 4.1 | C63: GS VIAS Y ESTRUCTURAS SAS | D63: 1 | E63: 24998393000 | F63: 31071661000 | G63: 2517784000 | H63: 2917665000 | I63: =IF(ISERROR(E63-G63),"",E63-G63) -> 22480609000 | J63: =IF(ISERROR(F63-H63),"",F63-H63) -> 28153996000 | K63: 2858832000 | L63: 15698000 | M63: 2 | N63: =IF(M63="","",VLOOKUP(M63,POA!$B$3:$G34,3,0)) -> 5 | P63: =+SUM(P64:P72) -> 0 | Q63: =IF(ISERROR(VLOOKUP(M63,POA!$B$3:$G47,2,0)),"",VLOOKUP(M63,POA!$B$3:$G47,2,0)) -> 1797292893 | R63: =IF(M63="","",SUM($I$62)+IF(ISERROR(VLOOKUP(M63,POA!$B$3:$G32,4,0)),"",VLOOKUP(M63,POA!$B$3:$G32,4,0))) -> 2.2840068e+10 | S63: =IF(OR($R$26=0,M63="",Q63=""),"",IF($R$26>=VLOOKUP(M63,POA!$B$3:$G$21,6,FALSE),"CUMPLE","NO CUMPLE")) | T63: SI | V63: =IF(OR($U62=0,M63="",Q63=""),"",IF(AND(T63="SI",$U62>=$V$22),"CUMPLE",IF($U62>=$V$23,"CUMPLE","NO CUMPLE"))) -> CUMPLE | X63: =IF(OR(W62=0,M63="",Q63=""),"",IF(AND(T63="SI",W62<=$X$22),"CUMPLE",IF(W62<=$X$23,"CUMPLE","NO CUMPLE"))) -> CUMPLE | Z63: =IF(OR(Y62=0,M63="",Q63=""),"",IF(AND(T63="SI",Y62>=$Z$22),"CUMPLE",IF(Y62>=$Z$23,"CUMPLE","NO CUMPLE"))) -> CUMPLE | AA63: =IF(OR(S63="",V63="",X63="",Z63=""),"",IF(S63="NO CUMPLE","NO CUMPLE",IF(V63="NO CUMPLE","NO CUMPLE",IF(X63="NO CUMPLE","NO CUMPLE",IF(Z63="NO CUMPLE","NO CUMPLE",IF(Z63="NO CUMPLE","NO CUMPLE","CUMPLE")))))) | AB63: 2021 | AC63: =IF(ISERROR(F63/VLOOKUP(AB63,$AC$21:$AD$23,2)),"",F63/VLOOKUP(AB63,$AC$21:$AD$23,2)) -> 34200.079 | AD63: =IF(OR(B63="",C63=""),"",IF(AND(AC63>0,AC63<=30000),"MIPYME","NO CUMPLE")) -> NO CUMPLE | AF63: =IF(OR(M63="",L62="",P63=""),"",IF(AND(T62="SI",AE62>=$AF$22),"CUMPLE",IF(AE62>=$AF$23,"CUMPLE","NO CUMPLE"))) -> CUMPLE | AH63: =IF(OR(M63="",L62="",P63=""),"",IF(AND(T62="SI",AG62>=$AH$22),"CUMPLE",IF(AG62>=$AH$23,"CUMPLE","NO CUMPLE"))) -> CUMPLE | AI63: =IF(OR(AF63="",AH63=""),"",IF(AF63="NO CUMPLE","NO CUMPLE",IF(AH63="NO CUMPLE","NO CUMPLE",IF(AH63="NO CUMPLE","NO CUMPLE","CUMPLE")))) -> CUMPLE
B64: =IF(C64="","",B63+0.1) | I64: =IF(ISERROR(E64-G64),"",E64-G64) -> 0 | J64: =IF(ISERROR(F64-H64),"",F64-H64) -> 0 | M64: 3 | N64: =IF(M64="","",VLOOKUP(M64,POA!$B$3:$G34,3,0)) -> 5 | P64: =+SUM(P65:P73) -> 0 | Q64: =IF(ISERROR(VLOOKUP(M64,POA!$B$3:$G47,2,0)),"",VLOOKUP(M64,POA!$B$3:$G47,2,0)) -> 1522205504 | R64: =IF(M64="","",SUM($I$62)+IF(ISERROR(VLOOKUP(M64,POA!$B$3:$G33,4,0)),"",VLOOKUP(M64,POA!$B$3:$G33,4,0))) -> 2.278505e+10 | S64: =IF(OR($R$26=0,M64="",Q64=""),"",IF($R$26>=VLOOKUP(M64,POA!$B$3:$G$21,6,FALSE),"CUMPLE","NO CUMPLE")) | V64: =IF(OR($U62=0,M64="",Q64=""),"",IF(AND(T64="SI",$U62>=$V$22),"CUMPLE",IF($U62>=$V$23,"CUMPLE","NO CUMPLE"))) -> CUMPLE | X64: =IF(OR(W62=0,M64="",Q64=""),"",IF(AND(T64="SI",W62<=$X$22),"CUMPLE",IF(W62<=$X$23,"CUMPLE","NO CUMPLE"))) -> CUMPLE | Z64: =IF(OR(Y62=0,M64="",Q64=""),"",IF(AND(T64="SI",Y62>=$Z$22),"CUMPLE",IF(Y62>=$Z$23,"CUMPLE","NO CUMPLE"))) -> CUMPLE | AA64: =IF(OR(S64="",V64="",X64="",Z64=""),"",IF(S64="NO CUMPLE","NO CUMPLE",IF(V64="NO CUMPLE","NO CUMPLE",IF(X64="NO CUMPLE","NO CUMPLE",IF(Z64="NO CUMPLE","NO CUMPLE",IF(Z64="NO CUMPLE","NO CUMPLE","CUMPLE")))))) | AB64: 2021 | AC64: =IF(ISERROR(F64/VLOOKUP(AB64,$AC$21:$AD$23,2)),"",F64/VLOOKUP(AB64,$AC$21:$AD$23,2)) -> 0 | AD64: =IF(OR(B64="",C64=""),"",IF(AND(AC64>0,AC64<=30000),"MIPYME","NO CUMPLE")) | AF64: =IF(OR(M64="",L62="",P64=""),"",IF(AND(T62="SI",AE62>=$AF$22),"CUMPLE",IF(AE62>=$AF$23,"CUMPLE","NO CUMPLE"))) -> CUMPLE | AH64: =IF(OR(M64="",L62="",P62=""),"",IF(AND(T62="SI",AG62>=$AH$22),"CUMPLE",IF(AG62>=$AH$23,"CUMPLE","NO CUMPLE"))) -> CUMPLE | AI64: =IF(OR(AF64="",AH64=""),"",IF(AF64="NO CUMPLE","NO CUMPLE",IF(AH64="NO CUMPLE","NO CUMPLE",IF(AH64="NO CUMPLE","NO CUMPLE","CUMPLE")))) -> CUMPLE
B65: =IF(C65="","",B64+0.1) | I65: =IF(ISERROR(E65-G65),"",E65-G65) -> 0 | J65: =IF(ISERROR(F65-H65),"",F65-H65) -> 0 | M65: 4 | N65: =IF(M65="","",VLOOKUP(M65,POA!$B$3:$G34,3,0)) -> 5 | P65: =+SUM(P66:P73) -> 0 | Q65: =IF(ISERROR(VLOOKUP(M65,POA!$B$3:$G47,2,0)),"",VLOOKUP(M65,POA!$B$3:$G47,2,0)) -> 1378467964 | R65: =IF(M65="","",SUM($I$62)+IF(ISERROR(VLOOKUP(M65,POA!$B$3:$G34,4,0)),"",VLOOKUP(M65,POA!$B$3:$G34,4,0))) -> 2.2756303e+10 | S65: =IF(OR($R$26=0,M65="",Q65=""),"",IF($R$26>=VLOOKUP(M65,POA!$B$3:$G$21,6,FALSE),"CUMPLE","NO CUMPLE")) | V65: =IF(OR($U62=0,M65="",Q65=""),"",IF(AND(T65="SI",$U62>=$V$22),"CUMPLE",IF($U62>=$V$23,"CUMPLE","NO CUMPLE"))) -> CUMPLE | X65: =IF(OR(W62=0,M65="",Q65=""),"",IF(AND(T65="SI",W62<=$X$22),"CUMPLE",IF(W62<=$X$23,"CUMPLE","NO CUMPLE"))) -> CUMPLE | Z65: =IF(OR(Y62=0,M65="",Q65=""),"",IF(AND(T65="SI",Y62>=$Z$22),"CUMPLE",IF(Y62>=$Z$23,"CUMPLE","NO CUMPLE"))) -> CUMPLE | AA65: =IF(OR(S65="",V65="",X65="",Z65=""),"",IF(S65="NO CUMPLE","NO CUMPLE",IF(V65="NO CUMPLE","NO CUMPLE",IF(X65="NO CUMPLE","NO CUMPLE",IF(Z65="NO CUMPLE","NO CUMPLE",IF(Z65="NO CUMPLE","NO CUMPLE","CUMPLE")))))) | AB65: 2021 | AC65: =IF(ISERROR(F65/VLOOKUP(AB65,$AC$21:$AD$23,2)),"",F65/VLOOKUP(AB65,$AC$21:$AD$23,2)) -> 0 | AD65: =IF(OR(B65="",C65=""),"",IF(AND(AC65>0,AC65<=30000),"MIPYME","NO CUMPLE")) | AF65: =IF(OR(M65="",L62="",P65=""),"",IF(AND(T62="SI",AE62>=$AF$22),"CUMPLE",IF(AE62>=$AF$23,"CUMPLE","NO CUMPLE"))) -> CUMPLE | AH65: =IF(OR(M65="",L62="",P62=""),"",IF(AND(T62="SI",AG62>=$AH$22),"CUMPLE",IF(AG62>=$AH$23,"CUMPLE","NO CUMPLE"))) -> CUMPLE | AI65: =IF(OR(AF65="",AH65=""),"",IF(AF65="NO CUMPLE","NO CUMPLE",IF(AH65="NO CUMPLE","NO CUMPLE",IF(AH65="NO CUMPLE","NO CUMPLE","CUMPLE")))) -> CUMPLE
B66: =IF(C66="","",B65+0.1) | I66: =IF(ISERROR(E66-G66),"",E66-G66) -> 0 | J66: =IF(ISERROR(F66-H66),"",F66-H66) -> 0 | M66: 5 | N66: =IF(M66="","",VLOOKUP(M66,POA!$B$3:$G47,3,0)) -> 5 | P66: =+SUM(P67:P73) -> 0 | Q66: =IF(ISERROR(VLOOKUP(M66,POA!$B$3:$G36,2,0)),"",VLOOKUP(M66,POA!$B$3:$G36,2,0)) -> 1348402734 | R66: =IF(M66="","",SUM($I$62)+IF(ISERROR(VLOOKUP(M66,POA!$B$3:$G35,4,0)),"",VLOOKUP(M66,POA!$B$3:$G35,4,0))) -> 2.275029e+10 | S66: =IF(OR($R$26=0,M66="",Q66=""),"",IF($R$26>=VLOOKUP(M66,POA!$B$3:$G$21,6,FALSE),"CUMPLE","NO CUMPLE")) | V66: =IF(OR($U62=0,M66="",Q66=""),"",IF(AND(T66="SI",$U62>=$V$22),"CUMPLE",IF($U62>=$V$23,"CUMPLE","NO CUMPLE"))) -> CUMPLE | X66: =IF(OR(W62=0,M66="",Q66=""),"",IF(AND(T66="SI",W62<=$X$22),"CUMPLE",IF(W62<=$X$23,"CUMPLE","NO CUMPLE"))) -> CUMPLE | Z66: =IF(OR(Y62=0,M66="",Q66=""),"",IF(AND(T66="SI",Y62>=$Z$22),"CUMPLE",IF(Y62>=$Z$23,"CUMPLE","NO CUMPLE"))) -> CUMPLE | AA66: =IF(OR(S66="",V66="",X66="",Z66=""),"",IF(S66="NO CUMPLE","NO CUMPLE",IF(V66="NO CUMPLE","NO CUMPLE",IF(X66="NO CUMPLE","NO CUMPLE",IF(Z66="NO CUMPLE","NO CUMPLE",IF(Z66="NO CUMPLE","NO CUMPLE","CUMPLE")))))) | AB66: 2021 | AC66: =IF(ISERROR(F66/VLOOKUP(AB66,$AC$21:$AD$23,2)),"",F66/VLOOKUP(AB66,$AC$21:$AD$23,2)) -> 0 | AD66: =IF(OR(B66="",C66=""),"",IF(AND(AC66>0,AC66<=30000),"MIPYME","NO CUMPLE")) | AF66: =IF(OR(M66="",L62="",P66=""),"",IF(AND(T62="SI",AE62>=$AF$22),"CUMPLE",IF(AE62>=$AF$23,"CUMPLE","NO CUMPLE"))) -> CUMPLE | AH66: =IF(OR(M65="",L62="",P62=""),"",IF(AND(T62="SI",AG62>=$AH$22),"CUMPLE",IF(AG62>=$AH$23,"CUMPLE","NO CUMPLE"))) -> CUMPLE | AI66: =IF(OR(AF66="",AH66=""),"",IF(AF66="NO CUMPLE","NO CUMPLE",IF(AH66="NO CUMPLE","NO CUMPLE",IF(AH66="NO CUMPLE","NO CUMPLE","CUMPLE")))) -> CUMPLE
B67: =IF(C67="","",B66+0.1) | I67: =IF(ISERROR(E67-G67),"",E67-G67) -> 0 | J67: =IF(ISERROR(F67-H67),"",F67-H67) -> 0 | M67: 6 | N67: =IF(M67="","",VLOOKUP(M67,POA!$B$3:$G34,3,0)) -> 5 | P67: =+SUM(P68:P73) -> 0 | Q67: =IF(ISERROR(VLOOKUP(M67,POA!$B$3:$G47,2,0)),"",VLOOKUP(M67,POA!$B$3:$G47,2,0)) -> 1264100957 | R67: =IF(M67="","",SUM($I$62)+IF(ISERROR(VLOOKUP(M67,POA!$B$3:$G36,4,0)),"",VLOOKUP(M67,POA!$B$3:$G36,4,0))) -> 2.2733429e+10 | S67: =IF(OR($R$26=0,M67="",Q67=""),"",IF($R$26>=VLOOKUP(M67,POA!$B$3:$G$21,6,FALSE),"CUMPLE","NO CUMPLE")) | V67: =IF(OR($U62=0,M67="",Q67=""),"",IF(AND(T67="SI",$U62>=$V$22),"CUMPLE",IF($U62>=$V$23,"CUMPLE","NO CUMPLE"))) -> CUMPLE | X67: =IF(OR(W62=0,M67="",Q67=""),"",IF(AND(T67="SI",W62<=$X$22),"CUMPLE",IF(W62<=$X$23,"CUMPLE","NO CUMPLE"))) -> CUMPLE | Z67: =IF(OR(Y62=0,M67="",Q67=""),"",IF(AND(T67="SI",Y62>=$Z$22),"CUMPLE",IF(Y62>=$Z$23,"CUMPLE","NO CUMPLE"))) -> CUMPLE | AA67: =IF(OR(S67="",V67="",X67="",Z67=""),"",IF(S67="NO CUMPLE","NO CUMPLE",IF(V67="NO CUMPLE","NO CUMPLE",IF(X67="NO CUMPLE","NO CUMPLE",IF(Z67="NO CUMPLE","NO CUMPLE",IF(Z67="NO CUMPLE","NO CUMPLE","CUMPLE")))))) | AB67: 2021 | AC67: =IF(ISERROR(F67/VLOOKUP(AB67,$AC$21:$AD$23,2)),"",F67/VLOOKUP(AB67,$AC$21:$AD$23,2)) -> 0 | AD67: =IF(OR(B67="",C67=""),"",IF(AND(AC67>0,AC67<=30000),"MIPYME","NO CUMPLE")) | AF67: =IF(OR(M67="",L62="",P67=""),"",IF(AND(T62="SI",AE62>=$AF$22),"CUMPLE",IF(AE62>=$AF$23,"CUMPLE","NO CUMPLE"))) -> CUMPLE | AH67: =IF(OR(M67="",L62="",P62=""),"",IF(AND(T62="SI",AG62>=$AH$22),"CUMPLE",IF(AG62>=$AH$23,"CUMPLE","NO CUMPLE"))) -> CUMPLE | AI67: =IF(OR(AF67="",AH67=""),"",IF(AF67="NO CUMPLE","NO CUMPLE",IF(AH67="NO CUMPLE","NO CUMPLE",IF(AH67="NO CUMPLE","NO CUMPLE","CUMPLE")))) -> CUMPLE
B68: =IF(C68="","",B67+0.1) | I68: =IF(ISERROR(E68-G68),"",E68-G68) -> 0 | J68: =IF(ISERROR(F68-H68),"",F68-H68) -> 0 | M68: 7 | N68: =IF(M68="","",VLOOKUP(M68,POA!$B$3:$G34,3,0)) -> 5 | P68: =+SUM(P69:P73) -> 0 | Q68: =IF(ISERROR(VLOOKUP(M68,POA!$B$3:$G47,2,0)),"",VLOOKUP(M68,POA!$B$3:$G47,2,0)) -> 1167015102 | R68: =IF(M68="","",SUM($I$62)+IF(ISERROR(VLOOKUP(M68,POA!$B$3:$G37,4,0)),"",VLOOKUP(M68,POA!$B$3:$G37,4,0))) -> 2.2714012e+10 | S68: =IF(OR($R$26=0,M68="",Q68=""),"",IF($R$26>=VLOOKUP(M68,POA!$B$3:$G$21,6,FALSE),"CUMPLE","NO CUMPLE")) | V68: =IF(OR($U62=0,M68="",Q68=""),"",IF(AND(T68="SI",$U62>=$V$22),"CUMPLE",IF($U62>=$V$23,"CUMPLE","NO CUMPLE"))) -> CUMPLE | X68: =IF(OR(W62=0,M68="",Q68=""),"",IF(AND(T68="SI",W62<=$X$22),"CUMPLE",IF(W62<=$X$23,"CUMPLE","NO CUMPLE"))) -> CUMPLE | Z68: =IF(OR(Y62=0,M68="",Q68=""),"",IF(AND(T68="SI",Y62>=$Z$22),"CUMPLE",IF(Y62>=$Z$23,"CUMPLE","NO CUMPLE"))) -> CUMPLE | AA68: =IF(OR(S68="",V68="",X68="",Z68=""),"",IF(S68="NO CUMPLE","NO CUMPLE",IF(V68="NO CUMPLE","NO CUMPLE",IF(X68="NO CUMPLE","NO CUMPLE",IF(Z68="NO CUMPLE","NO CUMPLE",IF(Z68="NO CUMPLE","NO CUMPLE","CUMPLE")))))) | AB68: 2021 | AC68: =IF(ISERROR(F68/VLOOKUP(AB68,$AC$21:$AD$23,2)),"",F68/VLOOKUP(AB68,$AC$21:$AD$23,2)) -> 0 | AD68: =IF(OR(B68="",C68=""),"",IF(AND(AC68>0,AC68<=30000),"MIPYME","NO CUMPLE")) | AF68: =IF(OR(M68="",L62="",P68=""),"",IF(AND(T66="SI",AE62>=$AF$22),"CUMPLE",IF(AE62>=$AF$23,"CUMPLE","NO CUMPLE"))) -> CUMPLE | AH68: =IF(OR(M68="",L62="",P62=""),"",IF(AND(T62="SI",AG62>=$AH$22),"CUMPLE",IF(AG62>=$AH$23,"CUMPLE","NO CUMPLE"))) -> CUMPLE | AI68: =IF(OR(AF68="",AH68=""),"",IF(AF68="NO CUMPLE","NO CUMPLE",IF(AH68="NO CUMPLE","NO CUMPLE",IF(AH68="NO CUMPLE","NO CUMPLE","CUMPLE")))) -> CUMPLE
B69: =IF(C69="","",B68+0.1) | I69: =IF(ISERROR(E69-G69),"",E69-G69) -> 0 | J69: =IF(ISERROR(F69-H69),"",F69-H69) -> 0 | M69: 8 | N69: =IF(M69="","",VLOOKUP(M69,POA!$B$3:$G34,3,0)) -> 5 | P69: =+SUM(P70:P73) -> 0 | Q69: =IF(ISERROR(VLOOKUP(M69,POA!$B$3:$G47,2,0)),"",VLOOKUP(M69,POA!$B$3:$G47,2,0)) -> 1146992897 | R69: =IF(M69="","",SUM($I$62)+IF(ISERROR(VLOOKUP(M69,POA!$B$3:$G38,4,0)),"",VLOOKUP(M69,POA!$B$3:$G38,4,0))) -> 2.2710008e+10 | S69: =IF(OR($R$26=0,M69="",Q69=""),"",IF($R$26>=VLOOKUP(M69,POA!$B$3:$G$21,6,FALSE),"CUMPLE","NO CUMPLE")) | V69: =IF(OR($U62=0,M69="",Q69=""),"",IF(AND(T69="SI",$U62>=$V$22),"CUMPLE",IF($U62>=$V$23,"CUMPLE","NO CUMPLE"))) -> CUMPLE | X69: =IF(OR(W62=0,M69="",Q69=""),"",IF(AND(T69="SI",W62<=$X$22),"CUMPLE",IF(W62<=$X$23,"CUMPLE","NO CUMPLE"))) -> CUMPLE | Z69: =IF(OR(Y62=0,M69="",Q69=""),"",IF(AND(T69="SI",Y62>=$Z$22),"CUMPLE",IF(Y62>=$Z$23,"CUMPLE","NO CUMPLE"))) -> CUMPLE | AA69: =IF(OR(S69="",V69="",X69="",Z69=""),"",IF(S69="NO CUMPLE","NO CUMPLE",IF(V69="NO CUMPLE","NO CUMPLE",IF(X69="NO CUMPLE","NO CUMPLE",IF(Z69="NO CUMPLE","NO CUMPLE",IF(Z69="NO CUMPLE","NO CUMPLE","CUMPLE")))))) | AB69: 2021 | AC69: =IF(ISERROR(F69/VLOOKUP(AB69,$AC$21:$AD$23,2)),"",F69/VLOOKUP(AB69,$AC$21:$AD$23,2)) -> 0 | AD69: =IF(OR(B69="",C69=""),"",IF(AND(AC69>0,AC69<=30000),"MIPYME","NO CUMPLE")) | AF69: =IF(OR(M69="",L62="",P69=""),"",IF(AND(T62="SI",AE62>=$AF$22),"CUMPLE",IF(AE62>=$AF$23,"CUMPLE","NO CUMPLE"))) -> CUMPLE | AH69: =IF(OR(M69="",L62="",P62=""),"",IF(AND(T62="SI",AG62>=$AH$22),"CUMPLE",IF(AG62>=$AH$23,"CUMPLE","NO CUMPLE"))) -> CUMPLE | AI69: =IF(OR(AF69="",AH69=""),"",IF(AF69="NO CUMPLE","NO CUMPLE",IF(AH69="NO CUMPLE","NO CUMPLE",IF(AH69="NO CUMPLE","NO CUMPLE","CUMPLE")))) -> CUMPLE
B70: =IF(C70="","",B69+0.1) | I70: =IF(ISERROR(E70-G70),"",E70-G70) -> 0 | J70: =IF(ISERROR(F70-H70),"",F70-H70) -> 0 | M70: 9 | N70: =IF(M70="","",VLOOKUP(M70,POA!$B$3:$G34,3,0)) -> 5 | P70: =+SUM(P71:P73) -> 0 | Q70: =IF(ISERROR(VLOOKUP(M70,POA!$B$3:$G40,2,0)),"",VLOOKUP(M70,POA!$B$3:$G40,2,0)) -> 1077361989 | R70: =IF(M70="","",SUM($I$62)+IF(ISERROR(VLOOKUP(M70,POA!$B$3:$G39,4,0)),"",VLOOKUP(M70,POA!$B$3:$G39,4,0))) -> 2.2696081e+10 | S70: =IF(OR($R$26=0,M70="",Q70=""),"",IF($R$26>=VLOOKUP(M70,POA!$B$3:$G$21,6,FALSE),"CUMPLE","NO CUMPLE")) | V70: =IF(OR($U62=0,M70="",Q70=""),"",IF(AND(T70="SI",$U62>=$V$22),"CUMPLE",IF($U62>=$V$23,"CUMPLE","NO CUMPLE"))) -> CUMPLE | X70: =IF(OR(W62=0,M70="",Q70=""),"",IF(AND(T70="SI",W62<=$X$22),"CUMPLE",IF(W62<=$X$23,"CUMPLE","NO CUMPLE"))) -> CUMPLE | Z70: =IF(OR(Y62=0,M70="",Q70=""),"",IF(AND(T70="SI",Y62>=$Z$22),"CUMPLE",IF(Y62>=$Z$23,"CUMPLE","NO CUMPLE"))) -> CUMPLE | AA70: =IF(OR(S70="",V70="",X70="",Z70=""),"",IF(S70="NO CUMPLE","NO CUMPLE",IF(V70="NO CUMPLE","NO CUMPLE",IF(X70="NO CUMPLE","NO CUMPLE",IF(Z70="NO CUMPLE","NO CUMPLE",IF(Z70="NO CUMPLE","NO CUMPLE","CUMPLE")))))) | AB70: 2021 | AC70: =IF(ISERROR(F70/VLOOKUP(AB70,$AC$21:$AD$23,2)),"",F70/VLOOKUP(AB70,$AC$21:$AD$23,2)) -> 0 | AD70: =IF(OR(B70="",C70=""),"",IF(AND(AC70>0,AC70<=30000),"MIPYME","NO CUMPLE")) | AF70: =IF(OR(M70="",L62="",P62=""),"",IF(AND(T62="SI",AE62>=$AF$22),"CUMPLE",IF(AE62>=$AF$23,"CUMPLE","NO CUMPLE"))) -> CUMPLE | AH70: =IF(OR(M70="",L62="",P62=""),"",IF(AND(T62="SI",AG62>=$AH$22),"CUMPLE",IF(AG62>=$AH$23,"CUMPLE","NO CUMPLE"))) -> CUMPLE | AI70: =IF(OR(AF70="",AH70=""),"",IF(AF70="NO CUMPLE","NO CUMPLE",IF(AH70="NO CUMPLE","NO CUMPLE",IF(AH70="NO CUMPLE","NO CUMPLE","CUMPLE")))) -> CUMPLE
B71: =IF(C71="","",B70+0.1) | I71: =IF(ISERROR(E71-G71),"",E71-G71) -> 0 | J71: =IF(ISERROR(F71-H71),"",F71-H71) -> 0 | N71: =IF(M71="","",VLOOKUP(M71,POA!$B$3:$G34,3,0)) | P71: =+SUM(P72:P73) -> 0 | Q71: =IF(ISERROR(VLOOKUP(M71,POA!$B$3:$G41,2,0)),"",VLOOKUP(M71,POA!$B$3:$G41,2,0)) | V71: =IF(OR($U62=0,M71="",Q71=""),"",IF(AND(T71="SI",$U62>=$V$22),"CUMPLE",IF($U62>=$V$23,"CUMPLE","NO CUMPLE"))) | X71: =IF(OR(W62=0,M71="",Q71=""),"",IF(AND(T71="SI",W62<=$X$22),"CUMPLE",IF(W62<=$X$23,"CUMPLE","NO CUMPLE"))) | Z71: =IF(OR(Y62=0,M71="",Q71=""),"",IF(AND(T71="SI",Y62>=$Z$22),"CUMPLE",IF(Y62>=$Z$23,"CUMPLE","NO CUMPLE"))) | AA71: =IF(OR(S71="",V71="",X71="",Z71=""),"",IF(S71="NO CUMPLE","NO CUMPLE",IF(V71="NO CUMPLE","NO CUMPLE",IF(X71="NO CUMPLE","NO CUMPLE",IF(Z71="NO CUMPLE","NO CUMPLE",IF(Z71="NO CUMPLE","NO CUMPLE","CUMPLE")))))) | AB71: 2021 | AC71: =IF(ISERROR(F71/VLOOKUP(AB71,$AC$21:$AD$23,2)),"",F71/VLOOKUP(AB71,$AC$21:$AD$23,2)) -> 0 | AD71: =IF(OR(B71="",C71=""),"",IF(AND(AC71>0,AC71<=30000),"MIPYME","NO CUMPLE")) | AF71: =IF(OR(M71="",L62="",P71=""),"",IF(AND(T62="SI",AE62>=$AF$22),"CUMPLE",IF(AE62>=$AF$23,"CUMPLE","NO CUMPLE"))) | AH71: =IF(OR(M71="",L62="",P62=""),"",IF(AND(T62="SI",AG62>=$AH$22),"CUMPLE",IF(AG62>=$AH$23,"CUMPLE","NO CUMPLE"))) | AI71: =IF(OR(AF71="",AH71=""),"",IF(AF71="NO CUMPLE","NO CUMPLE",IF(AH71="NO CUMPLE","NO CUMPLE",IF(AH71="NO CUMPLE","NO CUMPLE","CUMPLE"))))
B72: =IF(C72="","",B71+0.1) | I72: =IF(ISERROR(E72-G72),"",E72-G72) -> 0 | J72: =IF(ISERROR(F72-H72),"",F72-H72) -> 0 | N72: =IF(M72="","",VLOOKUP(M72,POA!$B$3:$G34,3,0)) | P72: =+SUM(P73:P73) -> 0 | Q72: =IF(ISERROR(VLOOKUP(M72,POA!$B$3:$G42,2,0)),"",VLOOKUP(M72,POA!$B$3:$G42,2,0)) | V72: =IF(OR($U63=0,M72="",Q72=""),"",IF(AND(T72="SI",$U63>=$V$22),"CUMPLE",IF($U63>=$V$23,"CUMPLE","NO CUMPLE"))) | X72: =IF(OR(W63=0,M72="",Q72=""),"",IF(AND(T72="SI",W63<=$X$22),"CUMPLE",IF(W63<=$X$23,"CUMPLE","NO CUMPLE"))) | Z72: =IF(OR(Y63=0,M72="",Q72=""),"",IF(AND(T72="SI",Y63>=$Z$22),"CUMPLE",IF(Y63>=$Z$23,"CUMPLE","NO CUMPLE"))) | AA72: =IF(OR(S72="",V72="",X72="",Z72=""),"",IF(S72="NO CUMPLE","NO CUMPLE",IF(V72="NO CUMPLE","NO CUMPLE",IF(X72="NO CUMPLE","NO CUMPLE",IF(Z72="NO CUMPLE","NO CUMPLE",IF(Z72="NO CUMPLE","NO CUMPLE","CUMPLE")))))) | AF72: =IF(OR(M72="",L62="",P72=""),"",IF(AND(T62="SI",AE62>=$AF$22),"CUMPLE",IF(AE62>=$AF$23,"CUMPLE","NO CUMPLE"))) | AH72: =IF(OR(M72="",L62="",P62=""),"",IF(AND(T62="SI",AG62>=$AH$22),"CUMPLE",IF(AG62>=$AH$23,"CUMPLE","NO CUMPLE"))) | AI72: =IF(OR(AF72="",AH72=""),"",IF(AF72="NO CUMPLE","NO CUMPLE",IF(AH72="NO CUMPLE","NO CUMPLE",IF(AH72="NO CUMPLE","NO CUMPLE","CUMPLE"))))
B73: B
A74: PEDRO JOSE CORREDOR BECERRA | B74: 5 | C74: CONSORCIO INTERVIAL INCORDIS PC 2024 | D74: =IF(SUM(D75:D84)=0,"",SUM(D75:D84)) -> 1 | E74: =IF(ISERROR(SUM(E75:E84)),"",SUM(E75:E84)) -> 7551670743 | F74: =IF(ISERROR(SUM(F75:F84)),"",SUM(F75:F84)) -> 9715903599 | G74: =IF(ISERROR(SUM(G75:G84)),"",SUM(G75:G84)) -> 1368076939 | H74: =IF(ISERROR(SUM(H75:H84)),"",SUM(H75:H84)) -> 2860614754 | I74: =IF(ISERROR(SUM(I75:I84)),"",SUM(I75:I84)) -> 6183593804 | J74: =IF(ISERROR(SUM(J75:J84)),"",SUM(J75:J84)) -> 6855288845 | K74: =IF(ISERROR(SUM(K75:K84)),"",SUM(K75:K84)) -> 1231096813 | L74: =IF(ISERROR(SUM(L75:L83)),"",SUM(L75:L83)) -> 309035684 | M74: 3 | N74: =IF(M74="","",VLOOKUP(M74,POA!$B$3:$G46,3,0)) -> 5 | P74: =+SUM(P75:P83) -> 0 | Q74: =IF(ISERROR(VLOOKUP(M74,POA!$B$3:$G59,2,0)),"",VLOOKUP(M74,POA!$B$3:$G59,2,0)) -> 1522205504 | R74: =IF(M74="","",SUM($I$74)+IF(ISERROR(VLOOKUP(M74,POA!$B$3:$G43,4,0)),"",VLOOKUP(M74,POA!$B$3:$G43,4,0))) -> 6.4880349e+09 | S74: =IF(OR($R$26=0,M74="",Q74=""),"",IF($R$26>=VLOOKUP(M74,POA!$B$3:$G$21,6,FALSE),"CUMPLE","NO CUMPLE")) | T74: =IF(M74="","",IF(COUNTIFS(T75:T84,"SI",D75:D84,">=10%")>0,"SI","NO")) -> SI | U74: =IF(ISERROR(SUM(E74/G74)),0,SUM(E74/G74)) -> 5.5199167 | V74: =IF(OR($U74=0,M74="",Q74=""),"",IF(AND(T74="SI",$U74>=$V$22),"CUMPLE",IF($U74>=$V$23,"CUMPLE","NO CUMPLE"))) -> CUMPLE | W74: =IF(M74="","",IF(ISERROR(SUM(H74/F74)),0,SUM(H74/F74))) -> 0.29442601 | X74: =IF(OR(W74=0,M74="",Q74=""),"",IF(AND(T74="SI",W74<=$X$22),"CUMPLE",IF(W74<=$X$23,"CUMPLE","NO CUMPLE"))) -> CUMPLE | Y74: =IF(ISERROR(SUM(K74/L74)),0,SUM(K74/L74)) -> 3.983672 | Z74: =IF(OR(Y74=0,M74="",Q74=""),"",IF(AND(T74="SI",Y74>=$Z$22),"CUMPLE",IF(Y74>=$Z$23,"CUMPLE","NO CUMPLE"))) -> CUMPLE | AA74: =IF(OR(S74="",V74="",X74="",Z74=""),"",IF(S74="NO CUMPLE","NO CUMPLE",IF(V74="NO CUMPLE","NO CUMPLE",IF(X74="NO CUMPLE","NO CUMPLE",IF(Z74="NO CUMPLE","NO CUMPLE",IF(Z74="NO CUMPLE","NO CUMPLE","CUMPLE")))))) | AB74: 2021 | AC74: =IF(ISERROR(F74/VLOOKUP(AB74,$AC$21:$AD$23,2)),"",F74/VLOOKUP(AB74,$AC$21:$AD$23,2)) -> 10694.139 | AD74: =IF(OR(B74="",C74=""),"",IF(AND(AC74>0,AC74<=30000),"MIPYME","NO CUMPLE")) -> MIPYME | AE74: =IF(M74="","",IF(ISERROR(SUM(K74/J74)),0,SUM(K74/J74))) -> 0.17958351 | AF74: =IF(OR(M74="",L74="",P74=""),"",IF(AND(T74="SI",AE74>=$AF$22),"CUMPLE",IF(AE74>=$AF$23,"CUMPLE","NO CUMPLE"))) -> CUMPLE | AG74: =IF(M74="","",IF(ISERROR(SUM(K74/F74)),0,SUM(K74/F74))) -> 0.12670945 | AH74: =IF(OR(M74="",L74="",P74=""),"",IF(AND(T74="SI",AG74>=$AH$22),"CUMPLE",IF(AG74>=$AH$23,"CUMPLE","NO CUMPLE"))) -> CUMPLE | AI74: =IF(OR(AF74="",AH74=""),"",IF(AF74="NO CUMPLE","NO CUMPLE",IF(AH74="NO CUMPLE","NO CUMPLE",IF(AH74="NO CUMPLE","NO CUMPLE","CUMPLE")))) -> CUMPLE
A75: 45478 | B75: =IF(C75="","",B74+0.1) -> 5.1 | C75: PEDRO JOSE CORREDOR BECERRA | D75: 0.6 | E75: 3623161637 | F75: 5244723637 | G75: 925025225 | H75: 2173861590 | I75: =IF(ISERROR(E75-G75),"",E75-G75) -> 2698136412 | J75: =IF(ISERROR(F75-H75),"",F75-H75) -> 3070862047 | K75: 748063481 | L75: 230523729 | M75: 4 | N75: =IF(M75="","",VLOOKUP(M75,POA!$B$3:$G46,3,0)) -> 5 | P75: =+SUM(P76:P84) -> 0 | Q75: =IF(ISERROR(VLOOKUP(M75,POA!$B$3:$G59,2,0)),"",VLOOKUP(M75,POA!$B$3:$G59,2,0)) -> 1378467964 | R75: =IF(M75="","",SUM($I$74)+IF(ISERROR(VLOOKUP(M75,POA!$B$3:$G44,4,0)),"",VLOOKUP(M75,POA!$B$3:$G44,4,0))) -> 6.4592874e+09 | S75: =IF(OR($R$26=0,M75="",Q75=""),"",IF($R$26>=VLOOKUP(M75,POA!$B$3:$G$21,6,FALSE),"CUMPLE","NO CUMPLE")) | T75: SI | V75: =IF(OR($U74=0,M75="",Q75=""),"",IF(AND(T75="SI",$U74>=$V$22),"CUMPLE",IF($U74>=$V$23,"CUMPLE","NO CUMPLE"))) -> CUMPLE | X75: =IF(OR(W74=0,M75="",Q75=""),"",IF(AND(T75="SI",W74<=$X$22),"CUMPLE",IF(W74<=$X$23,"CUMPLE","NO CUMPLE"))) -> CUMPLE | Z75: =IF(OR(Y74=0,M75="",Q75=""),"",IF(AND(T75="SI",Y74>=$Z$22),"CUMPLE",IF(Y74>=$Z$23,"CUMPLE","NO CUMPLE"))) -> CUMPLE | AA75: =IF(OR(S75="",V75="",X75="",Z75=""),"",IF(S75="NO CUMPLE","NO CUMPLE",IF(V75="NO CUMPLE","NO CUMPLE",IF(X75="NO CUMPLE","NO CUMPLE",IF(Z75="NO CUMPLE","NO CUMPLE",IF(Z75="NO CUMPLE","NO CUMPLE","CUMPLE")))))) | AB75: 2021 | AC75: =IF(ISERROR(F75/VLOOKUP(AB75,$AC$21:$AD$23,2)),"",F75/VLOOKUP(AB75,$AC$21:$AD$23,2)) -> 5772.7832 | AD75: =IF(OR(B75="",C75=""),"",IF(AND(AC75>0,AC75<=30000),"MIPYME","NO CUMPLE")) -> MIPYME | AF75: =IF(OR(M75="",L74="",P75=""),"",IF(AND(T74="SI",AE74>=$AF$22),"CUMPLE",IF(AE74>=$AF$23,"CUMPLE","NO CUMPLE"))) -> CUMPLE | AH75: =IF(OR(M75="",L74="",P75=""),"",IF(AND(T74="SI",AG74>=$AH$22),"CUMPLE",IF(AG74>=$AH$23,"CUMPLE","NO CUMPLE"))) -> CUMPLE | AI75: =IF(OR(AF75="",AH75=""),"",IF(AF75="NO CUMPLE","NO CUMPLE",IF(AH75="NO CUMPLE","NO CUMPLE",IF(AH75="NO CUMPLE","NO CUMPLE","CUMPLE")))) -> CUMPLE
A76: 45478 | B76: =IF(C76="","",B75+0.1) -> 5.2 | C76: GERMAN ALONSO PUENTES GORDO | D76: 0.3 | E76: 1662339732 | F76: 2045458832 | G76: 178134181 | H76: 277827335 | I76: =IF(ISERROR(E76-G76),"",E76-G76) -> 1484205551 | J76: =IF(ISERROR(F76-H76),"",F76-H76) -> 1767631497 | K76: 124438030 | L76: 38452100 | M76: 5 | N76: =IF(M76="","",VLOOKUP(M76,POA!$B$3:$G46,3,0)) -> 5 | P76: =+SUM(P77:P85) -> 0 | Q76: =IF(ISERROR(VLOOKUP(M76,POA!$B$3:$G59,2,0)),"",VLOOKUP(M76,POA!$B$3:$G59,2,0)) -> 1348402734 | R76: =IF(M76="","",SUM($I$74)+IF(ISERROR(VLOOKUP(M76,POA!$B$3:$G45,4,0)),"",VLOOKUP(M76,POA!$B$3:$G45,4,0))) -> 6.4532744e+09 | S76: =IF(OR($R$26=0,M76="",Q76=""),"",IF($R$26>=VLOOKUP(M76,POA!$B$3:$G$21,6,FALSE),"CUMPLE","NO CUMPLE")) | T76: SI | V76: =IF(OR($U74=0,M76="",Q76=""),"",IF(AND(T76="SI",$U74>=$V$22),"CUMPLE",IF($U74>=$V$23,"CUMPLE","NO CUMPLE"))) -> CUMPLE | X76: =IF(OR(W74=0,M76="",Q76=""),"",IF(AND(T76="SI",W74<=$X$22),"CUMPLE",IF(W74<=$X$23,"CUMPLE","NO CUMPLE"))) -> CUMPLE | Z76: =IF(OR(Y74=0,M76="",Q76=""),"",IF(AND(T76="SI",Y74>=$Z$22),"CUMPLE",IF(Y74>=$Z$23,"CUMPLE","NO CUMPLE"))) -> CUMPLE | AA76: =IF(OR(S76="",V76="",X76="",Z76=""),"",IF(S76="NO CUMPLE","NO CUMPLE",IF(V76="NO CUMPLE","NO CUMPLE",IF(X76="NO CUMPLE","NO CUMPLE",IF(Z76="NO CUMPLE","NO CUMPLE",IF(Z76="NO CUMPLE","NO CUMPLE","CUMPLE")))))) | AB76: 2021 | AC76: =IF(ISERROR(F76/VLOOKUP(AB76,$AC$21:$AD$23,2)),"",F76/VLOOKUP(AB76,$AC$21:$AD$23,2)) -> 2251.4037 | AD76: =IF(OR(B76="",C76=""),"",IF(AND(AC76>0,AC76<=30000),"MIPYME","NO CUMPLE")) -> MIPYME | AF76: =IF(OR(M76="",L74="",P76=""),"",IF(AND(T74="SI",AE74>=$AF$22),"CUMPLE",IF(AE74>=$AF$23,"CUMPLE","NO CUMPLE"))) -> CUMPLE | AH76: =IF(OR(M76="",L74="",P74=""),"",IF(AND(T74="SI",AG74>=$AH$22),"CUMPLE",IF(AG74>=$AH$23,"CUMPLE","NO CUMPLE"))) -> CUMPLE | AI76: =IF(OR(AF76="",AH76=""),"",IF(AF76="NO CUMPLE","NO CUMPLE",IF(AH76="NO CUMPLE","NO CUMPLE",IF(AH76="NO CUMPLE","NO CUMPLE","CUMPLE")))) -> CUMPLE
A77: 45467 | B77: =IF(C77="","",B76+0.1) -> 5.3 | C77: INCORDIS SAS | D77: 0.1 | E77: 2266169374 | F77: 2425721130 | G77: 264917533 | H77: 408925829 | I77: =IF(ISERROR(E77-G77),"",E77-G77) -> 2001251841 | J77: =IF(ISERROR(F77-H77),"",F77-H77) -> 2016795301 | K77: 358595302 | L77: 40059855 | M77: 6 | N77: =IF(M77="","",VLOOKUP(M77,POA!$B$3:$G46,3,0)) -> 5 | P77: =+SUM(P78:P85) -> 0 | Q77: =IF(ISERROR(VLOOKUP(M77,POA!$B$3:$G59,2,0)),"",VLOOKUP(M77,POA!$B$3:$G59,2,0)) -> 1264100957 | R77: =IF(M77="","",SUM($I$74)+IF(ISERROR(VLOOKUP(M77,POA!$B$3:$G46,4,0)),"",VLOOKUP(M77,POA!$B$3:$G46,4,0))) -> 6.436414e+09 | S77: =IF(OR($R$26=0,M77="",Q77=""),"",IF($R$26>=VLOOKUP(M77,POA!$B$3:$G$21,6,FALSE),"CUMPLE","NO CUMPLE")) | T77: SI | V77: =IF(OR($U74=0,M77="",Q77=""),"",IF(AND(T77="SI",$U74>=$V$22),"CUMPLE",IF($U74>=$V$23,"CUMPLE","NO CUMPLE"))) -> CUMPLE | X77: =IF(OR(W74=0,M77="",Q77=""),"",IF(AND(T77="SI",W74<=$X$22),"CUMPLE",IF(W74<=$X$23,"CUMPLE","NO CUMPLE"))) -> CUMPLE | Z77: =IF(OR(Y74=0,M77="",Q77=""),"",IF(AND(T77="SI",Y74>=$Z$22),"CUMPLE",IF(Y74>=$Z$23,"CUMPLE","NO CUMPLE"))) -> CUMPLE | AA77: =IF(OR(S77="",V77="",X77="",Z77=""),"",IF(S77="NO CUMPLE","NO CUMPLE",IF(V77="NO CUMPLE","NO CUMPLE",IF(X77="NO CUMPLE","NO CUMPLE",IF(Z77="NO CUMPLE","NO CUMPLE",IF(Z77="NO CUMPLE","NO CUMPLE","CUMPLE")))))) | AB77: 2021 | AC77: =IF(ISERROR(F77/VLOOKUP(AB77,$AC$21:$AD$23,2)),"",F77/VLOOKUP(AB77,$AC$21:$AD$23,2)) -> 2669.9524 | AD77: =IF(OR(B77="",C77=""),"",IF(AND(AC77>0,AC77<=30000),"MIPYME","NO CUMPLE")) -> MIPYME | AF77: =IF(OR(M77="",L74="",P77=""),"",IF(AND(T74="SI",AE74>=$AF$22),"CUMPLE",IF(AE74>=$AF$23,"CUMPLE","NO CUMPLE"))) -> CUMPLE | AH77: =IF(OR(M77="",L74="",P74=""),"",IF(AND(T74="SI",AG74>=$AH$22),"CUMPLE",IF(AG74>=$AH$23,"CUMPLE","NO CUMPLE"))) -> CUMPLE | AI77: =IF(OR(AF77="",AH77=""),"",IF(AF77="NO CUMPLE","NO CUMPLE",IF(AH77="NO CUMPLE","NO CUMPLE",IF(AH77="NO CUMPLE","NO CUMPLE","CUMPLE")))) -> CUMPLE
B78: =IF(C78="","",B77+0.1) | I78: =IF(ISERROR(E78-G78),"",E78-G78) -> 0 | J78: =IF(ISERROR(F78-H78),"",F78-H78) -> 0 | M78: 7 | N78: =IF(M78="","",VLOOKUP(M78,POA!$B$3:$G59,3,0)) -> 5 | P78: =+SUM(P79:P85) -> 0 | Q78: =IF(ISERROR(VLOOKUP(M78,POA!$B$3:$G48,2,0)),"",VLOOKUP(M78,POA!$B$3:$G48,2,0)) -> 1167015102 | R78: =IF(M78="","",SUM($I$74)+IF(ISERROR(VLOOKUP(M78,POA!$B$3:$G47,4,0)),"",VLOOKUP(M78,POA!$B$3:$G47,4,0))) -> 6.4169968e+09 | S78: =IF(OR($R$26=0,M78="",Q78=""),"",IF($R$26>=VLOOKUP(M78,POA!$B$3:$G$21,6,FALSE),"CUMPLE","NO CUMPLE")) | V78: =IF(OR($U74=0,M78="",Q78=""),"",IF(AND(T78="SI",$U74>=$V$22),"CUMPLE",IF($U74>=$V$23,"CUMPLE","NO CUMPLE"))) -> CUMPLE | X78: =IF(OR(W74=0,M78="",Q78=""),"",IF(AND(T78="SI",W74<=$X$22),"CUMPLE",IF(W74<=$X$23,"CUMPLE","NO CUMPLE"))) -> CUMPLE | Z78: =IF(OR(Y74=0,M78="",Q78=""),"",IF(AND(T78="SI",Y74>=$Z$22),"CUMPLE",IF(Y74>=$Z$23,"CUMPLE","NO CUMPLE"))) -> CUMPLE | AA78: =IF(OR(S78="",V78="",X78="",Z78=""),"",IF(S78="NO CUMPLE","NO CUMPLE",IF(V78="NO CUMPLE","NO CUMPLE",IF(X78="NO CUMPLE","NO CUMPLE",IF(Z78="NO CUMPLE","NO CUMPLE",IF(Z78="NO CUMPLE","NO CUMPLE","CUMPLE")))))) | AB78: 2021 | AC78: =IF(ISERROR(F78/VLOOKUP(AB78,$AC$21:$AD$23,2)),"",F78/VLOOKUP(AB78,$AC$21:$AD$23,2)) -> 0 | AD78: =IF(OR(B78="",C78=""),"",IF(AND(AC78>0,AC78<=30000),"MIPYME","NO CUMPLE")) | AF78: =IF(OR(M78="",L74="",P78=""),"",IF(AND(T74="SI",AE74>=$AF$22),"CUMPLE",IF(AE74>=$AF$23,"CUMPLE","NO CUMPLE"))) -> CUMPLE | AH78: =IF(OR(M77="",L74="",P74=""),"",IF(AND(T74="SI",AG74>=$AH$22),"CUMPLE",IF(AG74>=$AH$23,"CUMPLE","NO CUMPLE"))) -> CUMPLE | AI78: =IF(OR(AF78="",AH78=""),"",IF(AF78="NO CUMPLE","NO CUMPLE",IF(AH78="NO CUMPLE","NO CUMPLE",IF(AH78="NO CUMPLE","NO CUMPLE","CUMPLE")))) -> CUMPLE
B79: =IF(C79="","",B78+0.1) | I79: =IF(ISERROR(E79-G79),"",E79-G79) -> 0 | J79: =IF(ISERROR(F79-H79),"",F79-H79) -> 0 | M79: 8 | N79: =IF(M79="","",VLOOKUP(M79,POA!$B$3:$G46,3,0)) -> 5 | P79: =+SUM(P80:P85) -> 0 | Q79: =IF(ISERROR(VLOOKUP(M79,POA!$B$3:$G59,2,0)),"",VLOOKUP(M79,POA!$B$3:$G59,2,0)) -> 1146992897 | R79: =IF(M79="","",SUM($I$74)+IF(ISERROR(VLOOKUP(M79,POA!$B$3:$G48,4,0)),"",VLOOKUP(M79,POA!$B$3:$G48,4,0))) -> 6.4129924e+09 | S79: =IF(OR($R$26=0,M79="",Q79=""),"",IF($R$26>=VLOOKUP(M79,POA!$B$3:$G$21,6,FALSE),"CUMPLE","NO CUMPLE")) | V79: =IF(OR($U74=0,M79="",Q79=""),"",IF(AND(T79="SI",$U74>=$V$22),"CUMPLE",IF($U74>=$V$23,"CUMPLE","NO CUMPLE"))) -> CUMPLE | X79: =IF(OR(W74=0,M79="",Q79=""),"",IF(AND(T79="SI",W74<=$X$22),"CUMPLE",IF(W74<=$X$23,"CUMPLE","NO CUMPLE"))) -> CUMPLE | Z79: =IF(OR(Y74=0,M79="",Q79=""),"",IF(AND(T79="SI",Y74>=$Z$22),"CUMPLE",IF(Y74>=$Z$23,"CUMPLE","NO CUMPLE"))) -> CUMPLE | AA79: =IF(OR(S79="",V79="",X79="",Z79=""),"",IF(S79="NO CUMPLE","NO CUMPLE",IF(V79="NO CUMPLE","NO CUMPLE",IF(X79="NO CUMPLE","NO CUMPLE",IF(Z79="NO CUMPLE","NO CUMPLE",IF(Z79="NO CUMPLE","NO CUMPLE","CUMPLE")))))) | AB79: 2021 | AC79: =IF(ISERROR(F79/VLOOKUP(AB79,$AC$21:$AD$23,2)),"",F79/VLOOKUP(AB79,$AC$21:$AD$23,2)) -> 0 | AD79: =IF(OR(B79="",C79=""),"",IF(AND(AC79>0,AC79<=30000),"MIPYME","NO CUMPLE")) | AF79: =IF(OR(M79="",L74="",P79=""),"",IF(AND(T74="SI",AE74>=$AF$22),"CUMPLE",IF(AE74>=$AF$23,"CUMPLE","NO CUMPLE"))) -> CUMPLE | AH79: =IF(OR(M79="",L74="",P74=""),"",IF(AND(T74="SI",AG74>=$AH$22),"CUMPLE",IF(AG74>=$AH$23,"CUMPLE","NO CUMPLE"))) -> CUMPLE | AI79: =IF(OR(AF79="",AH79=""),"",IF(AF79="NO CUMPLE","NO CUMPLE",IF(AH79="NO CUMPLE","NO CUMPLE",IF(AH79="NO CUMPLE","NO CUMPLE","CUMPLE")))) -> CUMPLE
B80: =IF(C80="","",B79+0.1) | I80: =IF(ISERROR(E80-G80),"",E80-G80) -> 0 | J80: =IF(ISERROR(F80-H80),"",F80-H80) -> 0 | M80: 9 | N80: =IF(M80="","",VLOOKUP(M80,POA!$B$3:$G46,3,0)) -> 5 | P80: =+SUM(P81:P85) -> 0 | Q80: =IF(ISERROR(VLOOKUP(M80,POA!$B$3:$G59,2,0)),"",VLOOKUP(M80,POA!$B$3:$G59,2,0)) -> 1077361989 | R80: =IF(M80="","",SUM($I$74)+IF(ISERROR(VLOOKUP(M80,POA!$B$3:$G49,4,0)),"",VLOOKUP(M80,POA!$B$3:$G49,4,0))) -> 6.3990662e+09 | S80: =IF(OR($R$26=0,M80="",Q80=""),"",IF($R$26>=VLOOKUP(M80,POA!$B$3:$G$21,6,FALSE),"CUMPLE","NO CUMPLE")) | V80: =IF(OR($U74=0,M80="",Q80=""),"",IF(AND(T80="SI",$U74>=$V$22),"CUMPLE",IF($U74>=$V$23,"CUMPLE","NO CUMPLE"))) -> CUMPLE | X80: =IF(OR(W74=0,M80="",Q80=""),"",IF(AND(T80="SI",W74<=$X$22),"CUMPLE",IF(W74<=$X$23,"CUMPLE","NO CUMPLE"))) -> CUMPLE | Z80: =IF(OR(Y74=0,M80="",Q80=""),"",IF(AND(T80="SI",Y74>=$Z$22),"CUMPLE",IF(Y74>=$Z$23,"CUMPLE","NO CUMPLE"))) -> CUMPLE | AA80: =IF(OR(S80="",V80="",X80="",Z80=""),"",IF(S80="NO CUMPLE","NO CUMPLE",IF(V80="NO CUMPLE","NO CUMPLE",IF(X80="NO CUMPLE","NO CUMPLE",IF(Z80="NO CUMPLE","NO CUMPLE",IF(Z80="NO CUMPLE","NO CUMPLE","CUMPLE")))))) | AB80: 2021 | AC80: =IF(ISERROR(F80/VLOOKUP(AB80,$AC$21:$AD$23,2)),"",F80/VLOOKUP(AB80,$AC$21:$AD$23,2)) -> 0 | AD80: =IF(OR(B80="",C80=""),"",IF(AND(AC80>0,AC80<=30000),"MIPYME","NO CUMPLE")) | AF80: =IF(OR(M80="",L74="",P80=""),"",IF(AND(T78="SI",AE74>=$AF$22),"CUMPLE",IF(AE74>=$AF$23,"CUMPLE","NO CUMPLE"))) -> CUMPLE | AH80: =IF(OR(M80="",L74="",P74=""),"",IF(AND(T74="SI",AG74>=$AH$22),"CUMPLE",IF(AG74>=$AH$23,"CUMPLE","NO CUMPLE"))) -> CUMPLE | AI80: =IF(OR(AF80="",AH80=""),"",IF(AF80="NO CUMPLE","NO CUMPLE",IF(AH80="NO CUMPLE","NO CUMPLE",IF(AH80="NO CUMPLE","NO CUMPLE","CUMPLE")))) -> CUMPLE
B81: =IF(C81="","",B80+0.1) | I81: =IF(ISERROR(E81-G81),"",E81-G81) -> 0 | J81: =IF(ISERROR(F81-H81),"",F81-H81) -> 0 | N81: =IF(M81="","",VLOOKUP(M81,POA!$B$3:$G46,3,0)) | P81: =+SUM(P82:P85) -> 0 | Q81: =IF(ISERROR(VLOOKUP(M81,POA!$B$3:$G59,2,0)),"",VLOOKUP(M81,POA!$B$3:$G59,2,0)) | S81: =IF(OR($R$26=0,M81="",Q81=""),"",IF($R$26>=VLOOKUP(M81,POA!$B$3:$G$21,6,FALSE),"CUMPLE","NO CUMPLE")) | V81: =IF(OR($U74=0,M81="",Q81=""),"",IF(AND(T81="SI",$U74>=$V$22),"CUMPLE",IF($U74>=$V$23,"CUMPLE","NO CUMPLE"))) | X81: =IF(OR(W74=0,M81="",Q81=""),"",IF(AND(T81="SI",W74<=$X$22),"CUMPLE",IF(W74<=$X$23,"CUMPLE","NO CUMPLE"))) | Z81: =IF(OR(Y74=0,M81="",Q81=""),"",IF(AND(T81="SI",Y74>=$Z$22),"CUMPLE",IF(Y74>=$Z$23,"CUMPLE","NO CUMPLE"))) | AA81: =IF(OR(S81="",V81="",X81="",Z81=""),"",IF(S81="NO CUMPLE","NO CUMPLE",IF(V81="NO CUMPLE","NO CUMPLE",IF(X81="NO CUMPLE","NO CUMPLE",IF(Z81="NO CUMPLE","NO CUMPLE",IF(Z81="NO CUMPLE","NO CUMPLE","CUMPLE")))))) | AB81: 2021 | AC81: =IF(ISERROR(F81/VLOOKUP(AB81,$AC$21:$AD$23,2)),"",F81/VLOOKUP(AB81,$AC$21:$AD$23,2)) -> 0 | AD81: =IF(OR(B81="",C81=""),"",IF(AND(AC81>0,AC81<=30000),"MIPYME","NO CUMPLE")) | AF81: =IF(OR(M81="",L74="",P81=""),"",IF(AND(T74="SI",AE74>=$AF$22),"CUMPLE",IF(AE74>=$AF$23,"CUMPLE","NO CUMPLE"))) | AH81: =IF(OR(M81="",L74="",P74=""),"",IF(AND(T74="SI",AG74>=$AH$22),"CUMPLE",IF(AG74>=$AH$23,"CUMPLE","NO CUMPLE"))) | AI81: =IF(OR(AF81="",AH81=""),"",IF(AF81="NO CUMPLE","NO CUMPLE",IF(AH81="NO CUMPLE","NO CUMPLE",IF(AH81="NO CUMPLE","NO CUMPLE","CUMPLE"))))
B82: =IF(C82="","",B81+0.1) | I82: =IF(ISERROR(E82-G82),"",E82-G82) -> 0 | J82: =IF(ISERROR(F82-H82),"",F82-H82) -> 0 | N82: =IF(M82="","",VLOOKUP(M82,POA!$B$3:$G46,3,0)) | P82: =+SUM(P83:P85) -> 0 | Q82: =IF(ISERROR(VLOOKUP(M82,POA!$B$3:$G52,2,0)),"",VLOOKUP(M82,POA!$B$3:$G52,2,0)) | S82: =IF(OR($R$26=0,M82="",Q82=""),"",IF($R$26>=VLOOKUP(M82,POA!$B$3:$G$21,6,FALSE),"CUMPLE","NO CUMPLE")) | V82: =IF(OR($U74=0,M82="",Q82=""),"",IF(AND(T82="SI",$U74>=$V$22),"CUMPLE",IF($U74>=$V$23,"CUMPLE","NO CUMPLE"))) | X82: =IF(OR(W74=0,M82="",Q82=""),"",IF(AND(T82="SI",W74<=$X$22),"CUMPLE",IF(W74<=$X$23,"CUMPLE","NO CUMPLE"))) | Z82: =IF(OR(Y74=0,M82="",Q82=""),"",IF(AND(T82="SI",Y74>=$Z$22),"CUMPLE",IF(Y74>=$Z$23,"CUMPLE","NO CUMPLE"))) | AA82: =IF(OR(S82="",V82="",X82="",Z82=""),"",IF(S82="NO CUMPLE","NO CUMPLE",IF(V82="NO CUMPLE","NO CUMPLE",IF(X82="NO CUMPLE","NO CUMPLE",IF(Z82="NO CUMPLE","NO CUMPLE",IF(Z82="NO CUMPLE","NO CUMPLE","CUMPLE")))))) | AB82: 2021 | AC82: =IF(ISERROR(F82/VLOOKUP(AB82,$AC$21:$AD$23,2)),"",F82/VLOOKUP(AB82,$AC$21:$AD$23,2)) -> 0 | AD82: =IF(OR(B82="",C82=""),"",IF(AND(AC82>0,AC82<=30000),"MIPYME","NO CUMPLE")) | AF82: =IF(OR(M82="",L74="",P74=""),"",IF(AND(T74="SI",AE74>=$AF$22),"CUMPLE",IF(AE74>=$AF$23,"CUMPLE","NO CUMPLE"))) | AH82: =IF(OR(M82="",L74="",P74=""),"",IF(AND(T74="SI",AG74>=$AH$22),"CUMPLE",IF(AG74>=$AH$23,"CUMPLE","NO CUMPLE"))) | AI82: =IF(OR(AF82="",AH82=""),"",IF(AF82="NO CUMPLE","NO CUMPLE",IF(AH82="NO CUMPLE","NO CUMPLE",IF(AH82="NO CUMPLE","NO CUMPLE","CUMPLE"))))
B83: =IF(C83="","",B82+0.1) | I83: =IF(ISERROR(E83-G83),"",E83-G83) -> 0 | J83: =IF(ISERROR(F83-H83),"",F83-H83) -> 0 | N83: =IF(M83="","",VLOOKUP(M83,POA!$B$3:$G46,3,0)) | P83: =+SUM(P84:P85) -> 0 | Q83: =IF(ISERROR(VLOOKUP(M83,POA!$B$3:$G53,2,0)),"",VLOOKUP(M83,POA!$B$3:$G53,2,0)) | V83: =IF(OR($U74=0,M83="",Q83=""),"",IF(AND(T83="SI",$U74>=$V$22),"CUMPLE",IF($U74>=$V$23,"CUMPLE","NO CUMPLE"))) | X83: =IF(OR(W74=0,M83="",Q83=""),"",IF(AND(T83="SI",W74<=$X$22),"CUMPLE",IF(W74<=$X$23,"CUMPLE","NO CUMPLE"))) | Z83: =IF(OR(Y74=0,M83="",Q83=""),"",IF(AND(T83="SI",Y74>=$Z$22),"CUMPLE",IF(Y74>=$Z$23,"CUMPLE","NO CUMPLE"))) | AA83: =IF(OR(S83="",V83="",X83="",Z83=""),"",IF(S83="NO CUMPLE","NO CUMPLE",IF(V83="NO CUMPLE","NO CUMPLE",IF(X83="NO CUMPLE","NO CUMPLE",IF(Z83="NO CUMPLE","NO CUMPLE",IF(Z83="NO CUMPLE","NO CUMPLE","CUMPLE")))))) | AB83: 2021 | AC83: =IF(ISERROR(F83/VLOOKUP(AB83,$AC$21:$AD$23,2)),"",F83/VLOOKUP(AB83,$AC$21:$AD$23,2)) -> 0 | AD83: =IF(OR(B83="",C83=""),"",IF(AND(AC83>0,AC83<=30000),"MIPYME","NO CUMPLE")) | AF83: =IF(OR(M83="",L74="",P83=""),"",IF(AND(T74="SI",AE74>=$AF$22),"CUMPLE",IF(AE74>=$AF$23,"CUMPLE","NO CUMPLE"))) | AH83: =IF(OR(M83="",L74="",P74=""),"",IF(AND(T74="SI",AG74>=$AH$22),"CUMPLE",IF(AG74>=$AH$23,"CUMPLE","NO CUMPLE"))) | AI83: =IF(OR(AF83="",AH83=""),"",IF(AF83="NO CUMPLE","NO CUMPLE",IF(AH83="NO CUMPLE","NO CUMPLE",IF(AH83="NO CUMPLE","NO CUMPLE","CUMPLE"))))
B84: =IF(C84="","",B83+0.1) | I84: =IF(ISERROR(E84-G84),"",E84-G84) -> 0 | J84: =IF(ISERROR(F84-H84),"",F84-H84) -> 0 | N84: =IF(M84="","",VLOOKUP(M84,POA!$B$3:$G46,3,0)) | P84: =+SUM(P85:P85) -> 0 | Q84: =IF(ISERROR(VLOOKUP(M84,POA!$B$3:$G54,2,0)),"",VLOOKUP(M84,POA!$B$3:$G54,2,0)) | V84: =IF(OR($U75=0,M84="",Q84=""),"",IF(AND(T84="SI",$U75>=$V$22),"CUMPLE",IF($U75>=$V$23,"CUMPLE","NO CUMPLE"))) | X84: =IF(OR(W75=0,M84="",Q84=""),"",IF(AND(T84="SI",W75<=$X$22),"CUMPLE",IF(W75<=$X$23,"CUMPLE","NO CUMPLE"))) | Z84: =IF(OR(Y75=0,M84="",Q84=""),"",IF(AND(T84="SI",Y75>=$Z$22),"CUMPLE",IF(Y75>=$Z$23,"CUMPLE","NO CUMPLE"))) | AA84: =IF(OR(S84="",V84="",X84="",Z84=""),"",IF(S84="NO CUMPLE","NO CUMPLE",IF(V84="NO CUMPLE","NO CUMPLE",IF(X84="NO CUMPLE","NO CUMPLE",IF(Z84="NO CUMPLE","NO CUMPLE",IF(Z84="NO CUMPLE","NO CUMPLE","CUMPLE")))))) | AF84: =IF(OR(M84="",L74="",P84=""),"",IF(AND(T74="SI",AE74>=$AF$22),"CUMPLE",IF(AE74>=$AF$23,"CUMPLE","NO CUMPLE"))) | AH84: =IF(OR(M84="",L74="",P74=""),"",IF(AND(T74="SI",AG74>=$AH$22),"CUMPLE",IF(AG74>=$AH$23,"CUMPLE","NO CUMPLE"))) | AI84: =IF(OR(AF84="",AH84=""),"",IF(AF84="NO CUMPLE","NO CUMPLE",IF(AH84="NO CUMPLE","NO CUMPLE",IF(AH84="NO CUMPLE","NO CUMPLE","CUMPLE"))))
B85: B
A86: CRISTIAN FERNANDO LOPEZ | B86: 6 | C86: CONSORCIO INTERVENTORES IL | D86: =IF(SUM(D87:D96)=0,"",SUM(D87:D96)) -> 1 | E86: =IF(ISERROR(SUM(E87:E96)),"",SUM(E87:E96)) -> 3485609332 | F86: =IF(ISERROR(SUM(F87:F96)),"",SUM(F87:F96)) -> 3547773083 | G86: =IF(ISERROR(SUM(G87:G96)),"",SUM(G87:G96)) -> 528977389 | H86: =IF(ISERROR(SUM(H87:H96)),"",SUM(H87:H96)) -> 894415478 | I86: =IF(ISERROR(SUM(I87:I96)),"",SUM(I87:I96)) -> 2956631943 | J86: =IF(ISERROR(SUM(J87:J96)),"",SUM(J87:J96)) -> 2653357605 | K86: =IF(ISERROR(SUM(K87:K96)),"",SUM(K87:K96)) -> 192281059 | L86: =IF(ISERROR(SUM(L87:L95)),"",SUM(L87:L95)) -> 5458000 | M86: 7 | N86: =IF(M86="","",VLOOKUP(M86,POA!$B$3:$G58,3,0)) -> 5 | P86: =+SUM(P87:P95) -> 0 | Q86: =IF(ISERROR(VLOOKUP(M86,POA!$B$3:$G71,2,0)),"",VLOOKUP(M86,POA!$B$3:$G71,2,0)) -> 1167015102 | R86: =IF(M86="","",SUM($I$86)+IF(ISERROR(VLOOKUP(M86,POA!$B$3:$G55,4,0)),"",VLOOKUP(M86,POA!$B$3:$G55,4,0))) -> 3.190035e+09 | S86: =IF(OR($R$26=0,M86="",Q86=""),"",IF($R$26>=VLOOKUP(M86,POA!$B$3:$G$21,6,FALSE),"CUMPLE","NO CUMPLE")) | T86: =IF(M86="","",IF(COUNTIFS(T87:T96,"SI",D87:D96,">=10%")>0,"SI","NO")) -> SI | U86: =IF(ISERROR(SUM(E86/G86)),0,SUM(E86/G86)) -> 6.5893352 | V86: =IF(OR($U86=0,M86="",Q86=""),"",IF(AND(T86="SI",$U86>=$V$22),"CUMPLE",IF($U86>=$V$23,"CUMPLE","NO CUMPLE"))) -> CUMPLE | W86: =IF(M86="","",IF(ISERROR(SUM(H86/F86)),0,SUM(H86/F86))) -> 0.25210617 | X86: =IF(OR(W86=0,M86="",Q86=""),"",IF(AND(T86="SI",W86<=$X$22),"CUMPLE",IF(W86<=$X$23,"CUMPLE","NO CUMPLE"))) -> CUMPLE | Y86: =IF(ISERROR(SUM(K86/L86)),0,SUM(K86/L86)) -> 35.229216 | Z86: =IF(OR(Y86=0,M86="",Q86=""),"",IF(AND(T86="SI",Y86>=$Z$22),"CUMPLE",IF(Y86>=$Z$23,"CUMPLE","NO CUMPLE"))) -> CUMPLE | AA86: =IF(OR(S86="",V86="",X86="",Z86=""),"",IF(S86="NO CUMPLE","NO CUMPLE",IF(V86="NO CUMPLE","NO CUMPLE",IF(X86="NO CUMPLE","NO CUMPLE",IF(Z86="NO CUMPLE","NO CUMPLE",IF(Z86="NO CUMPLE","NO CUMPLE","CUMPLE")))))) | AB86: 2021 | AC86: =IF(ISERROR(F86/VLOOKUP(AB86,$AC$21:$AD$23,2)),"",F86/VLOOKUP(AB86,$AC$21:$AD$23,2)) -> 3904.9769 | AD86: =IF(OR(B86="",C86=""),"",IF(AND(AC86>0,AC86<=30000),"MIPYME","NO CUMPLE")) -> MIPYME | AE86: =IF(M86="","",IF(ISERROR(SUM(K86/J86)),0,SUM(K86/J86))) -> 0.072467073 | AF86: =IF(OR(M86="",L86="",P86=""),"",IF(AND(T86="SI",AE86>=$AF$22),"CUMPLE",IF(AE86>=$AF$23,"CUMPLE","NO CUMPLE"))) -> CUMPLE | AG86: =IF(M86="","",IF(ISERROR(SUM(K86/F86)),0,SUM(K86/F86))) -> 0.054197677 | AH86: =IF(OR(M86="",L86="",P86=""),"",IF(AND(T86="SI",AG86>=$AH$22),"CUMPLE",IF(AG86>=$AH$23,"CUMPLE","NO CUMPLE"))) -> CUMPLE | AI86: =IF(OR(AF86="",AH86=""),"",IF(AF86="NO CUMPLE","NO CUMPLE",IF(AH86="NO CUMPLE","NO CUMPLE",IF(AH86="NO CUMPLE","NO CUMPLE","CUMPLE")))) -> CUMPLE
A87: 45470 | B87: =IF(C87="","",B86+0.1) -> 6.1 | C87: IDECO INFRAESTRUCTURA Y DESARROLLO DE COLOMBIA SAS | D87: 0.9 | E87: 3274563044 | F87: 3274563044 | G87: 488048887 | H87: 853486976 | I87: =IF(ISERROR(E87-G87),"",E87-G87) -> 2786514157 | J87: =IF(ISERROR(F87-H87),"",F87-H87) -> 2421076068 | K87: 181850585 | L87: 5458000 | M87: 8 | N87: =IF(M87="","",VLOOKUP(M87,POA!$B$3:$G58,3,0)) -> 5 | P87: =+SUM(P88:P96) -> 0 | Q87: =IF(ISERROR(VLOOKUP(M87,POA!$B$3:$G71,2,0)),"",VLOOKUP(M87,POA!$B$3:$G71,2,0)) -> 1146992897 | R87: =IF(M87="","",SUM($I$86)+IF(ISERROR(VLOOKUP(M87,POA!$B$3:$G56,4,0)),"",VLOOKUP(M87,POA!$B$3:$G56,4,0))) -> 3.1860305e+09 | S87: =IF(OR($R$26=0,M87="",Q87=""),"",IF($R$26>=VLOOKUP(M87,POA!$B$3:$G$21,6,FALSE),"CUMPLE","NO CUMPLE")) | T87: SI | V87: =IF(OR($U86=0,M87="",Q87=""),"",IF(AND(T87="SI",$U86>=$V$22),"CUMPLE",IF($U86>=$V$23,"CUMPLE","NO CUMPLE"))) -> CUMPLE | X87: =IF(OR(W86=0,M87="",Q87=""),"",IF(AND(T87="SI",W86<=$X$22),"CUMPLE",IF(W86<=$X$23,"CUMPLE","NO CUMPLE"))) -> CUMPLE | Z87: =IF(OR(Y86=0,M87="",Q87=""),"",IF(AND(T87="SI",Y86>=$Z$22),"CUMPLE",IF(Y86>=$Z$23,"CUMPLE","NO CUMPLE"))) -> CUMPLE | AA87: =IF(OR(S87="",V87="",X87="",Z87=""),"",IF(S87="NO CUMPLE","NO CUMPLE",IF(V87="NO CUMPLE","NO CUMPLE",IF(X87="NO CUMPLE","NO CUMPLE",IF(Z87="NO CUMPLE","NO CUMPLE",IF(Z87="NO CUMPLE","NO CUMPLE","CUMPLE")))))) | AB87: 2021 | AC87: =IF(ISERROR(F87/VLOOKUP(AB87,$AC$21:$AD$23,2)),"",F87/VLOOKUP(AB87,$AC$21:$AD$23,2)) -> 3604.259 | AD87: =IF(OR(B87="",C87=""),"",IF(AND(AC87>0,AC87<=30000),"MIPYME","NO CUMPLE")) -> MIPYME | AF87: =IF(OR(M87="",L86="",P87=""),"",IF(AND(T86="SI",AE86>=$AF$22),"CUMPLE",IF(AE86>=$AF$23,"CUMPLE","NO CUMPLE"))) -> CUMPLE | AH87: =IF(OR(M87="",L86="",P87=""),"",IF(AND(T86="SI",AG86>=$AH$22),"CUMPLE",IF(AG86>=$AH$23,"CUMPLE","NO CUMPLE"))) -> CUMPLE | AI87: =IF(OR(AF87="",AH87=""),"",IF(AF87="NO CUMPLE","NO CUMPLE",IF(AH87="NO CUMPLE","NO CUMPLE",IF(AH87="NO CUMPLE","NO CUMPLE","CUMPLE")))) -> CUMPLE
A88: 45481 | B88: =IF(C88="","",B87+0.1) -> 6.2 | C88: LOGINPRO SAS | D88: 0.1 | E88: 211046288 | F88: 273210039 | G88: 40928502 | H88: 40928502 | I88: =IF(ISERROR(E88-G88),"",E88-G88) -> 170117786 | J88: =IF(ISERROR(F88-H88),"",F88-H88) -> 232281537 | K88: 10430474 | L88: 0.0001 | M88: 9 | N88: =IF(M88="","",VLOOKUP(M88,POA!$B$3:$G58,3,0)) -> 5 | P88: =+SUM(P89:P97) -> 0 | Q88: =IF(ISERROR(VLOOKUP(M88,POA!$B$3:$G71,2,0)),"",VLOOKUP(M88,POA!$B$3:$G71,2,0)) -> 1077361989 | R88: =IF(M88="","",SUM($I$86)+IF(ISERROR(VLOOKUP(M88,POA!$B$3:$G57,4,0)),"",VLOOKUP(M88,POA!$B$3:$G57,4,0))) -> 3.1721043e+09 | S88: =IF(OR($R$26=0,M88="",Q88=""),"",IF($R$26>=VLOOKUP(M88,POA!$B$3:$G$21,6,FALSE),"CUMPLE","NO CUMPLE")) | T88: SI | V88: =IF(OR($U86=0,M88="",Q88=""),"",IF(AND(T88="SI",$U86>=$V$22),"CUMPLE",IF($U86>=$V$23,"CUMPLE","NO CUMPLE"))) -> CUMPLE | X88: =IF(OR(W86=0,M88="",Q88=""),"",IF(AND(T88="SI",W86<=$X$22),"CUMPLE",IF(W86<=$X$23,"CUMPLE","NO CUMPLE"))) -> CUMPLE | Z88: =IF(OR(Y86=0,M88="",Q88=""),"",IF(AND(T88="SI",Y86>=$Z$22),"CUMPLE",IF(Y86>=$Z$23,"CUMPLE","NO CUMPLE"))) -> CUMPLE | AA88: =IF(OR(S88="",V88="",X88="",Z88=""),"",IF(S88="NO CUMPLE","NO CUMPLE",IF(V88="NO CUMPLE","NO CUMPLE",IF(X88="NO CUMPLE","NO CUMPLE",IF(Z88="NO CUMPLE","NO CUMPLE",IF(Z88="NO CUMPLE","NO CUMPLE","CUMPLE")))))) | AB88: 2021 | AC88: =IF(ISERROR(F88/VLOOKUP(AB88,$AC$21:$AD$23,2)),"",F88/VLOOKUP(AB88,$AC$21:$AD$23,2)) -> 300.71791 | AD88: =IF(OR(B88="",C88=""),"",IF(AND(AC88>0,AC88<=30000),"MIPYME","NO CUMPLE")) -> MIPYME | AF88: =IF(OR(M88="",L86="",P88=""),"",IF(AND(T86="SI",AE86>=$AF$22),"CUMPLE",IF(AE86>=$AF$23,"CUMPLE","NO CUMPLE"))) -> CUMPLE | AH88: =IF(OR(M88="",L86="",P86=""),"",IF(AND(T86="SI",AG86>=$AH$22),"CUMPLE",IF(AG86>=$AH$23,"CUMPLE","NO CUMPLE"))) -> CUMPLE | AI88: =IF(OR(AF88="",AH88=""),"",IF(AF88="NO CUMPLE","NO CUMPLE",IF(AH88="NO CUMPLE","NO CUMPLE",IF(AH88="NO CUMPLE","NO CUMPLE","CUMPLE")))) -> CUMPLE
B89: =IF(C89="","",B88+0.1) | I89: =IF(ISERROR(E89-G89),"",E89-G89) -> 0 | J89: =IF(ISERROR(F89-H89),"",F89-H89) -> 0 | N89: =IF(M89="","",VLOOKUP(M89,POA!$B$3:$G58,3,0)) | P89: =+SUM(P90:P97) -> 0 | Q89: =IF(ISERROR(VLOOKUP(M89,POA!$B$3:$G71,2,0)),"",VLOOKUP(M89,POA!$B$3:$G71,2,0)) | S89: =IF(OR($R$26=0,M89="",Q89=""),"",IF($R$26>=VLOOKUP(M89,POA!$B$3:$G$21,6,FALSE),"CUMPLE","NO CUMPLE")) | V89: =IF(OR($U86=0,M89="",Q89=""),"",IF(AND(T89="SI",$U86>=$V$22),"CUMPLE",IF($U86>=$V$23,"CUMPLE","NO CUMPLE"))) | X89: =IF(OR(W86=0,M89="",Q89=""),"",IF(AND(T89="SI",W86<=$X$22),"CUMPLE",IF(W86<=$X$23,"CUMPLE","NO CUMPLE"))) | Z89: =IF(OR(Y86=0,M89="",Q89=""),"",IF(AND(T89="SI",Y86>=$Z$22),"CUMPLE",IF(Y86>=$Z$23,"CUMPLE","NO CUMPLE"))) | AA89: =IF(OR(S89="",V89="",X89="",Z89=""),"",IF(S89="NO CUMPLE","NO CUMPLE",IF(V89="NO CUMPLE","NO CUMPLE",IF(X89="NO CUMPLE","NO CUMPLE",IF(Z89="NO CUMPLE","NO CUMPLE",IF(Z89="NO CUMPLE","NO CUMPLE","CUMPLE")))))) | AB89: 2021 | AC89: =IF(ISERROR(F89/VLOOKUP(AB89,$AC$21:$AD$23,2)),"",F89/VLOOKUP(AB89,$AC$21:$AD$23,2)) -> 0 | AD89: =IF(OR(B89="",C89=""),"",IF(AND(AC89>0,AC89<=30000),"MIPYME","NO CUMPLE")) | AF89: =IF(OR(M89="",L86="",P89=""),"",IF(AND(T86="SI",AE86>=$AF$22),"CUMPLE",IF(AE86>=$AF$23,"CUMPLE","NO CUMPLE"))) | AH89: =IF(OR(M89="",L86="",P86=""),"",IF(AND(T86="SI",AG86>=$AH$22),"CUMPLE",IF(AG86>=$AH$23,"CUMPLE","NO CUMPLE"))) | AI89: =IF(OR(AF89="",AH89=""),"",IF(AF89="NO CUMPLE","NO CUMPLE",IF(AH89="NO CUMPLE","NO CUMPLE",IF(AH89="NO CUMPLE","NO CUMPLE","CUMPLE"))))
B90: =IF(C90="","",B89+0.1) | I90: =IF(ISERROR(E90-G90),"",E90-G90) -> 0 | J90: =IF(ISERROR(F90-H90),"",F90-H90) -> 0 | N90: =IF(M90="","",VLOOKUP(M90,POA!$B$3:$G71,3,0)) | P90: =+SUM(P91:P97) -> 0 | Q90: =IF(ISERROR(VLOOKUP(M90,POA!$B$3:$G60,2,0)),"",VLOOKUP(M90,POA!$B$3:$G60,2,0)) | S90: =IF(OR($R$26=0,M90="",Q90=""),"",IF($R$26>=VLOOKUP(M90,POA!$B$3:$G$21,6,FALSE),"CUMPLE","NO CUMPLE")) | V90: =IF(OR($U86=0,M90="",Q90=""),"",IF(AND(T90="SI",$U86>=$V$22),"CUMPLE",IF($U86>=$V$23,"CUMPLE","NO CUMPLE"))) | X90: =IF(OR(W86=0,M90="",Q90=""),"",IF(AND(T90="SI",W86<=$X$22),"CUMPLE",IF(W86<=$X$23,"CUMPLE","NO CUMPLE"))) | Z90: =IF(OR(Y86=0,M90="",Q90=""),"",IF(AND(T90="SI",Y86>=$Z$22),"CUMPLE",IF(Y86>=$Z$23,"CUMPLE","NO CUMPLE"))) | AA90: =IF(OR(S90="",V90="",X90="",Z90=""),"",IF(S90="NO CUMPLE","NO CUMPLE",IF(V90="NO CUMPLE","NO CUMPLE",IF(X90="NO CUMPLE","NO CUMPLE",IF(Z90="NO CUMPLE","NO CUMPLE",IF(Z90="NO CUMPLE","NO CUMPLE","CUMPLE")))))) | AB90: 2021 | AC90: =IF(ISERROR(F90/VLOOKUP(AB90,$AC$21:$AD$23,2)),"",F90/VLOOKUP(AB90,$AC$21:$AD$23,2)) -> 0 | AD90: =IF(OR(B90="",C90=""),"",IF(AND(AC90>0,AC90<=30000),"MIPYME","NO CUMPLE")) | AF90: =IF(OR(M90="",L86="",P90=""),"",IF(AND(T86="SI",AE86>=$AF$22),"CUMPLE",IF(AE86>=$AF$23,"CUMPLE","NO CUMPLE"))) | AH90: =IF(OR(M89="",L86="",P86=""),"",IF(AND(T86="SI",AG86>=$AH$22),"CUMPLE",IF(AG86>=$AH$23,"CUMPLE","NO CUMPLE"))) | AI90: =IF(OR(AF90="",AH90=""),"",IF(AF90="NO CUMPLE","NO CUMPLE",IF(AH90="NO CUMPLE","NO CUMPLE",IF(AH90="NO CUMPLE","NO CUMPLE","CUMPLE"))))
B91: =IF(C91="","",B90+0.1) | I91: =IF(ISERROR(E91-G91),"",E91-G91) -> 0 | J91: =IF(ISERROR(F91-H91),"",F91-H91) -> 0 | N91: =IF(M91="","",VLOOKUP(M91,POA!$B$3:$G58,3,0)) | P91: =+SUM(P92:P97) -> 0 | Q91: =IF(ISERROR(VLOOKUP(M91,POA!$B$3:$G71,2,0)),"",VLOOKUP(M91,POA!$B$3:$G71,2,0)) | S91: =IF(OR($R$26=0,M91="",Q91=""),"",IF($R$26>=VLOOKUP(M91,POA!$B$3:$G$21,6,FALSE),"CUMPLE","NO CUMPLE")) | V91: =IF(OR($U86=0,M91="",Q91=""),"",IF(AND(T91="SI",$U86>=$V$22),"CUMPLE",IF($U86>=$V$23,"CUMPLE","NO CUMPLE"))) | X91: =IF(OR(W86=0,M91="",Q91=""),"",IF(AND(T91="SI",W86<=$X$22),"CUMPLE",IF(W86<=$X$23,"CUMPLE","NO CUMPLE"))) | Z91: =IF(OR(Y86=0,M91="",Q91=""),"",IF(AND(T91="SI",Y86>=$Z$22),"CUMPLE",IF(Y86>=$Z$23,"CUMPLE","NO CUMPLE"))) | AA91: =IF(OR(S91="",V91="",X91="",Z91=""),"",IF(S91="NO CUMPLE","NO CUMPLE",IF(V91="NO CUMPLE","NO CUMPLE",IF(X91="NO CUMPLE","NO CUMPLE",IF(Z91="NO CUMPLE","NO CUMPLE",IF(Z91="NO CUMPLE","NO CUMPLE","CUMPLE")))))) | AB91: 2021 | AC91: =IF(ISERROR(F91/VLOOKUP(AB91,$AC$21:$AD$23,2)),"",F91/VLOOKUP(AB91,$AC$21:$AD$23,2)) -> 0 | AD91: =IF(OR(B91="",C91=""),"",IF(AND(AC91>0,AC91<=30000),"MIPYME","NO CUMPLE")) | AF91: =IF(OR(M91="",L86="",P91=""),"",IF(AND(T86="SI",AE86>=$AF$22),"CUMPLE",IF(AE86>=$AF$23,"CUMPLE","NO CUMPLE"))) | AH91: =IF(OR(M91="",L86="",P86=""),"",IF(AND(T86="SI",AG86>=$AH$22),"CUMPLE",IF(AG86>=$AH$23,"CUMPLE","NO CUMPLE"))) | AI91: =IF(OR(AF91="",AH91=""),"",IF(AF91="NO CUMPLE","NO CUMPLE",IF(AH91="NO CUMPLE","NO CUMPLE",IF(AH91="NO CUMPLE","NO CUMPLE","CUMPLE"))))
B92: =IF(C92="","",B91+0.1) | I92: =IF(ISERROR(E92-G92),"",E92-G92) -> 0 | J92: =IF(ISERROR(F92-H92),"",F92-H92) -> 0 | N92: =IF(M92="","",VLOOKUP(M92,POA!$B$3:$G58,3,0)) | P92: =+SUM(P93:P97) -> 0 | Q92: =IF(ISERROR(VLOOKUP(M92,POA!$B$3:$G71,2,0)),"",VLOOKUP(M92,POA!$B$3:$G71,2,0)) | S92: =IF(OR($R$26=0,M92="",Q92=""),"",IF($R$26>=VLOOKUP(M92,POA!$B$3:$G$21,6,FALSE),"CUMPLE","NO CUMPLE")) | V92: =IF(OR($U86=0,M92="",Q92=""),"",IF(AND(T92="SI",$U86>=$V$22),"CUMPLE",IF($U86>=$V$23,"CUMPLE","NO CUMPLE"))) | X92: =IF(OR(W86=0,M92="",Q92=""),"",IF(AND(T92="SI",W86<=$X$22),"CUMPLE",IF(W86<=$X$23,"CUMPLE","NO CUMPLE"))) | Z92: =IF(OR(Y86=0,M92="",Q92=""),"",IF(AND(T92="SI",Y86>=$Z$22),"CUMPLE",IF(Y86>=$Z$23,"CUMPLE","NO CUMPLE"))) | AA92: =IF(OR(S92="",V92="",X92="",Z92=""),"",IF(S92="NO CUMPLE","NO CUMPLE",IF(V92="NO CUMPLE","NO CUMPLE",IF(X92="NO CUMPLE","NO CUMPLE",IF(Z92="NO CUMPLE","NO CUMPLE",IF(Z92="NO CUMPLE","NO CUMPLE","CUMPLE")))))) | AB92: 2021 | AC92: =IF(ISERROR(F92/VLOOKUP(AB92,$AC$21:$AD$23,2)),"",F92/VLOOKUP(AB92,$AC$21:$AD$23,2)) -> 0 | AD92: =IF(OR(B92="",C92=""),"",IF(AND(AC92>0,AC92<=30000),"MIPYME","NO CUMPLE")) | AF92: =IF(OR(M92="",L86="",P92=""),"",IF(AND(T90="SI",AE86>=$AF$22),"CUMPLE",IF(AE86>=$AF$23,"CUMPLE","NO CUMPLE"))) | AH92: =IF(OR(M92="",L86="",P86=""),"",IF(AND(T86="SI",AG86>=$AH$22),"CUMPLE",IF(AG86>=$AH$23,"CUMPLE","NO CUMPLE"))) | AI92: =IF(OR(AF92="",AH92=""),"",IF(AF92="NO CUMPLE","NO CUMPLE",IF(AH92="NO CUMPLE","NO CUMPLE",IF(AH92="NO CUMPLE","NO CUMPLE","CUMPLE"))))
B93: =IF(C93="","",B92+0.1) | I93: =IF(ISERROR(E93-G93),"",E93-G93) -> 0 | J93: =IF(ISERROR(F93-H93),"",F93-H93) -> 0 | N93: =IF(M93="","",VLOOKUP(M93,POA!$B$3:$G58,3,0)) | P93: =+SUM(P94:P97) -> 0 | Q93: =IF(ISERROR(VLOOKUP(M93,POA!$B$3:$G71,2,0)),"",VLOOKUP(M93,POA!$B$3:$G71,2,0)) | S93: =IF(OR($R$26=0,M93="",Q93=""),"",IF($R$26>=VLOOKUP(M93,POA!$B$3:$G$21,6,FALSE),"CUMPLE","NO CUMPLE")) | V93: =IF(OR($U86=0,M93="",Q93=""),"",IF(AND(T93="SI",$U86>=$V$22),"CUMPLE",IF($U86>=$V$23,"CUMPLE","NO CUMPLE"))) | X93: =IF(OR(W86=0,M93="",Q93=""),"",IF(AND(T93="SI",W86<=$X$22),"CUMPLE",IF(W86<=$X$23,"CUMPLE","NO CUMPLE"))) | Z93: =IF(OR(Y86=0,M93="",Q93=""),"",IF(AND(T93="SI",Y86>=$Z$22),"CUMPLE",IF(Y86>=$Z$23,"CUMPLE","NO CUMPLE"))) | AA93: =IF(OR(S93="",V93="",X93="",Z93=""),"",IF(S93="NO CUMPLE","NO CUMPLE",IF(V93="NO CUMPLE","NO CUMPLE",IF(X93="NO CUMPLE","NO CUMPLE",IF(Z93="NO CUMPLE","NO CUMPLE",IF(Z93="NO CUMPLE","NO CUMPLE","CUMPLE")))))) | AB93: 2021 | AC93: =IF(ISERROR(F93/VLOOKUP(AB93,$AC$21:$AD$23,2)),"",F93/VLOOKUP(AB93,$AC$21:$AD$23,2)) -> 0 | AD93: =IF(OR(B93="",C93=""),"",IF(AND(AC93>0,AC93<=30000),"MIPYME","NO CUMPLE")) | AF93: =IF(OR(M93="",L86="",P93=""),"",IF(AND(T86="SI",AE86>=$AF$22),"CUMPLE",IF(AE86>=$AF$23,"CUMPLE","NO CUMPLE"))) | AH93: =IF(OR(M93="",L86="",P86=""),"",IF(AND(T86="SI",AG86>=$AH$22),"CUMPLE",IF(AG86>=$AH$23,"CUMPLE","NO CUMPLE"))) | AI93: =IF(OR(AF93="",AH93=""),"",IF(AF93="NO CUMPLE","NO CUMPLE",IF(AH93="NO CUMPLE","NO CUMPLE",IF(AH93="NO CUMPLE","NO CUMPLE","CUMPLE"))))
B94: =IF(C94="","",B93+0.1) | I94: =IF(ISERROR(E94-G94),"",E94-G94) -> 0 | J94: =IF(ISERROR(F94-H94),"",F94-H94) -> 0 | N94: =IF(M94="","",VLOOKUP(M94,POA!$B$3:$G58,3,0)) | P94: =+SUM(P95:P97) -> 0 | Q94: =IF(ISERROR(VLOOKUP(M94,POA!$B$3:$G64,2,0)),"",VLOOKUP(M94,POA!$B$3:$G64,2,0)) | S94: =IF(OR($R$26=0,M94="",Q94=""),"",IF($R$26>=VLOOKUP(M94,POA!$B$3:$G$21,6,FALSE),"CUMPLE","NO CUMPLE")) | V94: =IF(OR($U86=0,M94="",Q94=""),"",IF(AND(T94="SI",$U86>=$V$22),"CUMPLE",IF($U86>=$V$23,"CUMPLE","NO CUMPLE"))) | X94: =IF(OR(W86=0,M94="",Q94=""),"",IF(AND(T94="SI",W86<=$X$22),"CUMPLE",IF(W86<=$X$23,"CUMPLE","NO CUMPLE"))) | Z94: =IF(OR(Y86=0,M94="",Q94=""),"",IF(AND(T94="SI",Y86>=$Z$22),"CUMPLE",IF(Y86>=$Z$23,"CUMPLE","NO CUMPLE"))) | AA94: =IF(OR(S94="",V94="",X94="",Z94=""),"",IF(S94="NO CUMPLE","NO CUMPLE",IF(V94="NO CUMPLE","NO CUMPLE",IF(X94="NO CUMPLE","NO CUMPLE",IF(Z94="NO CUMPLE","NO CUMPLE",IF(Z94="NO CUMPLE","NO CUMPLE","CUMPLE")))))) | AB94: 2021 | AC94: =IF(ISERROR(F94/VLOOKUP(AB94,$AC$21:$AD$23,2)),"",F94/VLOOKUP(AB94,$AC$21:$AD$23,2)) -> 0 | AD94: =IF(OR(B94="",C94=""),"",IF(AND(AC94>0,AC94<=30000),"MIPYME","NO CUMPLE")) | AF94: =IF(OR(M94="",L86="",P86=""),"",IF(AND(T86="SI",AE86>=$AF$22),"CUMPLE",IF(AE86>=$AF$23,"CUMPLE","NO CUMPLE"))) | AH94: =IF(OR(M94="",L86="",P86=""),"",IF(AND(T86="SI",AG86>=$AH$22),"CUMPLE",IF(AG86>=$AH$23,"CUMPLE","NO CUMPLE"))) | AI94: =IF(OR(AF94="",AH94=""),"",IF(AF94="NO CUMPLE","NO CUMPLE",IF(AH94="NO CUMPLE","NO CUMPLE",IF(AH94="NO CUMPLE","NO CUMPLE","CUMPLE"))))
B95: =IF(C95="","",B94+0.1) | I95: =IF(ISERROR(E95-G95),"",E95-G95) -> 0 | J95: =IF(ISERROR(F95-H95),"",F95-H95) -> 0 | N95: =IF(M95="","",VLOOKUP(M95,POA!$B$3:$G58,3,0)) | P95: =+SUM(P96:P97) -> 0 | Q95: =IF(ISERROR(VLOOKUP(M95,POA!$B$3:$G65,2,0)),"",VLOOKUP(M95,POA!$B$3:$G65,2,0)) | V95: =IF(OR($U86=0,M95="",Q95=""),"",IF(AND(T95="SI",$U86>=$V$22),"CUMPLE",IF($U86>=$V$23,"CUMPLE","NO CUMPLE"))) | X95: =IF(OR(W86=0,M95="",Q95=""),"",IF(AND(T95="SI",W86<=$X$22),"CUMPLE",IF(W86<=$X$23,"CUMPLE","NO CUMPLE"))) | Z95: =IF(OR(Y86=0,M95="",Q95=""),"",IF(AND(T95="SI",Y86>=$Z$22),"CUMPLE",IF(Y86>=$Z$23,"CUMPLE","NO CUMPLE"))) | AA95: =IF(OR(S95="",V95="",X95="",Z95=""),"",IF(S95="NO CUMPLE","NO CUMPLE",IF(V95="NO CUMPLE","NO CUMPLE",IF(X95="NO CUMPLE","NO CUMPLE",IF(Z95="NO CUMPLE","NO CUMPLE",IF(Z95="NO CUMPLE","NO CUMPLE","CUMPLE")))))) | AB95: 2021 | AC95: =IF(ISERROR(F95/VLOOKUP(AB95,$AC$21:$AD$23,2)),"",F95/VLOOKUP(AB95,$AC$21:$AD$23,2)) -> 0 | AD95: =IF(OR(B95="",C95=""),"",IF(AND(AC95>0,AC95<=30000),"MIPYME","NO CUMPLE")) | AF95: =IF(OR(M95="",L86="",P95=""),"",IF(AND(T86="SI",AE86>=$AF$22),"CUMPLE",IF(AE86>=$AF$23,"CUMPLE","NO CUMPLE"))) | AH95: =IF(OR(M95="",L86="",P86=""),"",IF(AND(T86="SI",AG86>=$AH$22),"CUMPLE",IF(AG86>=$AH$23,"CUMPLE","NO CUMPLE"))) | AI95: =IF(OR(AF95="",AH95=""),"",IF(AF95="NO CUMPLE","NO CUMPLE",IF(AH95="NO CUMPLE","NO CUMPLE",IF(AH95="NO CUMPLE","NO CUMPLE","CUMPLE"))))
B96: =IF(C96="","",B95+0.1) | I96: =IF(ISERROR(E96-G96),"",E96-G96) -> 0 | J96: =IF(ISERROR(F96-H96),"",F96-H96) -> 0 | N96: =IF(M96="","",VLOOKUP(M96,POA!$B$3:$G58,3,0)) | P96: =+SUM(P97:P97) -> 0 | Q96: =IF(ISERROR(VLOOKUP(M96,POA!$B$3:$G66,2,0)),"",VLOOKUP(M96,POA!$B$3:$G66,2,0)) | V96: =IF(OR($U87=0,M96="",Q96=""),"",IF(AND(T96="SI",$U87>=$V$22),"CUMPLE",IF($U87>=$V$23,"CUMPLE","NO CUMPLE"))) | X96: =IF(OR(W87=0,M96="",Q96=""),"",IF(AND(T96="SI",W87<=$X$22),"CUMPLE",IF(W87<=$X$23,"CUMPLE","NO CUMPLE"))) | Z96: =IF(OR(Y87=0,M96="",Q96=""),"",IF(AND(T96="SI",Y87>=$Z$22),"CUMPLE",IF(Y87>=$Z$23,"CUMPLE","NO CUMPLE"))) | AA96: =IF(OR(S96="",V96="",X96="",Z96=""),"",IF(S96="NO CUMPLE","NO CUMPLE",IF(V96="NO CUMPLE","NO CUMPLE",IF(X96="NO CUMPLE","NO CUMPLE",IF(Z96="NO CUMPLE","NO CUMPLE",IF(Z96="NO CUMPLE","NO CUMPLE","CUMPLE")))))) | AF96: =IF(OR(M96="",L86="",P96=""),"",IF(AND(T86="SI",AE86>=$AF$22),"CUMPLE",IF(AE86>=$AF$23,"CUMPLE","NO CUMPLE"))) | AH96: =IF(OR(M96="",L86="",P86=""),"",IF(AND(T86="SI",AG86>=$AH$22),"CUMPLE",IF(AG86>=$AH$23,"CUMPLE","NO CUMPLE"))) | AI96: =IF(OR(AF96="",AH96=""),"",IF(AF96="NO CUMPLE","NO CUMPLE",IF(AH96="NO CUMPLE","NO CUMPLE",IF(AH96="NO CUMPLE","NO CUMPLE","CUMPLE"))))
B97: B
A98: MYRIAM LUZ GUTIERREZ CORREA | B98: 7 | C98: UNIOBRAS DEL ORIENTE SAS | D98: =IF(SUM(D99:D108)=0,"",SUM(D99:D108)) -> 1 | E98: =IF(ISERROR(SUM(E99:E108)),"",SUM(E99:E108)) -> 5267248432 | F98: =IF(ISERROR(SUM(F99:F108)),"",SUM(F99:F108)) -> 25225798032 | G98: =IF(ISERROR(SUM(G99:G108)),"",SUM(G99:G108)) -> 2701412894 | H98: =IF(ISERROR(SUM(H99:H108)),"",SUM(H99:H108)) -> 2758600094 | I98: =IF(ISERROR(SUM(I99:I108)),"",SUM(I99:I108)) -> 2565835538 | J98: =IF(ISERROR(SUM(J99:J108)),"",SUM(J99:J108)) -> 22467197938 | K98: =IF(ISERROR(SUM(K99:K108)),"",SUM(K99:K108)) -> 2947875104 | L98: =IF(ISERROR(SUM(L99:L107)),"",SUM(L99:L107)) -> 0.0001 | M98: 1 | N98: =IF(M98="","",VLOOKUP(M98,POA!$B$3:$G70,3,0)) -> 5 | P98: =+SUM(P99:P107) -> 0 | Q98: =IF(ISERROR(VLOOKUP(M98,POA!$B$3:$G83,2,0)),"",VLOOKUP(M98,POA!$B$3:$G83,2,0)) -> 3031202957 | R98: =IF(M98="","",SUM($I$98)+IF(ISERROR(VLOOKUP(M98,POA!$B$3:$G67,4,0)),"",VLOOKUP(M98,POA!$B$3:$G67,4,0))) -> 3.1720761e+09 | S98: =IF(OR($R$26=0,M98="",Q98=""),"",IF($R$26>=VLOOKUP(M98,POA!$B$3:$G$21,6,FALSE),"CUMPLE","NO CUMPLE")) | T98: =IF(M98="","",IF(COUNTIFS(T99:T108,"SI",D99:D108,">=10%")>0,"SI","NO")) -> SI | U98: =IF(ISERROR(SUM(E98/G98)),0,SUM(E98/G98)) -> 1.9498124 | V98: =IF(OR($U98=0,M98="",Q98=""),"",IF(AND(T98="SI",$U98>=$V$22),"CUMPLE",IF($U98>=$V$23,"CUMPLE","NO CUMPLE"))) -> CUMPLE | W98: =IF(M98="","",IF(ISERROR(SUM(H98/F98)),0,SUM(H98/F98))) -> 0.10935631 | X98: =IF(OR(W98=0,M98="",Q98=""),"",IF(AND(T98="SI",W98<=$X$22),"CUMPLE",IF(W98<=$X$23,"CUMPLE","NO CUMPLE"))) -> CUMPLE | Y98: =IF(ISERROR(SUM(K98/L98)),0,SUM(K98/L98)) -> 29478751040000 | Z98: =IF(OR(Y98=0,M98="",Q98=""),"",IF(AND(T98="SI",Y98>=$Z$22),"CUMPLE",IF(Y98>=$Z$23,"CUMPLE","NO CUMPLE"))) -> CUMPLE | AA98: =IF(OR(S98="",V98="",X98="",Z98=""),"",IF(S98="NO CUMPLE","NO CUMPLE",IF(V98="NO CUMPLE","NO CUMPLE",IF(X98="NO CUMPLE","NO CUMPLE",IF(Z98="NO CUMPLE","NO CUMPLE",IF(Z98="NO CUMPLE","NO CUMPLE","CUMPLE")))))) | AB98: 2021 | AC98: =IF(ISERROR(F98/VLOOKUP(AB98,$AC$21:$AD$23,2)),"",F98/VLOOKUP(AB98,$AC$21:$AD$23,2)) -> 27765.631 | AD98: =IF(OR(B98="",C98=""),"",IF(AND(AC98>0,AC98<=30000),"MIPYME","NO CUMPLE")) -> MIPYME | AE98: =IF(M98="","",IF(ISERROR(SUM(K98/J98)),0,SUM(K98/J98))) -> 0.13120796 | AF98: =IF(OR(M98="",L98="",P98=""),"",IF(AND(T98="SI",AE98>=$AF$22),"CUMPLE",IF(AE98>=$AF$23,"CUMPLE","NO CUMPLE"))) -> CUMPLE | AG98: =IF(M98="","",IF(ISERROR(SUM(K98/F98)),0,SUM(K98/F98))) -> 0.11685954 | AH98: =IF(OR(M98="",L98="",P98=""),"",IF(AND(T98="SI",AG98>=$AH$22),"CUMPLE",IF(AG98>=$AH$23,"CUMPLE","NO CUMPLE"))) -> CUMPLE | AI98: =IF(OR(AF98="",AH98=""),"",IF(AF98="NO CUMPLE","NO CUMPLE",IF(AH98="NO CUMPLE","NO CUMPLE",IF(AH98="NO CUMPLE","NO CUMPLE","CUMPLE")))) -> CUMPLE
A99: 45481 | B99: =IF(C99="","",B98+0.1) -> 7.1 | C99: UNIOBRAS DEL ORIENTE SAS | D99: 1 | E99: 5267248432 | F99: 25225798032 | G99: 2701412894 | H99: 2758600094 | I99: =IF(ISERROR(E99-G99),"",E99-G99) -> 2565835538 | J99: =IF(ISERROR(F99-H99),"",F99-H99) -> 22467197938 | K99: 2947875104 | L99: 0.0001 | M99: 2 | N99: =IF(M99="","",VLOOKUP(M99,POA!$B$3:$G70,3,0)) -> 5 | P99: =+SUM(P100:P108) -> 0 | Q99: =IF(ISERROR(VLOOKUP(M99,POA!$B$3:$G83,2,0)),"",VLOOKUP(M99,POA!$B$3:$G83,2,0)) -> 1797292893 | R99: =IF(M99="","",SUM($I$98)+IF(ISERROR(VLOOKUP(M99,POA!$B$3:$G68,4,0)),"",VLOOKUP(M99,POA!$B$3:$G68,4,0))) -> 2.9252941e+09 | S99: =IF(OR($R$26=0,M99="",Q99=""),"",IF($R$26>=VLOOKUP(M99,POA!$B$3:$G$21,6,FALSE),"CUMPLE","NO CUMPLE")) | T99: SI | V99: =IF(OR($U98=0,M99="",Q99=""),"",IF(AND(T99="SI",$U98>=$V$22),"CUMPLE",IF($U98>=$V$23,"CUMPLE","NO CUMPLE"))) -> CUMPLE | X99: =IF(OR(W98=0,M99="",Q99=""),"",IF(AND(T99="SI",W98<=$X$22),"CUMPLE",IF(W98<=$X$23,"CUMPLE","NO CUMPLE"))) -> CUMPLE | Z99: =IF(OR(Y98=0,M99="",Q99=""),"",IF(AND(T99="SI",Y98>=$Z$22),"CUMPLE",IF(Y98>=$Z$23,"CUMPLE","NO CUMPLE"))) -> CUMPLE | AA99: =IF(OR(S99="",V99="",X99="",Z99=""),"",IF(S99="NO CUMPLE","NO CUMPLE",IF(V99="NO CUMPLE","NO CUMPLE",IF(X99="NO CUMPLE","NO CUMPLE",IF(Z99="NO CUMPLE","NO CUMPLE",IF(Z99="NO CUMPLE","NO CUMPLE","CUMPLE")))))) | AB99: 2021 | AC99: =IF(ISERROR(F99/VLOOKUP(AB99,$AC$21:$AD$23,2)),"",F99/VLOOKUP(AB99,$AC$21:$AD$23,2)) -> 27765.631 | AD99: =IF(OR(B99="",C99=""),"",IF(AND(AC99>0,AC99<=30000),"MIPYME","NO CUMPLE")) -> MIPYME | AF99: =IF(OR(M99="",L98="",P99=""),"",IF(AND(T98="SI",AE98>=$AF$22),"CUMPLE",IF(AE98>=$AF$23,"CUMPLE","NO CUMPLE"))) -> CUMPLE | AH99: =IF(OR(M99="",L98="",P99=""),"",IF(AND(T98="SI",AG98>=$AH$22),"CUMPLE",IF(AG98>=$AH$23,"CUMPLE","NO CUMPLE"))) -> CUMPLE | AI99: =IF(OR(AF99="",AH99=""),"",IF(AF99="NO CUMPLE","NO CUMPLE",IF(AH99="NO CUMPLE","NO CUMPLE",IF(AH99="NO CUMPLE","NO CUMPLE","CUMPLE")))) -> CUMPLE
B100: =IF(C100="","",B99+0.1) | I100: =IF(ISERROR(E100-G100),"",E100-G100) -> 0 | J100: =IF(ISERROR(F100-H100),"",F100-H100) -> 0 | M100: 3 | N100: =IF(M100="","",VLOOKUP(M100,POA!$B$3:$G70,3,0)) -> 5 | P100: =+SUM(P101:P109) -> 0 | Q100: =IF(ISERROR(VLOOKUP(M100,POA!$B$3:$G83,2,0)),"",VLOOKUP(M100,POA!$B$3:$G83,2,0)) -> 1522205504 | R100: =IF(M100="","",SUM($I$98)+IF(ISERROR(VLOOKUP(M100,POA!$B$3:$G69,4,0)),"",VLOOKUP(M100,POA!$B$3:$G69,4,0))) -> 2.8702766e+09 | S100: =IF(OR($R$26=0,M100="",Q100=""),"",IF($R$26>=VLOOKUP(M100,POA!$B$3:$G$21,6,FALSE),"CUMPLE","NO CUMPLE")) | V100: =IF(OR($U98=0,M100="",Q100=""),"",IF(AND(T100="SI",$U98>=$V$22),"CUMPLE",IF($U98>=$V$23,"CUMPLE","NO CUMPLE"))) -> CUMPLE | X100: =IF(OR(W98=0,M100="",Q100=""),"",IF(AND(T100="SI",W98<=$X$22),"CUMPLE",IF(W98<=$X$23,"CUMPLE","NO CUMPLE"))) -> CUMPLE | Z100: =IF(OR(Y98=0,M100="",Q100=""),"",IF(AND(T100="SI",Y98>=$Z$22),"CUMPLE",IF(Y98>=$Z$23,"CUMPLE","NO CUMPLE"))) -> CUMPLE | AA100: =IF(OR(S100="",V100="",X100="",Z100=""),"",IF(S100="NO CUMPLE","NO CUMPLE",IF(V100="NO CUMPLE","NO CUMPLE",IF(X100="NO CUMPLE","NO CUMPLE",IF(Z100="NO CUMPLE","NO CUMPLE",IF(Z100="NO CUMPLE","NO CUMPLE","CUMPLE")))))) | AB100: 2021 | AC100: =IF(ISERROR(F100/VLOOKUP(AB100,$AC$21:$AD$23,2)),"",F100/VLOOKUP(AB100,$AC$21:$AD$23,2)) -> 0 | AD100: =IF(OR(B100="",C100=""),"",IF(AND(AC100>0,AC100<=30000),"MIPYME","NO CUMPLE")) | AF100: =IF(OR(M100="",L98="",P100=""),"",IF(AND(T98="SI",AE98>=$AF$22),"CUMPLE",IF(AE98>=$AF$23,"CUMPLE","NO CUMPLE"))) -> CUMPLE | AH100: =IF(OR(M100="",L98="",P98=""),"",IF(AND(T98="SI",AG98>=$AH$22),"CUMPLE",IF(AG98>=$AH$23,"CUMPLE","NO CUMPLE"))) -> CUMPLE | AI100: =IF(OR(AF100="",AH100=""),"",IF(AF100="NO CUMPLE","NO CUMPLE",IF(AH100="NO CUMPLE","NO CUMPLE",IF(AH100="NO CUMPLE","NO CUMPLE","CUMPLE")))) -> CUMPLE
B101: =IF(C101="","",B100+0.1) | I101: =IF(ISERROR(E101-G101),"",E101-G101) -> 0 | J101: =IF(ISERROR(F101-H101),"",F101-H101) -> 0 | M101: 4 | N101: =IF(M101="","",VLOOKUP(M101,POA!$B$3:$G70,3,0)) -> 5 | P101: =+SUM(P102:P109) -> 0 | Q101: =IF(ISERROR(VLOOKUP(M101,POA!$B$3:$G83,2,0)),"",VLOOKUP(M101,POA!$B$3:$G83,2,0)) -> 1378467964 | R101: =IF(M101="","",SUM($I$98)+IF(ISERROR(VLOOKUP(M101,POA!$B$3:$G70,4,0)),"",VLOOKUP(M101,POA!$B$3:$G70,4,0))) -> 2.8415291e+09 | S101: =IF(OR($R$26=0,M101="",Q101=""),"",IF($R$26>=VLOOKUP(M101,POA!$B$3:$G$21,6,FALSE),"CUMPLE","NO CUMPLE")) | V101: =IF(OR($U98=0,M101="",Q101=""),"",IF(AND(T101="SI",$U98>=$V$22),"CUMPLE",IF($U98>=$V$23,"CUMPLE","NO CUMPLE"))) -> CUMPLE | X101: =IF(OR(W98=0,M101="",Q101=""),"",IF(AND(T101="SI",W98<=$X$22),"CUMPLE",IF(W98<=$X$23,"CUMPLE","NO CUMPLE"))) -> CUMPLE | Z101: =IF(OR(Y98=0,M101="",Q101=""),"",IF(AND(T101="SI",Y98>=$Z$22),"CUMPLE",IF(Y98>=$Z$23,"CUMPLE","NO CUMPLE"))) -> CUMPLE | AA101: =IF(OR(S101="",V101="",X101="",Z101=""),"",IF(S101="NO CUMPLE","NO CUMPLE",IF(V101="NO CUMPLE","NO CUMPLE",IF(X101="NO CUMPLE","NO CUMPLE",IF(Z101="NO CUMPLE","NO CUMPLE",IF(Z101="NO CUMPLE","NO CUMPLE","CUMPLE")))))) | AB101: 2021 | AC101: =IF(ISERROR(F101/VLOOKUP(AB101,$AC$21:$AD$23,2)),"",F101/VLOOKUP(AB101,$AC$21:$AD$23,2)) -> 0 | AD101: =IF(OR(B101="",C101=""),"",IF(AND(AC101>0,AC101<=30000),"MIPYME","NO CUMPLE")) | AF101: =IF(OR(M101="",L98="",P101=""),"",IF(AND(T98="SI",AE98>=$AF$22),"CUMPLE",IF(AE98>=$AF$23,"CUMPLE","NO CUMPLE"))) -> CUMPLE | AH101: =IF(OR(M101="",L98="",P98=""),"",IF(AND(T98="SI",AG98>=$AH$22),"CUMPLE",IF(AG98>=$AH$23,"CUMPLE","NO CUMPLE"))) -> CUMPLE | AI101: =IF(OR(AF101="",AH101=""),"",IF(AF101="NO CUMPLE","NO CUMPLE",IF(AH101="NO CUMPLE","NO CUMPLE",IF(AH101="NO CUMPLE","NO CUMPLE","CUMPLE")))) -> CUMPLE
B102: =IF(C102="","",B101+0.1) | I102: =IF(ISERROR(E102-G102),"",E102-G102) -> 0 | J102: =IF(ISERROR(F102-H102),"",F102-H102) -> 0 | M102: 5 | N102: =IF(M102="","",VLOOKUP(M102,POA!$B$3:$G83,3,0)) -> 5 | P102: =+SUM(P103:P109) -> 0 | Q102: =IF(ISERROR(VLOOKUP(M102,POA!$B$3:$G72,2,0)),"",VLOOKUP(M102,POA!$B$3:$G72,2,0)) -> 1348402734 | R102: =IF(M102="","",SUM($I$98)+IF(ISERROR(VLOOKUP(M102,POA!$B$3:$G71,4,0)),"",VLOOKUP(M102,POA!$B$3:$G71,4,0))) -> 2.8355161e+09 | S102: =IF(OR($R$26=0,M102="",Q102=""),"",IF($R$26>=VLOOKUP(M102,POA!$B$3:$G$21,6,FALSE),"CUMPLE","NO CUMPLE")) | V102: =IF(OR($U98=0,M102="",Q102=""),"",IF(AND(T102="SI",$U98>=$V$22),"CUMPLE",IF($U98>=$V$23,"CUMPLE","NO CUMPLE"))) -> CUMPLE | X102: =IF(OR(W98=0,M102="",Q102=""),"",IF(AND(T102="SI",W98<=$X$22),"CUMPLE",IF(W98<=$X$23,"CUMPLE","NO CUMPLE"))) -> CUMPLE | Z102: =IF(OR(Y98=0,M102="",Q102=""),"",IF(AND(T102="SI",Y98>=$Z$22),"CUMPLE",IF(Y98>=$Z$23,"CUMPLE","NO CUMPLE"))) -> CUMPLE | AA102: =IF(OR(S102="",V102="",X102="",Z102=""),"",IF(S102="NO CUMPLE","NO CUMPLE",IF(V102="NO CUMPLE","NO CUMPLE",IF(X102="NO CUMPLE","NO CUMPLE",IF(Z102="NO CUMPLE","NO CUMPLE",IF(Z102="NO CUMPLE","NO CUMPLE","CUMPLE")))))) | AB102: 2021 | AC102: =IF(ISERROR(F102/VLOOKUP(AB102,$AC$21:$AD$23,2)),"",F102/VLOOKUP(AB102,$AC$21:$AD$23,2)) -> 0 | AD102: =IF(OR(B102="",C102=""),"",IF(AND(AC102>0,AC102<=30000),"MIPYME","NO CUMPLE")) | AF102: =IF(OR(M102="",L98="",P102=""),"",IF(AND(T98="SI",AE98>=$AF$22),"CUMPLE",IF(AE98>=$AF$23,"CUMPLE","NO CUMPLE"))) -> CUMPLE | AH102: =IF(OR(M101="",L98="",P98=""),"",IF(AND(T98="SI",AG98>=$AH$22),"CUMPLE",IF(AG98>=$AH$23,"CUMPLE","NO CUMPLE"))) -> CUMPLE | AI102: =IF(OR(AF102="",AH102=""),"",IF(AF102="NO CUMPLE","NO CUMPLE",IF(AH102="NO CUMPLE","NO CUMPLE",IF(AH102="NO CUMPLE","NO CUMPLE","CUMPLE")))) -> CUMPLE
B103: =IF(C103="","",B102+0.1) | I103: =IF(ISERROR(E103-G103),"",E103-G103) -> 0 | J103: =IF(ISERROR(F103-H103),"",F103-H103) -> 0 | M103: 6 | N103: =IF(M103="","",VLOOKUP(M103,POA!$B$3:$G70,3,0)) -> 5 | P103: =+SUM(P104:P109) -> 0 | Q103: =IF(ISERROR(VLOOKUP(M103,POA!$B$3:$G83,2,0)),"",VLOOKUP(M103,POA!$B$3:$G83,2,0)) -> 1264100957 | R103: =IF(M103="","",SUM($I$98)+IF(ISERROR(VLOOKUP(M103,POA!$B$3:$G72,4,0)),"",VLOOKUP(M103,POA!$B$3:$G72,4,0))) -> 2.8186557e+09 | S103: =IF(OR($R$26=0,M103="",Q103=""),"",IF($R$26>=VLOOKUP(M103,POA!$B$3:$G$21,6,FALSE),"CUMPLE","NO CUMPLE")) | V103: =IF(OR($U98=0,M103="",Q103=""),"",IF(AND(T103="SI",$U98>=$V$22),"CUMPLE",IF($U98>=$V$23,"CUMPLE","NO CUMPLE"))) -> CUMPLE | X103: =IF(OR(W98=0,M103="",Q103=""),"",IF(AND(T103="SI",W98<=$X$22),"CUMPLE",IF(W98<=$X$23,"CUMPLE","NO CUMPLE"))) -> CUMPLE | Z103: =IF(OR(Y98=0,M103="",Q103=""),"",IF(AND(T103="SI",Y98>=$Z$22),"CUMPLE",IF(Y98>=$Z$23,"CUMPLE","NO CUMPLE"))) -> CUMPLE | AA103: =IF(OR(S103="",V103="",X103="",Z103=""),"",IF(S103="NO CUMPLE","NO CUMPLE",IF(V103="NO CUMPLE","NO CUMPLE",IF(X103="NO CUMPLE","NO CUMPLE",IF(Z103="NO CUMPLE","NO CUMPLE",IF(Z103="NO CUMPLE","NO CUMPLE","CUMPLE")))))) | AB103: 2021 | AC103: =IF(ISERROR(F103/VLOOKUP(AB103,$AC$21:$AD$23,2)),"",F103/VLOOKUP(AB103,$AC$21:$AD$23,2)) -> 0 | AD103: =IF(OR(B103="",C103=""),"",IF(AND(AC103>0,AC103<=30000),"MIPYME","NO CUMPLE")) | AF103: =IF(OR(M103="",L98="",P103=""),"",IF(AND(T98="SI",AE98>=$AF$22),"CUMPLE",IF(AE98>=$AF$23,"CUMPLE","NO CUMPLE"))) -> CUMPLE | AH103: =IF(OR(M103="",L98="",P98=""),"",IF(AND(T98="SI",AG98>=$AH$22),"CUMPLE",IF(AG98>=$AH$23,"CUMPLE","NO CUMPLE"))) -> CUMPLE | AI103: =IF(OR(AF103="",AH103=""),"",IF(AF103="NO CUMPLE","NO CUMPLE",IF(AH103="NO CUMPLE","NO CUMPLE",IF(AH103="NO CUMPLE","NO CUMPLE","CUMPLE")))) -> CUMPLE
...

Sheet formato 8
N1: 1
B2: FORMATO 8
B4: PROPUESTA No. | C4: PROPONENTE | D4: CUMPLE / NO CUMPLE
B5: 1 | C5: INGEVAL SAS | D5: CUMPLE
B6: 2 | C6: CONSTRUCTORES INGENIEROS CONTRATISTAS LTDA | D6: CUMPLE
B7: 3 | C7: ALDEIC SAS BIC | D7: CUMPLE
B8: 4 | C8: GS VIAS Y ESTRUCTURAS | D8: CUMPLE
B9: 5 | C9: CONSORCIO INTERVIAL INCORDIS PC 2024 | D9: CUMPLE
B10: 6 | C10: CONSORCIO INTERVENTORES IL | D10: CUMPLE
B11: 7 | C11: UNIOBRAS DEL ORIENTE S.A.S | D11: CUMPLE
B12: 8 | C12: CONSORCIO SINU | D12: CUMPLE
B13: 9 | C13: CONSORCIO CAMINOS COMUNITARIOS SUR | D13: CUMPLE
B14: 10 | C14: INTERSA S.A. | D14: CUMPLE
B15: 11 | C15: CONSORCIO ZONA SUR OCCIDENTE 046 | D15: CUMPLE
B16: 12 | C16: CONSORCIO SAMUEL 2024 | D16: CUMPLE
... B120: 116 | C120: CONSORCIO SAN RAFAEL | D120: NO CUMPLE

Sheet formato 9
H1: 1
B2: FORMATO 9
B4: PROPUESTA No. | C4: PROPONENTE | D4: Experiencia adicional del personal clave evaluable | E4: Formación académica adicional del personal clave | F4: TOTAL PUNTAJE FORMATO 9
B5: 1 | C5: INGEVAL SAS | D5: 5 | E5: 5 | F5: 10
B6: 2 | C6: CONSTRUCTORES INGENIEROS CONTRATISTAS LTDA | D6: 5 | E6: 5 | F6: 10
B7: 3 | C7: ALDEIC SAS BIC | D7: 5 | E7: 5 | F7: 10
B8: 4 | C8: GS VIAS Y ESTRUCTURAS | D8: 5 | E8: 5 | F8: 10
B9: 5 | C9: CONSORCIO INTERVIAL INCORDIS PC 2024 | D9: 5 | E9: 5 | F9: 10
B10: 6 | C10: CONSORCIO INTERVENTORES IL | D10: 5 | E10: 5 | F10: 10
B11: 7 | C11: UNIOBRAS DEL ORIENTE S.A.S | D11: 5 | E11: 5 | F11: 10
B12: 8 | C12: CONSORCIO SINU | D12: 5 | E12: 5 | F12: 10
B13: 9 | C13: CONSORCIO CAMINOS COMUNITARIOS SUR | D13: 5 | E13: 5 | F13: 10
B14: 10 | C14: INTERSA S.A. | D14: 5 | E14: 5 | F14: 10
B15: 11 | C15: CONSORCIO ZONA SUR OCCIDENTE 046 | D15: 5 | E15: 5 | F15: 10
B16: 12 | C16: CONSORCIO SAMUEL 2024 | D16: 5 | E16: 5 | F16: 10
... B120: 116 | C120: CONSORCIO SAN RAFAEL | D120: 5 | E120: 5 | F120: 10

Sheet FORMATO 12
B2: FORMATO 12
B4: PROPUESTA No. | C4: PROPONENTE | D4: PUNTAJE
B5: 1 | C5: INGEVAL SAS | D5: 1
B6: 2 | C6: CONSTRUCTORES INGENIEROS CONTRATISTAS LTDA | D6: 1
B7: 3 | C7: ALDEIC SAS BIC | D7: 1
B8: 4 | C8: GS VIAS Y ESTRUCTURAS | D8: 1
B9: 5 | C9: CONSORCIO INTERVIAL INCORDIS PC 2024 | D9: 1
B10: 6 | C10: CONSORCIO INTERVENTORES IL | D10: 1
B11: 7 | C11: UNIOBRAS DEL ORIENTE S.A.S | D11: 1
B12: 8 | C12: CONSORCIO SINU | D12: 1
B13: 9 | C13: CONSORCIO CAMINOS COMUNITARIOS SUR | D13: 1
B14: 10 | C14: INTERSA S.A. | D14: 1
B15: 11 | C15: CONSORCIO ZONA SUR OCCIDENTE 046 | D15: 1
B16: 12 | C16: CONSORCIO SAMUEL 2024 | D16: 1
... B120: 116 | C120: CONSORCIO SAN RAFAEL | D120: 1

Sheet FORMATOS
B2: FORMATO No.8 | F2: FORMATO No.9 | J2: FORMATO No.12
B4: Propuesta No. | C4: PROPONENTE | D4: CUMPLE / NO CUMPLE | F4: Propuesta No. | G4: PROPONENTE | H4: PUNTAJE | J4: Propuesta No. | K4: PROPONENTE | L4: PUNTAJE
B5: 1 | C5: INGEVAL SAS | D5: CUMPLE | F5: 1 | G5: INGEVAL SAS | H5: 10 | J5: 1 | K5: INGEVAL SAS | L5: 1
B6: 2 | C6: CONSTRUCTORES INGENIEROS CONTRATISTAS LTDA | D6: CUMPLE | F6: 2 | G6: CONSTRUCTORES INGENIEROS CONTRATISTAS LTDA | H6: 10 | J6: 2 | K6: CONSTRUCTORES INGENIEROS CONTRATISTAS LTDA | L6: 1
B7: 3 | C7: ALDEIC SAS BIC | D7: CUMPLE | F7: 3 | G7: ALDEIC SAS BIC | H7: 10 | J7: 3 | K7: ALDEIC SAS BIC | L7: 1
B8: 4 | C8: GS VIAS Y ESTRUCTURAS | D8: CUMPLE | F8: 4 | G8: GS VIAS Y ESTRUCTURAS | H8: 10 | J8: 4 | K8: GS VIAS Y ESTRUCTURAS | L8: 1
B9: 5 | C9: CONSORCIO INTERVIAL INCORDIS PC 2024 | D9: CUMPLE | F9: 5 | G9: CONSORCIO INTERVIAL INCORDIS PC 2024 | H9: 10 | J9: 5 | K9: CONSORCIO INTERVIAL INCORDIS PC 2024 | L9: 1
B10: 6 | C10: CONSORCIO INTERVENTORES IL | D10: CUMPLE | F10: 6 | G10: CONSORCIO INTERVENTORES IL | H10: 10 | J10: 6 | K10: CONSORCIO INTERVENTORES IL | L10: 1
B11: 7 | C11: UNIOBRAS DEL ORIENTE S.A.S | D11: CUMPLE | F11: 7 | G11: UNIOBRAS DEL ORIENTE S.A.S | H11: 10 | J11: 7 | K11: UNIOBRAS DEL ORIENTE S.A.S | L11: 1
B12: 8 | C12: CONSORCIO SINU | D12: CUMPLE | F12: 8 | G12: CONSORCIO SINU | H12: 10 | J12: 8 | K12: CONSORCIO SINU | L12: 1
B13: 9 | C13: CONSORCIO CAMINOS COMUNITARIOS SUR | D13: CUMPLE | F13: 9 | G13: CONSORCIO CAMINOS COMUNITARIOS SUR | H13: 10 | J13: 9 | K13: CONSORCIO CAMINOS COMUNITARIOS SUR | L13: 1
B14: 10 | C14: INTERSA S.A. | D14: CUMPLE | F14: 10 | G14: INTERSA S.A. | H14: 10 | J14: 10 | K14: INTERSA S.A. | L14: 1
B15: 11 | C15: CONSORCIO ZONA SUR OCCIDENTE 046 | D15: CUMPLE | F15: 11 | G15: CONSORCIO ZONA SUR OCCIDENTE 046 | H15: 10 | J15: 11 | K15: CONSORCIO ZONA SUR OCCIDENTE 046 | L15: 1
B16: 12 | C16: CONSORCIO SAMUEL 2024 | D16: CUMPLE | F16: 12 | G16: CONSORCIO SAMUEL 2024 | H16: 10 | J16: 12 | K16: CONSORCIO SAMUEL 2024 | L16: 1
... B120: 116 | C120: CONSORCIO SAN RAFAEL | D120: NO CUMPLE | F120: 116 | G120: CONSORCIO SAN RAFAEL | H120: 10 | J120: 116 | K120: CONSORCIO SAN RAFAEL | L120: 1

Sheet RESUMEN
B2: RESULTADOS DE LA EVALUACION FINANCIERA
B4: No. | C4: NOMBRE | D4: l 1 | E4: l 2 | F4: l 3 | G4: l 4 | H4: l 5 | I4: l 6 | J4: l 7 | K4: l 8 | L4: l 9 | M4: FINANZAC | N4: ORGANIZACIÓN | O4: FORMATO No.8 | P4: FORMATO No.9 | Q4: FORMATO No.12 | R4: ECONOMICA | S4: Columna1 | T4: Columna2
B5: 1 | C5: INGEVAL SAS | G5: X | I5: X | J5: X | M5: NO CUMPLE | N5: CUMPLE | O5: CUMPLE | P5: 10 | Q5: 1 | R5: RUP FECHA ANTERIOR
B6: 2 | C6: CONSTRUCTORES INGENIEROS CONTRATISTAS LTDA | D6: X | E6: X | F6: X | G6: X | H6: X | I6: X | J6: X | K6: X | L6: X | M6: CUMPLE | N6: CUMPLE | O6: CUMPLE | P6: 10 | Q6: 1
B7: 3 | C7: ALDEIC SAS BIC | G7: X | I7: X | J7: X | K7: X | M7: CUMPLE | N7: CUMPLE | O7: CUMPLE | P7: 10 | Q7: 1
B8: 4 | C8: GS VIAS Y ESTRUCTURAS | D8: X | E8: X | F8: X | G8: X | H8: X | I8: X | J8: X | K8: X | L8: X | M8: CUMPLE | N8: CUMPLE | O8: CUMPLE | P8: 10 | Q8: 1
B9: 5 | C9: CONSORCIO INTERVIAL INCORDIS PC 2024 | F9: X | G9: X | H9: X | I9: X | J9: X | K9: X | L9: X | M9: CUMPLE | N9: CUMPLE | O9: CUMPLE | P9: 10 | Q9: 1
B10: 6 | C10: CONSORCIO INTERVENTORES IL | J10: X | K10: X | L10: X | M10: CUMPLE | N10: CUMPLE | O10: CUMPLE | P10: 10 | Q10: 1
B11: 7 | C11: UNIOBRAS DEL ORIENTE S.A.S | D11: X | E11: X | F11: X | G11: X | H11: X | I11: X | J11: X | K11: X | L11: X | M11: CUMPLE | N11: CUMPLE | O11: CUMPLE | P11: 10 | Q11: 1
B12: 8 | C12: CONSORCIO SINU | G12: X | I12: X | J12: X | M12: CUMPLE | N12: CUMPLE | O12: CUMPLE | P12: 10 | Q12: 1
B13: 9 | C13: CONSORCIO CAMINOS COMUNITARIOS SUR | D13: X | E13: X | F13: X | G13: X | H13: X | I13: X | J13: X | K13: X | L13: X | M13: CUMPLE | N13: CUMPLE | O13: CUMPLE | P13: 10 | Q13: 1
B14: 10 | C14: INTERSA S.A. | G14: X | I14: X | J14: X | M14: CUMPLE | N14: CUMPLE | O14: CUMPLE | P14: 10 | Q14: 1
B15: 11 | C15: CONSORCIO ZONA SUR OCCIDENTE 046 | E15: X | F15: X | G15: X | H15: X | I15: X | J15: X | K15: X | L15: X | M15: CUMPLE | N15: CUMPLE | O15: CUMPLE | P15: 10 | Q15: 1
B16: 12 | C16: CONSORCIO SAMUEL 2024 | I16: X | J16: X | K16: X | L16: X | M16: CUMPLE | N16: CUMPLE | O16: CUMPLE | P16: 10 | Q16: 1
B17: 13 | C17: CONSORCIO INTERVIAL OCCIDENTE | F17: X | G17: X | H17: X | I17: X | J17: X | K17: X | L17: X | M17: CUMPLE | N17: CUMPLE | O17: CUMPLE | P17: 10 | Q17: 1
B18: 14 | C18: INGESCOR LTDA | G18: X | I18: X | J18: X | K18: X | M18: CUMPLE | N18: CUMPLE | O18: CUMPLE | P18: 10 | Q18: 1
B19: 15 | C19: ARQUITECTURA E INGENIERIA DE CONSULTA ARINCO SAS | D19: X | E19: X | F19: X | G19: X | H19: X | I19: X | J19: X | K19: X | L19: X | M19: CUMPLE | N19: CUMPLE | O19: CUMPLE | P19: 10 | Q19: 1
B20: 16 | C20: CONSORCIO CAP-OPH-QP | G20: X | H20: X | I20: X | J20: X | K20: X | L20: X | M20: CUMPLE | N20: CUMPLE | O20: CUMPLE | P20: 10 | Q20: 1
B21: 17 | C21: CONSORCIO TOPOLOGÍA | D21: X | E21: X | F21: X | G21: X | H21: X | I21: X | J21: X | K21: X | L21: X | M21: CUMPLE | N21: CUMPLE | O21: CUMPLE | P21: 10 | Q21: 1
B22: 18 | C22: TORRES & ASOCIADOS | D22: X | E22: X | F22: X | G22: X | H22: X | I22: X | J22: X | K22: X | L22: X | M22: CUMPLE | N22: CUMPLE | O22: CUMPLE | P22: 10 | Q22: 1
B23: 19 | C23: CONSORCIO TRANSFORMAR VIAL COMUNITARIO SUR | G23: X | I23: X | J23: X | M23: CUMPLE | N23: CUMPLE | O23: CUMPLE | P23: 10 | Q23: 1
B24: 20 | C24: GERARDO DÍAZ MANJARRES | G24: X | I24: X | J24: X | M24: CUMPLE | N24: CUMPLE | O24: CUMPLE | P24: 10 | Q24: 1
B25: 21 | C25: CONSORCIO DIN SEDIC | D25: X | E25: X | F25: X | G25: X | H25: X | I25: X | J25: X | K25: X | M25: CUMPLE | N25: CUMPLE | O25: CUMPLE | P25: 10 | Q25: 1
B26: 22 | C26: CONSORCIO VIAS REGIONALES 024 | G26: X | H26: X | J26: X | K26: X | M26: CUMPLE | N26: CUMPLE | O26: CUMPLE | P26: 10 | Q26: 1
B27: 23 | C27: PROBINTEC SAS | D27: X | E27: X | F27: X | G27: X | H27: X | I27: X | J27: X | K27: X | L27: X | M27: CUMPLE | N27: CUMPLE | O27: CUMPLE | P27: 10 | Q27: 1
B28: 24 | C28: CONSORCIO METRO CINCO | D28: X | E28: X | F28: X | G28: X | H28: X | I28: X | J28: X | K28: X | L28: X | M28: CUMPLE | N28: CUMPLE | O28: CUMPLE | P28: 10 | Q28: 1
B29: 25 | C29: INGENIEROS CONSULTORES Y CONSTRUCTORES ARG SAS | E29: X | G29: X | I29: X | J29: X | K29: X | L29: X | M29: CUMPLE | N29: CUMPLE | O29: CUMPLE | P29: 10 | Q29: 1
B30: 26 | C30: CONSORCIO INTER ECO | G30: X | I30: X | J30: X | K30: X | M30: CUMPLE | N30: CUMPLE | O30: CUMPLE | P30: 10 | Q30: 1
B31: 27 | C31: MAMUT ACERO Y CONCRETO S.A.S | D31: X | E31: X | F31: X | G31: X | H31: X | I31: X | J31: X | K31: X | L31: X | M31: CUMPLE | N31: CUMPLE | O31: CUMPLE | P31: 10 | Q31: 1
B32: 28 | C32: CONSORCIO CAMINOS ET | D32: X | G32: X | I32: X | J32: X | K32: X | M32: CUMPLE | N32: CUMPLE | O32: CUMPLE | P32: 10 | Q32: 1
B33: 29 | C33: CONSORCIO VIAL OP | D33: X | E33: X | F33: X | G33: X | H33: X | I33: X | J33: X | K33: X | L33: X | M33: CUMPLE | N33: CUMPLE | O33: CUMPLE | P33: 10 | Q33: 1
B34: 30 | C34: CONSORCIO INTERVIAS CAMINOS 46 SUR OCCIDENTE | I34: X | J34: X | M34: NO CUMPLE | N34: NO CUMPLE | O34: CUMPLE | P34: 10 | Q34: 1
B35: 31 | C35: INGENIEROS CIVILES ESPECIALISTAS S.A.S. | D35: X | G35: X | I35: X | J35: X | M35: CUMPLE | N35: CUMPLE | O35: CUMPLE | P35: 10 | Q35: 1
B36: 32 | C36: GEOTECNIA Y CIMIENTOS INGEOCIM SAS | G36: X | I36: X | J36: X | K36: X | M36: CUMPLE | N36: CUMPLE | O36: CUMPLE | P36: 10 | Q36: 1
B37: 33 | C37: CONSORCIO ACCION COMUNAL IP INTERVENTORES | D37: X | E37: X | F37: X | G37: X | H37: X | I37: X | J37: X | K37: X | L37: X | M37: CUMPLE | N37: CUMPLE | O37: CUMPLE | P37: 10 | Q37: 1 | T37: FORMATO 12 LO TIENE COMO 10
B38: 34 | C38: INGENIEROS CONSTRUCTORES Y ASESORES SAS | J38: X | K38: X | L38: X | M38: CUMPLE | N38: CUMPLE | O38: CUMPLE | P38: 10 | Q38: 1
B39: 35 | C39: CONSORCIO CELQO-SENSYS | D39: X | E39: X | F39: X | G39: X | H39: X | I39: X | J39: X | K39: X | L39: X | M39: CUMPLE | N39: CUMPLE | O39: CUMPLE | P39: 10 | Q39: 1
B40: 36 | C40: CONSORCIO INTERDICAL | D40: X | E40: X | F40: X | G40: X | H40: X | I40: X | J40: X | K40: X | L40: X | M40: CUMPLE | N40: CUMPLE | O40: CUMPLE | P40: 10 | Q40: 1
B41: 37 | C41: CONSORCIO INTERVIAL UG-ING | D41: X | E41: X | F41: X | G41: X | H41: X | I41: X | J41: X | K41: X | L41: X | M41: CUMPLE | N41: CUMPLE | O41: CUMPLE | P41: 10 | Q41: 1
B42: 38 | C42: GOMYSIL CONSTRUCCIONES S.A.S | D42: X | E42: X | F42: X | G42: X | H42: X | I42: X | J42: X | K42: X | L42: X | M42: CUMPLE | N42: CUMPLE | O42: CUMPLE | P42: 10 | Q42: 1
B43: 39 | C43: CINTE SAS INGENIERIA DE CONSTRUCCION E INTERVENTORIA SAS | D43: X | E43: X | F43: X | G43: X | H43: X | I43: X | J43: X | K43: X | L43: X | M43: CUMPLE | N43: CUMPLE | O43: CUMPLE | P43: 10 | Q43: 1
B44: 40 | C44: CONSORCIO VIAS REGIONALES SUR OCCIDENTE | D44: X | E44: X | F44: X | G44: X | H44: X | I44: X | J44: X | K44: X | L44: X | M44: CUMPLE | N44: CUMPLE | O44: CUMPLE | P44: 10 | Q44: 1
B45: 41 | C45: AESA PROYECTOS SAS | E45: X | F45: X | G45: X | H45: X | I45: X | J45: X | K45: X | L45: X | M45: CUMPLE | N45: CUMPLE | O45: CUMPLE | P45: 10 | Q45: 1
B46: 42 | C46: CONSORCIO VIAS 046 IG | D46: X | G46: X | I46: X | J46: X | K46: X | L46: X | M46: CUMPLE | N46: CUMPLE | O46: CUMPLE | P46: 10 | Q46: 1
B47: 43 | C47: CONSORCIO INTER VIAS TERCIARIAS | G47: X | I47: X | J47: X | M47: CUMPLE | N47: CUMPLE | O47: CUMPLE | P47: 10 | Q47: 1
B48: 44 | C48: TRANSPORTE PLANEACIÓN Y DISEÑO INGENIERÍA S.A.S. | G48: X | I48: X | J48: X | M48: CUMPLE | N48: CUMPLE | O48: CUMPLE | P48: 10 | Q48: 1
B49: 45 | C49: CONSORCIO IVIC-HJ INGENIEROS | D49: X | E49: X | F49: X | G49: X | H49: X | I49: X | J49: X | K49: X | L49: X | M49: CUMPLE | N49: CUMPLE | O49: CUMPLE | P49: 10 | Q49: 1
B50: 46 | C50: CONSORCIO VIAL SUR OCCIDENTE | G50: X | I50: X | J50: X | M50: CUMPLE | N50: CUMPLE | O50: CUMPLE | P50: 10 | Q50: 1
B51: 47 | C51: CONSORCIO SMA INFRAESTRUCTURA | G51: X | I51: X | J51: X | K51: X | M51: CUMPLE | N51: CUMPLE | O51: CUMPLE | P51: 10 | Q51: 1
B52: 48 | C52: CONSORCIO PROYDIS | G52: X | I52: X | J52: X | M52: CUMPLE | N52: CUMPLE | O52: CUMPLE | P52: 10 | Q52: 1
B53: 49 | C53: ING INGENIERIA SAS | D53: X | E53: X | F53: X | G53: X | H53: X | I53: X | J53: X | K53: X | L53: X | M53: CUMPLE | N53: CUMPLE | O53: CUMPLE | P53: 10 | Q53: 1
B54: 50 | C54: CONSORCIO GAB COLOMBIA 2024 | D54: X | E54: X | G54: X | I54: X | J54: X | K54: X | L54: X | M54: CUMPLE | N54: CUMPLE | O54: CUMPLE | P54: 10 | Q54: 1
B55: 51 | C55: PROYECTOS CONSTRUCCIONES CIVILES Y VIALES SAS - PIV INGENIERIA SAS | D55: X | G55: X | I55: X | J55: X | K55: X | M55: CUMPLE | N55: CUMPLE | O55: CUMPLE | P55: 10 | Q55: 1
B56: 52 | C56: CONSULTORES DONOVAN SAS | D56: X | F56: X | H56: X | I56: X | J56: X | K56: X | M56: CUMPLE | N56: CUMPLE | O56: CUMPLE | P56: 10 | Q56: 1
B57: 53 | C57: CONSORCIO VIAL DF-JCS | D57: X | E57: X | F57: X | G57: X | H57: X | I57: X | J57: X | K57: X | L57: X | M57: CUMPLE | N57: CUMPLE | O57: CUMPLE | P57: 10 | Q57: 1
B58: 54 | C58: CONSORCIO GEOZAM INGENIERÍA | F58: X | G58: X | H58: X | I58: X | J58: X | K58: X | M58: CUMPLE | N58: CUMPLE | O58: CUMPLE | P58: 10 | Q58: 1
B59: 55 | C59: INTERVIAL PROYECTOS | G59: X | I59: X | J59: X | K59: X | L59: X | M59: CUMPLE | N59: CUMPLE | O59: CUMPLE | P59: 10 | Q59: 1
B60: 56 | C60: CONSORCIO SUR OCCIDENTE-046-2024 | D60: X | E60: X | F60: X | G60: X | H60: X | I60: X | J60: X | K60: X | L60: X | M60: CUMPLE | N60: CUMPLE | O60: CUMPLE | P60: 10 | Q60: 1
B61: 57 | C61: INCOLTA INTERVENTORIAS Y CONSULTORIAS S.A.S. | D61: X | E61: X | F61: X | G61: X | H61: X | I61: X | J61: X | K61: X | L61: X | M61: CUMPLE | N61: CUMPLE | O61: CUMPLE | P61: 10 | Q61: 1
B62: 58 | C62: CONSORCIO VIAS REGIONALES 2024 | D62: X | E62: X | F62: X | G62: X | H62: X | I62: X | J62: X | K62: X | L62: X | M62: CUMPLE | N62: CUMPLE | O62: CUMPLE | P62: 10 | Q62: 1
B63: 59 | C63: CONSORCIO INTERVENTORIA VIAS ZONASCC | G63: X | H63: X | I63: X | J63: X | K63: X | L63: X | M63: CUMPLE | N63: CUMPLE | O63: CUMPLE | P63: 10 | Q63: 1
B64: 60 | C64: ARQUITECTOS INGENIEROS CONSTRUCTORES SAS | D64: X | E64: X | F64: X | G64: X | H64: X | I64: X | J64: X | K64: X | L64: X | M64: CUMPLE | N64: CUMPLE | O64: CUMPLE | P64: 10 | Q64: 1
B65: 61 | C65: CONSORCIO PROINVIAL RURAL 46 | D65: X | E65: X | F65: X | G65: X | H65: X | I65: X | J65: X | K65: X | L65: X | M65: CUMPLE | N65: CUMPLE | O65: CUMPLE | P65: 10 | Q65: 1
B66: 62 | C66: CONSORCIO TH 46 | D66: X | E66: X | F66: X | G66: X | H66: X | I66: X | J66: X | K66: X | L66: X | M66: CUMPLE | N66: CUMPLE | O66: CUMPLE | P66: 10 | Q66: 1
B67: 63 | C67: CONSORCIO ALMA - INTERNOVAC | D67: X | E67: X | F67: X | G67: X | H67: X | I67: X | J67: X | K67: X | L67: X | M67: CUMPLE | N67: CUMPLE | O67: CUMPLE | P67: 10 | Q67: 1
B68: 64 | C68: CONSORCIO CONSULTORES PSG | G68: X | I68: X | J68: X | K68: X | L68: X | M68: CUMPLE | N68: CUMPLE | O68: CUMPLE | P68: 10 | Q68: 1
B69: 65 | C69: CONSORCIO VIAL JJ | G69: X | I69: X | J69: X | K69: X | M69: CUMPLE | N69: CUMPLE | O69: CUMPLE | P69: 10 | Q69: 1
B70: 66 | C70: CONSORCIO VIAL PROSPERIDAD PL | G70: X | I70: X | J70: X | M70: CUMPLE | N70: CUMPLE | O70: CUMPLE | P70: 10 | Q70: 1
B71: 67 | C71: TERRA INGENIEROS CIVILES SAS | D71: X | E71: X | F71: X | G71: X | H71: X | I71: X | J71: X | K71: X | L71: X | M71: CUMPLE | N71: CUMPLE | O71: CUMPLE | P71: 10 | Q71: 1
B72: 68 | C72: CONSORCIO REGIONAL SUR OCCIDENTE | G72: X | I72: X | J72: X | K72: X | M72: CUMPLE | N72: CUMPLE | O72: CUMPLE | P72: 10 | Q72: 1
B73: 69 | C73: CONSORCIO INTER DA | D73: X | E73: X | F73: X | G73: X | H73: X | I73: X | J73: X | K73: X | L73: X | M73: CUMPLE | N73: CUMPLE | O73: CUMPLE | P73: 10 | Q73: 1
B74: 70 | C74: CONSORCIO SANTA MARIA 44 | G74: X | I74: X | J74: X | K74: X | M74: CUMPLE | N74: CUMPLE | O74: CUMPLE | P74: 10 | Q74: 1
B75: 71 | C75: CONSORCIO INTER VIAL ZONA SUR | D75: X | E75: X | F75: X | G75: X | H75: X | I75: X | J75: X | K75: X | L75: X | M75: CUMPLE | N75: CUMPLE | O75: CUMPLE | P75: 10 | Q75: 1
B76: 72 | C76: CONSORCIO GEVDIS INT 2024. | E76: X | F76: X | G76: X | H76: X | I76: X | J76: X | K76: X | L76: X | M76: CUMPLE | N76: CUMPLE | O76: CUMPLE | P76: 10 | Q76: 1
B77: 73 | C77: CONSORCIO VIAL SUR OCCIDENTE | G77: X | I77: X | J77: X | K77: X | M77: CUMPLE | N77: CUMPLE | O77: CUMPLE | P77: 10 | Q77: 1
B78: 74 | C78: OSAC SAS | J78: X | K78: X | L78: X | M78: CUMPLE | N78: CUMPLE | O78: CUMPLE | P78: 10 | Q78: 1
B79: 75 | C79: CONSORCIO INTERVENTORÍA REGIONAL INVIAS | D79: X | E79: X | F79: X | G79: X | H79: X | I79: X | J79: X | K79: X | L79: X | M79: CUMPLE | N79: CUMPLE | O79: CUMPLE | P79: 10 | Q79: 1
B80: 76 | C80: CONSORCIO PRT 2024 | G80: X | I80: X | J80: X | M80: CUMPLE | N80: CUMPLE | O80: CUMPLE | P80: 10 | Q80: 1
B81: 77 | C81: CS CAMINOS JINT 46 | G81: X | I81: X | J81: X | K81: X | M81: CUMPLE | N81: CUMPLE | O81: CUMPLE | P81: 10 | Q81: 1
B82: 78 | C82: NOGAALL S.A.S | E82: X | M82: CUMPLE | N82: CUMPLE | O82: CUMPLE | P82: 10 | Q82: 1
B83: 79 | C83: CONSORCIO VIAS ERV | D83: X | F83: X | G83: X | H83: X | I83: X | J83: X | K83: X | M83: CUMPLE | N83: CUMPLE | O83: CUMPLE | P83: 10 | Q83: 1
B84: 80 | C84: UNION TEMPORAL CAMINOS SUR OCCIDENTE 2024 | D84: X | F84: X | G84: X | H84: X | I84: X | J84: X | K84: X | L84: X | M84: CUMPLE | N84: CUMPLE | O84: CUMPLE | P84: 10 | Q84: 1
B85: 81 | C85: CONSORCIO DESARROLLO VIAL 2T | D85: X | G85: X | I85: X | J85: X | K85: X | M85: CUMPLE | N85: CUMPLE | O85: CUMPLE | P85: 10 | Q85: 1
B86: 82 | C86: LEMOINE RIVERA INGENIEROS ASOCIADOS SAS | E86: X | F86: X | G86: X | H86: X | I86: X | J86: X | K86: X | L86: X | M86: CUMPLE | N86: CUMPLE | O86: CUMPLE | P86: 10 | Q86: 1
B87: 83 | C87: ALVARO CARVAJAL VALENCIA | F87: X | K87: X | M87: CUMPLE | N87: CUMPLE | O87: CUMPLE | P87: 10 | Q87: 1
B88: 84 | C88: CONSORCIO CONSTRUGAVI SUR | G88: X | I88: X | J88: X | K88: X | M88: CUMPLE | N88: CUMPLE | O88: CUMPLE | P88: 10 | Q88: 1
B89: 85 | C89: CONSORCIO METASOLUCIONES RURALES SUR | G89: X | I89: X | J89: X | K89: X | L89: X | M89: CUMPLE | N89: CUMPLE | O89: CUMPLE | P89: 10 | Q89: 1
B90: 86 | C90: CONSORCIO ZP 46 | G90: X | I90: X | J90: X | M90: CUMPLE | N90: CUMPLE | O90: CUMPLE | P90: 10 | Q90: 1
B91: 87 | C91: CONSORCIO VIAL FR | D91: X | G91: X | I91: X | J91: X | K91: X | M91: CUMPLE | N91: CUMPLE | O91: CUMPLE | P91: 10 | Q91: 1
B92: 88 | C92: VELNEC S.A. | D92: X | E92: X | F92: X | G92: X | H92: X | I92: X | J92: X | K92: X | L92: X | M92: CUMPLE | N92: CUMPLE | O92: CUMPLE | P92: 10 | Q92: 1
B93: 89 | C93: CONSORCIO VIAS DE LA PAZ | D93: X | M93: CUMPLE | N93: CUMPLE | O93: CUMPLE | P93: 10 | Q93: 1
B94: 90 | C94: CONSORCIO VIAS NACIONALES | G94: X | I94: X | J94: X | L94: X | M94: CUMPLE | N94: CUMPLE | O94: CUMPLE | P94: 10 | Q94: 1
B95: 91 | C95: CONSORCIO INTERVENCION AC | D95: X | G95: X | I95: X | J95: X | K95: X | L95: X | M95: CUMPLE | N95: CUMPLE | O95: CUMPLE | P95: 10 | Q95: 1
B96: 92 | C96: CONSORCIO APPLUS - INGEANDINA 2024 | D96: X | E96: X | F96: X | G96: X | H96: X | I96: X | J96: X | K96: X | L96: X | M96: CUMPLE | N96: CUMPLE | O96: CUMPLE | P96: 10 | Q96: 1
B97: 93 | C97: CONSORCIO CB-TALATAA | D97: X | E97: X | F97: X | G97: X | H97: X | I97: X | J97: X | K97: X | L97: X | M97: CUMPLE | N97: CUMPLE | O97: CUMPLE | P97: 10 | Q97: 1
B98: 94 | C98: CONSORCIO GUADALUPE | D98: X | E98: X | F98: X | G98: X | H98: X | I98: X | J98: X | K98: X | L98: X | M98: CUMPLE | N98: CUMPLE | O98: CUMPLE | P98: 10 | Q98: 1
B99: 95 | C99: CONSORCIO PROYECTEV – VÍAS 43 | G99: X | I99: X | J99: X | K99: X | M99: CUMPLE | N99: CUMPLE | O99: CUMPLE | P99: 10 | Q99: 1
B100: 96 | C100: CONSORCIO HGR - INCON | G100: X | I100: X | J100: X | K100: X | M100: CUMPLE | N100: CUMPLE | O100: CUMPLE | P100: 10 | Q100: 1
B101: 97 | C101: CONSORCIO CCSO | D101: X | E101: X | F101: X | G101: X | H101: X | I101: X | J101: X | K101: X | L101: X | M101: CUMPLE | N101: CUMPLE | O101: CUMPLE | P101: 10 | Q101: 1
B102: 98 | C102: CONSORCIO PROJEKTA - DTP COLOMBIA | D102: X | E102: X | F102: X | G102: X | H102: X | I102: X | J102: X | K102: X | L102: X | M102: CUMPLE | N102: CUMPLE | O102: CUMPLE | P102: 10 | Q102: 1
...

Sheet Hoja4

Sheet SMMLV
B1: SALARIOS
A2: 2023 | B2: 1160000
A3: 2024 | B3: 1300000
